Workbook

Sheet Registrering
A1: Søknadsbudsjetteringsmal
A3: Prosjektinformasjon
A4: Prosjekttittel*
A5: Prosjektleder*
A6: Prosjekteier (institutt mv)*
A7: Institutt-/senterleder mv*
A8: Prosjektnummer (om opprettet)
A9: Saksnummer i ephorte (om opprettet)
A10: Kort begrunnelse for prosjektes faglige interesse*
A15: Prosjektperiode
A16: Dato (etablering av budsjettet)
A17: Første budsjettår (oppstartsår)*
... A19: Prosjektets (avtaleperioden) slutt*
A20: Prosjektets slutt (etter endring) | F20: Beregning av valuta etter vedtatt modell for valutapolicy:
A21: Informasjon om finansiering | F21: Snittkurs 01.09.2021 - 01.09.2023 | I21: 10.5 | J21: se link: | K21: valutapolicy
A22: Navn på finansieringskilde(r) | B22: Marie Sklodowska-Curie Actions | F22: fratrekk risikofaktor | I22: 0.25
A23: Valutakurs (må forankres hos instituttleder) | B23: 10.25 | F23: Policykurs for innev. Periode | I23: =I21-I22 -> 10.25
A24: Prosjektkategorisering | B24: 651000 - 651998 EU Horizon 2020 | F24: Eventuell manuell overstyring:
A25: Category (choose)
A26: Family Allowance
A27: Finansieringsprinsipp | B27: Kostnadsspesifikk finansiering
A28: Finansieringstype* | B28: Fast beløp | C28: Vit. | D28: T/A
A29: Prosjekttype (overheadkostnader)* | B29: Prosjekter som foregår i UiOs lokaler | C29: =IF(B29="",0,VLOOKUP(B29,Tabeller!$G$6:$J$11,2,FALSE)) -> 465000 | D29: =IF(B29="",0,VLOOKUP(B29,Tabeller!$G$6:$J$11,3,FALSE)) -> 142000
A30: =Budsjett!A39 -> Management & indirect costs (Year/Person)
A31: Pris- lønnsjustering | B31: L | C31: 2024 | D31: fremtidige år
A32: Årlig lønnsjustering i hele prosjektperioden | B32: Ja | C32: 0.049 | D32: 0.035

Sheet Budsjett
AP1: LØNNS- OG DRIFTSKOSTNADER | AZ1: OVERHEADKOSTNADER | BH1: Eksternt finansiert overhead
D2: REGISTRER ÅRSVERK | U2: Gjelder ved sats per årsverk | BQ2: Internt finansiert overhead
B3: Ltr | C3: Navn | D3: 2024 | E3: =D3+1 -> 2025 | F3: =E3+1 -> 2026 | G3: =F3+1 -> 2027 | H3: =G3+1 -> 2028 | I3: =H3+1 -> 2029 | J3: =I3+1 -> 2030 | K3: =J3+1 -> 2031 | L3: Sum årsv | M3: Lønn og sos. kostnader | N3: Overhead | O3: Totalt | AB3: Gj.snitt. Ltr | AC3: Bruttolønn | AD3: inkl lønnsv. | AE3: Lønn | AF3: Feriep | AG3: AGA | AH3: Pensjon | AI3: inkl sos.avg. | AJ3: inkl. ind.kost. | AK3: Timesats | AN3: =D3 -> 2024 | AO3: =E3 -> 2025 | AP3: =F3 -> 2026 | AQ3: =G3 -> 2027 | AR3: =H3 -> 2028 | AS3: =I3 -> 2029 | AT3: =J3 -> 2030 | AU3: =K3 -> 2031 | AW3: =AN3 -> 2024 | AX3: =AO3 -> 2025 | AY3: =AP3 -> 2026 | AZ3: =AQ3 -> 2027 | BA3: =AR3 -> 2028 | BB3: =AS3 -> 2029 | BC3: =AT3 -> 2030 | BD3: =AU3 -> 2031 | BF3: =AW3 -> 2024 | BG3: =AX3 -> 2025 | BH3: =AY3 -> 2026 | BI3: =AZ3 -> 2027 | BJ3: =BA3 -> 2028 | BK3: =BB3 -> 2029 | BL3: =BC3 -> 2030 | BM3: =BD3 -> 2031 | BO3: =BF3 -> 2024 | BP3: =BG3 -> 2025 | BQ3: =BH3 -> 2026 | BR3: =BI3 -> 2027 | BS3: =BJ3 -> 2028 | BT3: =BK3 -> 2029 | BU3: =BL3 -> 2030 | BV3: =BM3 -> 2031
A4: MSCA - Fellow | L4: =SUM(D4:K4) -> 0 | AB4: =B4 -> 0 | AC4: =IFERROR(IF(Budsjett!B4>0,LOOKUP(Budsjett!B4,Tabeller!$A$4:$B$200),LOOKUP(AB4,Tabeller!$A$4:$B$200)),"") | AD4: =IFERROR(AC4*Tabeller!$I$33,"") | AE4: =IFERROR(AC4*(Tabeller!$I$33)*Tabeller!$L$23,"") | AF4: =IFERROR(AD4*Tabeller!$M$24,"") | AG4: =IFERROR(AD4*Tabeller!$L$26,"") | AH4: =IFERROR(AD4*Tabeller!$L$25,"") | AI4: =SUM(AE4:AH4) -> 0 | AJ4: =AI4+(IF(A4="Teknisk adm bistand",Registrering!$D$29,Registrering!$C$29)) -> 465000 | AK4: =AJ4/Tabeller!$H$3 -> 285.62654 | AN4: =((D4*Budsjett!$AI4)) -> 0 | AO4: =((E4*Budsjett!$AI4)*(Tabeller!J$33)) -> 0 | AP4: =((F4*Budsjett!$AI4)*(Tabeller!K$33)) -> 0 | AQ4: =((G4*Budsjett!$AI4)*(Tabeller!L$33)) -> 0 | AR4: =((H4*Budsjett!$AI4)*(Tabeller!M$33)) -> 0 | AS4: =((I4*Budsjett!$AI4)*(Tabeller!N$33)) -> 0 | AT4: =((J4*Budsjett!$AI4)*(Tabeller!O$33)) -> 0 | AU4: =((K4*Budsjett!$AI4)*(Tabeller!P$33)) -> 0 | AW4: =IFERROR(AN4*Budsjett!$C$48,0) -> 0 | AX4: =IFERROR(AO4*Budsjett!$C$48,0) -> 0 | AY4: =IFERROR(AP4*Budsjett!$C$48,0) -> 0 | AZ4: =IFERROR(AQ4*Budsjett!$C$48,0) -> 0 | BA4: =IFERROR(AR4*Budsjett!$C$48,0) -> 0 | BB4: =IFERROR(AS4*Budsjett!$C$48,0) -> 0 | BC4: =IFERROR(AT4*Budsjett!$C$48,0) -> 0 | BD4: =IFERROR(AU4*Budsjett!$C$48,0) -> 0 | BF4: 0 | BG4: 0 | BH4: 0 | BI4: 0 | BJ4: 0 | BK4: 0 | BL4: 0 | BM4: 0 | BO4: =AW4-BF4 -> 0 | BP4: =AX4-BG4 -> 0 | BQ4: =AY4-BH4 -> 0 | BR4: =AZ4-BI4 -> 0 | BS4: =BA4-BJ4 -> 0 | BT4: =BB4-BK4 -> 0 | BU4: =BC4-BL4 -> 0 | BV4: =BD4-BM4 -> 0
B5: 63 | L5: =SUM(D5:F5) -> 0 | M5: =SUM(AN5:AP5) -> 0 | N5: =IFERROR(SUM(AW5:AY5),0) -> 0 | O5: =SUM(M5:N5) -> 0 | AB5: =B5 -> 63 | AC5: =IF(Budsjett!B5>0,LOOKUP(Budsjett!B5,Tabeller!$A$4:$B$200),LOOKUP(AB5,Tabeller!$A$4:$B$200)) -> 615700 | AD5: =AC5*Tabeller!$I$33 -> 645869.3 | AE5: =AC5*(Tabeller!$I$33)*Tabeller!$L$23 -> 583195.7 | AF5: =AD5*Tabeller!$M$24 -> 69673.805 | AG5: =AD5*Tabeller!$L$26 -> 104107.43 | AH5: =AD5*Tabeller!$L$25 -> 85171.389 | AI5: =SUM(AE5:AH5) -> 842148.33 | AJ5: =AI5+(IF(A5="Teknisk adm bistand",Registrering!$D$29,Registrering!$C$29)) -> 1307148.3 | AK5: =AJ5/Tabeller!$H$3 -> 802.91666 | AN5: =((D5*Budsjett!$AI5)) -> 0 | AO5: =((E5*Budsjett!$AI5)*(Tabeller!J$33)) -> 0 | AP5: =((F5*Budsjett!$AI5)*(Tabeller!K$33)) -> 0 | AW5: =IFERROR(AN5*Budsjett!$D$47,0) -> 0 | AX5: =IFERROR(AO5*Budsjett!$D$47,0) -> 0 | AY5: =IFERROR(AP5*Budsjett!$D$47,0) -> 0 | BB5: =IFERROR(IF($D$48=$M$48,AN5*AW$46,AN5*Budsjett!$D$48),0) -> 0 | BC5: =IFERROR(IF($D$48=$M$48,AO5*AX$46,AO5*Budsjett!$D$48),0) -> 0 | BD5: =IFERROR(IF($D$48=$M$48,AP5*AY$46,AP5*Budsjett!$D$48),0) -> 0 | BI5: =AW5-BB5 -> 0 | BJ5: =AX5-BC5 -> 0 | BK5: =AY5-BD5 -> 0
B6: 63 | L6: =SUM(D6:F6) -> 0 | M6: =SUM(AN6:AP6) -> 0 | N6: =IFERROR(SUM(AW6:AY6),0) -> 0 | O6: =SUM(M6:N6) -> 0 | AB6: =B6 -> 63 | AC6: =IF(Budsjett!B6>0,LOOKUP(Budsjett!B6,Tabeller!$A$4:$B$200),LOOKUP(AB6,Tabeller!$A$4:$B$200)) -> 615700 | AD6: =AC6*Tabeller!$I$33 -> 645869.3 | AE6: =AC6*(Tabeller!$I$33)*Tabeller!$L$23 -> 583195.7 | AF6: =AD6*Tabeller!$M$24 -> 69673.805 | AG6: =AD6*Tabeller!$L$26 -> 104107.43 | AH6: =AD6*Tabeller!$L$25 -> 85171.389 | AI6: =SUM(AE6:AH6) -> 842148.33 | AJ6: =AI6+(IF(A6="Teknisk adm bistand",Registrering!$D$29,Registrering!$C$29)) -> 1307148.3 | AK6: =AJ6/Tabeller!$H$3 -> 802.91666 | AN6: =((D6*Budsjett!$AI6)) -> 0 | AO6: =((E6*Budsjett!$AI6)*(Tabeller!J$33)) -> 0 | AP6: =((F6*Budsjett!$AI6)*(Tabeller!K$33)) -> 0 | AW6: =IFERROR(AN6*Budsjett!$D$47,0) -> 0 | AX6: =IFERROR(AO6*Budsjett!$D$47,0) -> 0 | AY6: =IFERROR(AP6*Budsjett!$D$47,0) -> 0 | BB6: =IFERROR(IF($D$48=$M$48,AN6*AW$46,AN6*Budsjett!$D$48),0) -> 0 | BC6: =IFERROR(IF($D$48=$M$48,AO6*AX$46,AO6*Budsjett!$D$48),0) -> 0 | BD6: =IFERROR(IF($D$48=$M$48,AP6*AY$46,AP6*Budsjett!$D$48),0) -> 0 | BI6: =AW6-BB6 -> 0 | BJ6: =AX6-BC6 -> 0 | BK6: =AY6-BD6 -> 0
B7: 80 | L7: =SUM(D7:F7) -> 0 | M7: =SUM(AN7:AP7) -> 0 | N7: =IFERROR(SUM(AW7:AY7),0) -> 0 | O7: =SUM(M7:N7) -> 0 | AB7: =B7 -> 80 | AC7: =IF(Budsjett!B7>0,LOOKUP(Budsjett!B7,Tabeller!$A$4:$B$200),LOOKUP(AB7,Tabeller!$A$4:$B$200)) -> 870900 | AD7: =AC7*Tabeller!$I$33 -> 913574.1 | AE7: =AC7*(Tabeller!$I$33)*Tabeller!$L$23 -> 824923.07 | AF7: =AD7*Tabeller!$M$24 -> 98552.731 | AG7: =AD7*Tabeller!$L$26 -> 147258.67 | AH7: =AD7*Tabeller!$L$25 -> 120473.87 | AI7: =SUM(AE7:AH7) -> 1191208.3 | AJ7: =AI7+(IF(A7="Teknisk adm bistand",Registrering!$D$29,Registrering!$C$29)) -> 1656208.3 | AK7: =AJ7/Tabeller!$H$3 -> 1017.327 | AN7: =((D7*Budsjett!$AI7)) -> 0 | AO7: =((E7*Budsjett!$AI7)*(Tabeller!J$33)) -> 0 | AP7: =((F7*Budsjett!$AI7)*(Tabeller!K$33)) -> 0 | AW7: =IFERROR(AN7*Budsjett!$D$47,0) -> 0 | AX7: =IFERROR(AO7*Budsjett!$D$47,0) -> 0 | AY7: =IFERROR(AP7*Budsjett!$D$47,0) -> 0 | BB7: =IFERROR(IF($D$48=$M$48,AN7*AW$46,AN7*Budsjett!$D$48),0) -> 0 | BC7: =IFERROR(IF($D$48=$M$48,AO7*AX$46,AO7*Budsjett!$D$48),0) -> 0 | BD7: =IFERROR(IF($D$48=$M$48,AP7*AY$46,AP7*Budsjett!$D$48),0) -> 0 | BI7: =AW7-BB7 -> 0 | BJ7: =AX7-BC7 -> 0 | BK7: =AY7-BD7 -> 0
B8: 57 | L8: =SUM(D8:F8) -> 0 | M8: =SUM(AN8:AP8) -> 0 | N8: =IFERROR(SUM(AW8:AY8),0) -> 0 | O8: =SUM(M8:N8) -> 0 | AB8: =B8 -> 57 | AC8: =IF(Budsjett!B8>0,LOOKUP(Budsjett!B8,Tabeller!$A$4:$B$200),LOOKUP(AB8,Tabeller!$A$4:$B$200)) -> 557100 | AD8: =AC8*Tabeller!$I$33 -> 584397.9 | AE8: =AC8*(Tabeller!$I$33)*Tabeller!$L$23 -> 527689.34 | AF8: =AD8*Tabeller!$M$24 -> 63042.515 | AG8: =AD8*Tabeller!$L$26 -> 94198.879 | AH8: =AD8*Tabeller!$L$25 -> 77065.098 | AI8: =SUM(AE8:AH8) -> 761995.83 | AJ8: =AI8+(IF(A8="Teknisk adm bistand",Registrering!$D$29,Registrering!$C$29)) -> 1226995.8 | AK8: =AJ8/Tabeller!$H$3 -> 753.68294 | AN8: =((D8*Budsjett!$AI8)) -> 0 | AO8: =((E8*Budsjett!$AI8)*(Tabeller!J$33)) -> 0 | AP8: =((F8*Budsjett!$AI8)*(Tabeller!K$33)) -> 0 | AW8: =IFERROR(AN8*Budsjett!$D$47,0) -> 0 | AX8: =IFERROR(AO8*Budsjett!$D$47,0) -> 0 | AY8: =IFERROR(AP8*Budsjett!$D$47,0) -> 0 | BB8: =IFERROR(IF($D$48=$M$48,AN8*AW$46,AN8*Budsjett!$D$48),0) -> 0 | BC8: =IFERROR(IF($D$48=$M$48,AO8*AX$46,AO8*Budsjett!$D$48),0) -> 0 | BD8: =IFERROR(IF($D$48=$M$48,AP8*AY$46,AP8*Budsjett!$D$48),0) -> 0 | BI8: =AW8-BB8 -> 0 | BJ8: =AX8-BC8 -> 0 | BK8: =AY8-BD8 -> 0
B9: 55 | L9: =SUM(D9:F9) -> 0 | M9: =SUM(AN9:AP9) -> 0 | N9: =IFERROR(SUM(AW9:AY9),0) -> 0 | O9: =SUM(M9:N9) -> 0 | AB9: =B9 -> 55 | AC9: =IF(Budsjett!B9>0,LOOKUP(Budsjett!B9,Tabeller!$A$4:$B$200),LOOKUP(AB9,Tabeller!$A$4:$B$200)) -> 540500 | AD9: =AC9*Tabeller!$I$33 -> 566984.5 | AE9: =AC9*(Tabeller!$I$33)*Tabeller!$L$23 -> 511965.69 | AF9: =AD9*Tabeller!$M$24 -> 61164.027 | AG9: =AD9*Tabeller!$L$26 -> 91392.02 | AH9: =AD9*Tabeller!$L$25 -> 74768.777 | AI9: =SUM(AE9:AH9) -> 739290.52 | AJ9: =AI9+(IF(A9="Teknisk adm bistand",Registrering!$D$29,Registrering!$C$29)) -> 1204290.5 | AK9: =AJ9/Tabeller!$H$3 -> 739.73619 | AN9: =((D9*Budsjett!$AI9)) -> 0 | AO9: =((E9*Budsjett!$AI9)*(Tabeller!J$33)) -> 0 | AP9: =((F9*Budsjett!$AI9)*(Tabeller!K$33)) -> 0 | AW9: =IFERROR(AN9*Budsjett!$D$47,0) -> 0 | AX9: =IFERROR(AO9*Budsjett!$D$47,0) -> 0 | AY9: =IFERROR(AP9*Budsjett!$D$47,0) -> 0 | BB9: =IFERROR(IF($D$48=$M$48,AN9*AW$46,AN9*Budsjett!$D$48),0) -> 0 | BC9: =IFERROR(IF($D$48=$M$48,AO9*AX$46,AO9*Budsjett!$D$48),0) -> 0 | BD9: =IFERROR(IF($D$48=$M$48,AP9*AY$46,AP9*Budsjett!$D$48),0) -> 0 | BI9: =AW9-BB9 -> 0 | BJ9: =AX9-BC9 -> 0 | BK9: =AY9-BD9 -> 0
B10: 55 | L10: =SUM(D10:F10) -> 0 | M10: =SUM(AN10:AP10) -> 0 | N10: =IFERROR(SUM(AW10:AY10),0) -> 0 | O10: =SUM(M10:N10) -> 0 | AB10: =B10 -> 55 | AC10: =IF(Budsjett!B10>0,LOOKUP(Budsjett!B10,Tabeller!$A$4:$B$200),LOOKUP(AB10,Tabeller!$A$4:$B$200)) -> 540500 | AD10: =AC10*Tabeller!$I$33 -> 566984.5 | AE10: =AC10*(Tabeller!$I$33)*Tabeller!$L$23 -> 511965.69 | AF10: =AD10*Tabeller!$M$24 -> 61164.027 | AG10: =AD10*Tabeller!$L$26 -> 91392.02 | AH10: =AD10*Tabeller!$L$25 -> 74768.777 | AI10: =SUM(AE10:AH10) -> 739290.52 | AJ10: =AI10+(IF(A10="Teknisk adm bistand",Registrering!$D$29,Registrering!$C$29)) -> 1204290.5 | AK10: =AJ10/Tabeller!$H$3 -> 739.73619 | AN10: =((D10*Budsjett!$AI10)) -> 0 | AO10: =((E10*Budsjett!$AI10)*(Tabeller!J$33)) -> 0 | AP10: =((F10*Budsjett!$AI10)*(Tabeller!K$33)) -> 0 | AW10: =IFERROR(AN10*Budsjett!$D$47,0) -> 0 | AX10: =IFERROR(AO10*Budsjett!$D$47,0) -> 0 | AY10: =IFERROR(AP10*Budsjett!$D$47,0) -> 0 | BB10: =IFERROR(IF($D$48=$M$48,AN10*AW$46,AN10*Budsjett!$D$48),0) -> 0 | BC10: =IFERROR(IF($D$48=$M$48,AO10*AX$46,AO10*Budsjett!$D$48),0) -> 0 | BD10: =IFERROR(IF($D$48=$M$48,AP10*AY$46,AP10*Budsjett!$D$48),0) -> 0 | BI10: =AW10-BB10 -> 0 | BJ10: =AX10-BC10 -> 0 | BK10: =AY10-BD10 -> 0
A11: Sum | D11: =SUM(D4:D10) -> 0 | E11: =SUM(E4:E10) -> 0 | F11: =SUM(F4:F10) -> 0 | L11: =SUM(L4:L10) -> 0 | M11: =SUM(M4:M10) -> 0 | N11: =SUM(N4:N10) -> 0 | O11: =SUM(O4:O10) -> 0 | AN11: =SUM(AN4:AN4) -> 0 | AO11: =SUM(AO4:AO10) -> 0 | AP11: =SUM(AP4:AP10) -> 0 | AV11: =SUM(AN11:AP11) -> 0 | AW11: =SUM(AW4:AW10) -> 0 | AX11: =SUM(AX4:AX10) -> 0 | AY11: =SUM(AY4:AY10) -> 0 | BB11: =SUM(BB4:BB10) -> 0 | BC11: =SUM(BC4:BC10) -> 0 | BD11: =SUM(BD4:BD10) -> 0 | BI11: =SUM(BI4:BI10) -> 0 | BJ11: =SUM(BJ4:BJ10) -> 0 | BK11: =SUM(BK4:BK10) -> 0
A12: Eksisterende ansatte - dekkes av prosjektbevilgning | D12: REGISTRER ÅRSVERK
A13: Frikjøp art 5892 | B13: Ltr | C13: Navn | D13: =D3 -> 2024 | E13: =E3 -> 2025 | F13: =F3 -> 2026 | L13: Sum | M13: Lønn og sos. kostnader | N13: Overhead | O13: Totalt | AB13: Gj.snitt. Ltr | AC13: Bruttolønn | AD13: inkl lønnsv. | AJ13: inkl. ind.kost. | AK13: Timesats | AN13: =D13 -> 2024 | AO13: =E13 -> 2025 | AP13: =F13 -> 2026 | AW13: =AN13 -> 2024 | AX13: =AO13 -> 2025 | AY13: =AP13 -> 2026 | BB13: =AW13 -> 2024 | BC13: =AX13 -> 2025 | BD13: =AY13 -> 2026 | BI13: =#REF! -> #REF! | BJ13: =#REF! -> #REF! | BK13: =#REF! -> #REF!
A14: Prosjektleder/adm.leder | B14: 75 | L14: =SUM(D14:F14) -> 0 | M14: =SUM(AN14:AP14) -> 0 | N14: =IFERROR(SUM(AW14:AY14),0) -> 0 | O14: =SUM(M14:N14) -> 0 | AB14: =B14 -> 75 | AC14: =IF(Budsjett!B14>0,LOOKUP(Budsjett!B14,Tabeller!$A$4:$B$200),LOOKUP(AB14,Tabeller!$A$4:$B$200)) -> 759100 | AD14: =AC14*Tabeller!$I$33 -> 796295.9 | AJ14: =AI14+(IF(A14="Teknisk adm bistand",Registrering!$D$29,Registrering!$C$29)) -> 465000 | AK14: =AJ14/Tabeller!$H$3 -> 285.62654 | AN14: =((D14*Budsjett!$AI14)) -> 0 | AO14: =((E14*Budsjett!$AI14)*(Tabeller!J$33)) -> 0 | AP14: =((F14*Budsjett!$AI14)*(Tabeller!K$33)) -> 0 | AW14: =IFERROR(AN14*Budsjett!$D$47,0) -> 0 | AX14: =IFERROR(AO14*Budsjett!$D$47,0) -> 0 | AY14: =IFERROR(AP14*Budsjett!$D$47,0) -> 0 | BB14: =IFERROR(IF($D$48=$M$48,AN14*AW$46,AN14*Budsjett!$D$48),0) -> 0 | BC14: =IFERROR(IF($D$48=$M$48,AO14*AX$46,AO14*Budsjett!$D$48),0) -> 0 | BD14: =IFERROR(IF($D$48=$M$48,AP14*AY$46,AP14*Budsjett!$D$48),0) -> 0 | BI14: =AW14-BB14 -> 0 | BJ14: =AX14-BC14 -> 0 | BK14: =AY14-BD14 -> 0
A15: Forsker - professor | B15: 73 | L15: =SUM(D15:F15) -> 0 | M15: =SUM(AN15:AP15) -> 0 | N15: =IFERROR(SUM(AW15:AY15),0) -> 0 | O15: =SUM(M15:N15) -> 0 | R15: =D42 -> 0 | S15: hvor mye skal til kanditat pga høy Eu-kurs, hva er tilgengelig for indikre kostnad/drift | AB15: =B15 -> 73 | AC15: =IF(Budsjett!B15>0,LOOKUP(Budsjett!B15,Tabeller!$A$4:$B$200),LOOKUP(AB15,Tabeller!$A$4:$B$200)) -> 732300 | AD15: =AC15*Tabeller!$I$33 -> 768182.7 | AJ15: =AI15+(IF(A15="Teknisk adm bistand",Registrering!$D$29,Registrering!$C$29)) -> 465000 | AK15: =AJ15/Tabeller!$H$3 -> 285.62654 | AN15: =((D15*Budsjett!$AI15)) -> 0 | AO15: =((E15*Budsjett!$AI15)*(Tabeller!J$33)) -> 0 | AP15: =((F15*Budsjett!$AI15)*(Tabeller!K$33)) -> 0 | AW15: =IFERROR(AN15*Budsjett!$D$47,0) -> 0 | AX15: =IFERROR(AO15*Budsjett!$D$47,0) -> 0 | AY15: =IFERROR(AP15*Budsjett!$D$47,0) -> 0 | BB15: =IFERROR(IF($D$48=$M$48,AN15*AW$46,AN15*Budsjett!$D$48),0) -> 0 | BC15: =IFERROR(IF($D$48=$M$48,AO15*AX$46,AO15*Budsjett!$D$48),0) -> 0 | BD15: =IFERROR(IF($D$48=$M$48,AP15*AY$46,AP15*Budsjett!$D$48),0) -> 0 | BI15: =AW15-BB15 -> 0 | BJ15: =AX15-BC15 -> 0 | BK15: =AY15-BD15 -> 0
A16: Forsker - 1.aman. | B16: 63 | L16: =SUM(D16:F16) -> 0 | M16: =SUM(AN16:AP16) -> 0 | N16: =IFERROR(SUM(AW16:AY16),0) -> 0 | O16: =SUM(M16:N16) -> 0 | R16: =M4+O40 -> 0 | AB16: =B16 -> 63 | AC16: =IF(Budsjett!B16>0,LOOKUP(Budsjett!B16,Tabeller!$A$4:$B$200),LOOKUP(AB16,Tabeller!$A$4:$B$200)) -> 615700 | AD16: =AC16*Tabeller!$I$33 -> 645869.3 | AJ16: =AI16+(IF(A16="Teknisk adm bistand",Registrering!$D$29,Registrering!$C$29)) -> 465000 | AK16: =AJ16/Tabeller!$H$3 -> 285.62654 | AN16: =((D16*Budsjett!$AI16)) -> 0 | AO16: =((E16*Budsjett!$AI16)*(Tabeller!J$33)) -> 0 | AP16: =((F16*Budsjett!$AI16)*(Tabeller!K$33)) -> 0 | AW16: =IFERROR(AN16*Budsjett!$D$47,0) -> 0 | AX16: =IFERROR(AO16*Budsjett!$D$47,0) -> 0 | AY16: =IFERROR(AP16*Budsjett!$D$47,0) -> 0 | BB16: =IFERROR(IF($D$48=$M$48,AN16*AW$46,AN16*Budsjett!$D$48),0) -> 0 | BC16: =IFERROR(IF($D$48=$M$48,AO16*AX$46,AO16*Budsjett!$D$48),0) -> 0 | BD16: =IFERROR(IF($D$48=$M$48,AP16*AY$46,AP16*Budsjett!$D$48),0) -> 0 | BI16: =AW16-BB16 -> 0 | BJ16: =AX16-BC16 -> 0 | BK16: =AY16-BD16 -> 0
A17: Forsker (rundsum) | B17: 63 | L17: =SUM(D17:F17) -> 0 | M17: =SUM(AN17:AP17) -> 0 | N17: =IFERROR(SUM(AW17:AY17),0) -> 0 | O17: =SUM(M17:N17) -> 0 | AB17: =B17 -> 63 | AC17: =IF(Budsjett!B17>0,LOOKUP(Budsjett!B17,Tabeller!$A$4:$B$200),LOOKUP(AB17,Tabeller!$A$4:$B$200)) -> 615700 | AD17: =AC17*Tabeller!$I$33 -> 645869.3 | AJ17: =AI17+(IF(A17="Teknisk adm bistand",Registrering!$D$29,Registrering!$C$29)) -> 465000 | AK17: =AJ17/Tabeller!$H$3 -> 285.62654 | AN17: =((D17*Budsjett!$AI17)) -> 0 | AO17: =((E17*Budsjett!$AI17)*(Tabeller!J$33)) -> 0 | AP17: =((F17*Budsjett!$AI17)*(Tabeller!K$33)) -> 0 | AW17: =IFERROR(AN17*Budsjett!$D$47,0) -> 0 | AX17: =IFERROR(AO17*Budsjett!$D$47,0) -> 0 | AY17: =IFERROR(AP17*Budsjett!$D$47,0) -> 0 | BB17: =IFERROR(IF($D$48=$M$48,AN17*AW$46,AN17*Budsjett!$D$48),0) -> 0 | BC17: =IFERROR(IF($D$48=$M$48,AO17*AX$46,AO17*Budsjett!$D$48),0) -> 0 | BD17: =IFERROR(IF($D$48=$M$48,AP17*AY$46,AP17*Budsjett!$D$48),0) -> 0 | BI17: =AW17-BB17 -> 0 | BJ17: =AX17-BC17 -> 0 | BK17: =AY17-BD17 -> 0
A18: Gjesteforsker | B18: 57 | L18: =SUM(D18:F18) -> 0 | M18: =SUM(AN18:AP18) -> 0 | N18: =IFERROR(SUM(AW18:AY18),0) -> 0 | O18: =SUM(M18:N18) -> 0 | AB18: =B18 -> 57 | AC18: =IF(Budsjett!B18>0,LOOKUP(Budsjett!B18,Tabeller!$A$4:$B$200),LOOKUP(AB18,Tabeller!$A$4:$B$200)) -> 557100 | AD18: =AC18*Tabeller!$I$33 -> 584397.9 | AJ18: =AI18+(IF(A18="Teknisk adm bistand",Registrering!$D$29,Registrering!$C$29)) -> 465000 | AK18: =AJ18/Tabeller!$H$3 -> 285.62654 | AN18: =((D18*Budsjett!$AI18)) -> 0 | AO18: =((E18*Budsjett!$AI18)*(Tabeller!J$33)) -> 0 | AP18: =((F18*Budsjett!$AI18)*(Tabeller!K$33)) -> 0 | AW18: =IFERROR(AN18*Budsjett!$D$47,0) -> 0 | AX18: =IFERROR(AO18*Budsjett!$D$47,0) -> 0 | AY18: =IFERROR(AP18*Budsjett!$D$47,0) -> 0 | BB18: =IFERROR(IF($D$48=$M$48,AN18*AW$46,AN18*Budsjett!$D$48),0) -> 0 | BC18: =IFERROR(IF($D$48=$M$48,AO18*AX$46,AO18*Budsjett!$D$48),0) -> 0 | BD18: =IFERROR(IF($D$48=$M$48,AP18*AY$46,AP18*Budsjett!$D$48),0) -> 0 | BI18: =AW18-BB18 -> 0 | BJ18: =AX18-BC18 -> 0 | BK18: =AY18-BD18 -> 0
A19: Sum | D19: =SUM(D14:D18) -> 0 | E19: =SUM(E14:E18) -> 0 | F19: =SUM(F14:F18) -> 0 | L19: =SUM(L14:L18) -> 0 | M19: =SUM(M14:M18) -> 0 | N19: =SUM(N14:N18) -> 0 | O19: =SUM(O14:O18) -> 0 | AN19: =SUM(AN14:AN18) -> 0 | AO19: =SUM(AO14:AO18) -> 0 | AP19: =SUM(AP14:AP18) -> 0 | AV19: =SUM(AN19:AP19) -> 0 | AW19: =SUM(AW14:AW18) -> 0 | AX19: =SUM(AX14:AX18) -> 0 | AY19: =SUM(AY14:AY18) -> 0 | BB19: =SUM(BB14:BB18) -> 0 | BC19: =SUM(BC14:BC18) -> 0 | BD19: =SUM(BD14:BD18) -> 0 | BI19: =SUM(BI14:BI18) -> 0 | BJ19: =SUM(BJ14:BJ18) -> 0 | BK19: =SUM(BK14:BK18) -> 0
A20: Eksisterende ansatte - dekkes av UiO (egenandel) | D20: REGISTRER ÅRSVERK
A21: Frikjøp art 5896 | B21: Ltr | C21: Navn | D21: =D13 -> 2024 | E21: =E13 -> 2025 | F21: =F13 -> 2026 | L21: Sum | M21: Lønn og sos. kostnader | N21: Overhead | O21: Totalt | AB21: Gj.snitt. Ltr | AC21: Bruttolønn | AD21: inkl lønnsv. | AJ21: inkl. ind.kost. | AK21: Timesats | AN21: =D21 -> 2024 | AO21: =E21 -> 2025 | AP21: =F21 -> 2026 | AW21: =AN21 -> 2024 | AX21: =AO21 -> 2025 | AY21: =AP21 -> 2026 | BB21: =AW21 -> 2024 | BC21: =AX21 -> 2025 | BD21: =AY21 -> 2026 | BI21: =#REF! -> #REF! | BJ21: =#REF! -> #REF! | BK21: =#REF! -> #REF!
A22: Prosjektleder/adm.leder | B22: 80 | L22: =SUM(D22:F22) -> 0 | M22: =SUM(AN22:AP22) -> 0 | N22: =IFERROR(SUM(AW22:AY22),0) -> 0 | O22: =SUM(M22:N22) -> 0 | AB22: =B22 -> 80 | AC22: =IF(Budsjett!B22>0,LOOKUP(Budsjett!B22,Tabeller!$A$4:$B$200),LOOKUP(AB22,Tabeller!$A$4:$B$200)) -> 870900 | AD22: =AC22*Tabeller!$I$33 -> 913574.1 | AJ22: =AI22+(IF(A22="Teknisk adm bistand",Registrering!$D$29,Registrering!$C$29)) -> 465000 | AK22: =AJ22/Tabeller!$H$3 -> 285.62654 | AN22: =((D22*Budsjett!$AI22)) -> 0 | AO22: =((E22*Budsjett!$AI22)*(Tabeller!J$33)) -> 0 | AP22: =((F22*Budsjett!$AI22)*(Tabeller!K$33)) -> 0 | AW22: =IFERROR(AN22*Budsjett!$D$47,0) -> 0 | AX22: =IFERROR(AO22*Budsjett!$D$47,0) -> 0 | AY22: =IFERROR(AP22*Budsjett!$D$47,0) -> 0 | BI22: =AW22 -> 0 | BJ22: =AX22 -> 0 | BK22: =AY22 -> 0
A23: Teknisk adm bistand | B23: 73 | L23: =SUM(D23:F23) -> 0 | M23: =SUM(AN23:AP23) -> 0 | N23: =IFERROR(SUM(AW23:AY23),0) -> 0 | O23: =SUM(M23:N23) -> 0 | AB23: =B23 -> 73 | AC23: =IF(Budsjett!B23>0,LOOKUP(Budsjett!B23,Tabeller!$A$4:$B$200),LOOKUP(AB23,Tabeller!$A$4:$B$200)) -> 732300 | AD23: =AC23*Tabeller!$I$33 -> 768182.7 | AJ23: =AI23+(IF(A23="Teknisk adm bistand",Registrering!$D$29,Registrering!$C$29)) -> 142000 | AK23: =AJ23/Tabeller!$H$3 -> 87.223587 | AN23: =((D23*Budsjett!$AI23)) -> 0 | AO23: =((E23*Budsjett!$AI23)*(Tabeller!J$33)) -> 0 | AP23: =((F23*Budsjett!$AI23)*(Tabeller!K$33)) -> 0 | AW23: =IFERROR(AN23*Budsjett!$D$47,0) -> 0 | AX23: =IFERROR(AO23*Budsjett!$D$47,0) -> 0 | AY23: =IFERROR(AP23*Budsjett!$D$47,0) -> 0 | BI23: =AW23 -> 0 | BJ23: =AX23 -> 0 | BK23: =AY23 -> 0
A24: Forsker - 1.aman. | B24: 63 | L24: =SUM(D24:F24) -> 0 | M24: =SUM(AN24:AP24) -> 0 | N24: =IFERROR(SUM(AW24:AY24),0) -> 0 | O24: =SUM(M24:N24) -> 0 | AB24: =B24 -> 63 | AC24: =IF(Budsjett!B24>0,LOOKUP(Budsjett!B24,Tabeller!$A$4:$B$200),LOOKUP(AB24,Tabeller!$A$4:$B$200)) -> 615700 | AD24: =AC24*Tabeller!$I$33 -> 645869.3 | AJ24: =AI24+(IF(A24="Teknisk adm bistand",Registrering!$D$29,Registrering!$C$29)) -> 465000 | AK24: =AJ24/Tabeller!$H$3 -> 285.62654 | AN24: =((D24*Budsjett!$AI24)) -> 0 | AO24: =((E24*Budsjett!$AI24)*(Tabeller!J$33)) -> 0 | AP24: =((F24*Budsjett!$AI24)*(Tabeller!K$33)) -> 0 | AW24: =IFERROR(AN24*Budsjett!$D$47,0) -> 0 | AX24: =IFERROR(AO24*Budsjett!$D$47,0) -> 0 | AY24: =IFERROR(AP24*Budsjett!$D$47,0) -> 0 | BI24: =AW24 -> 0 | BJ24: =AX24 -> 0 | BK24: =AY24 -> 0
A25: Teknisk adm bistand | B25: 50 | L25: =SUM(D25:F25) -> 0 | M25: =SUM(AN25:AP25) -> 0 | N25: =IFERROR(SUM(AW25:AY25),0) -> 0 | O25: =SUM(M25:N25) -> 0 | AB25: =B25 -> 50 | AC25: =IF(Budsjett!B25>0,LOOKUP(Budsjett!B25,Tabeller!$A$4:$B$200),LOOKUP(AB25,Tabeller!$A$4:$B$200)) -> 502300 | AD25: =AC25*Tabeller!$I$33 -> 526912.7 | AJ25: =AI25+(IF(A25="Teknisk adm bistand",Registrering!$D$29,Registrering!$C$29)) -> 142000 | AK25: =AJ25/Tabeller!$H$3 -> 87.223587 | AN25: =((D25*Budsjett!$AI25)) -> 0 | AO25: =((E25*Budsjett!$AI25)*(Tabeller!J$33)) -> 0 | AP25: =((F25*Budsjett!$AI25)*(Tabeller!K$33)) -> 0 | AW25: =IFERROR(AN25*Budsjett!$D$47,0) -> 0 | AX25: =IFERROR(AO25*Budsjett!$D$47,0) -> 0 | AY25: =IFERROR(AP25*Budsjett!$D$47,0) -> 0 | BI25: =AW25 -> 0 | BJ25: =AX25 -> 0 | BK25: =AY25 -> 0
A26: Diverse vitenskapelig ansatte | B26: 55 | L26: =SUM(D26:F26) -> 0 | M26: =SUM(AN26:AP26) -> 0 | N26: =IFERROR(SUM(AW26:AY26),0) -> 0 | O26: =SUM(M26:N26) -> 0 | AB26: =B26 -> 55 | AC26: =IF(Budsjett!B26>0,LOOKUP(Budsjett!B26,Tabeller!$A$4:$B$200),LOOKUP(AB26,Tabeller!$A$4:$B$200)) -> 540500 | AD26: =AC26*Tabeller!$I$33 -> 566984.5 | AJ26: =AI26+(IF(A26="Teknisk adm bistand",Registrering!$D$29,Registrering!$C$29)) -> 465000 | AK26: =AJ26/Tabeller!$H$3 -> 285.62654 | AN26: =((D26*Budsjett!$AI26)) -> 0 | AO26: =((E26*Budsjett!$AI26)*(Tabeller!J$33)) -> 0 | AP26: =((F26*Budsjett!$AI26)*(Tabeller!K$33)) -> 0 | AW26: =IFERROR(AN26*Budsjett!$D$47,0) -> 0 | AX26: =IFERROR(AO26*Budsjett!$D$47,0) -> 0 | AY26: =IFERROR(AP26*Budsjett!$D$47,0) -> 0 | BI26: =AW26 -> 0 | BJ26: =AX26 -> 0 | BK26: =AY26 -> 0
A27: Sum | D27: =SUM(D22:D26) -> 0 | E27: =SUM(E22:E26) -> 0 | F27: =SUM(F22:F26) -> 0 | L27: =SUM(L22:L26) -> 0 | M27: =SUM(M22:M26) -> 0 | N27: =SUM(N22:N26) -> 0 | O27: =SUM(O22:O26) -> 0 | AN27: =SUM(AN22:AN26) -> 0 | AO27: =SUM(AO22:AO26) -> 0 | AP27: =SUM(AP22:AP26) -> 0 | AV27: =SUM(AN27:AP27) -> 0 | AW27: =SUM(AW22:AW26) -> 0 | AX27: =SUM(AX22:AX26) -> 0 | AY27: =SUM(AY22:AY26) -> 0 | BB27: =SUM(BB22:BB26) -> 0 | BC27: =SUM(BC22:BC26) -> 0 | BD27: =SUM(BD22:BD26) -> 0 | BI27: =SUM(BI22:BI26) -> 0 | BJ27: =SUM(BJ22:BJ26) -> 0 | BK27: =SUM(BK22:BK26) -> 0
A28: Timelønn - dekkes av prosjektbevilgning | D28: REGISTRER TIMER
B29: Ltr | C29: Navn | D29: =D21 -> 2024 | E29: =E21 -> 2025 | F29: =F21 -> 2026 | L29: Sum | M29: Beløp | N29: Overhead | O29: Totalt | AB29: Gj.snitt. Ltr | AC29: Bruttolønn | AD29: inkl lønnsv. | AJ29: inkl. ind.kost. | AN29: =D29 -> 2024 | AO29: =E29 -> 2025 | AP29: =F29 -> 2026 | AW29: =AN29 -> 2024 | AX29: =AO29 -> 2025 | AY29: =AP29 -> 2026 | BB29: =AW29 -> 2024 | BC29: =AX29 -> 2025 | BD29: =AY29 -> 2026 | BI29: =#REF! -> #REF! | BJ29: =#REF! -> #REF! | BK29: =#REF! -> #REF!
A30: Timebasert lønn | B30: 50 | L30: =SUM(D30:F30) -> 0 | M30: =SUM(AN30:AP30) -> 0 | N30: =IFERROR(SUM(AW30:AY30),0) -> 0 | O30: =SUM(M30:N30) -> 0 | AB30: =B30 -> 50 | AC30: =IF(Budsjett!B30>0,LOOKUP(Budsjett!B30,Tabeller!$C$4:$D$200),LOOKUP(AB30,Tabeller!$A$4:$B$200)) -> 226.66667 | AD30: =AC30*Tabeller!$I$33 -> 237.77333 | AJ30: =AI30+(Registrering!$C$29/Tabeller!$H$3) -> 285.62654 | AN30: =((D30*Budsjett!$AI30)*(Tabeller!I$35)) -> 0 | AO30: =((E30*Budsjett!$AI30)*(Tabeller!J$33)) -> 0 | AP30: =((F30*Budsjett!$AI30)*(Tabeller!K$33)) -> 0 | AW30: =IFERROR(AN30*Budsjett!$D$47,0) -> 0 | AX30: =IFERROR(AO30*Budsjett!$D$47,0) -> 0 | AY30: =IFERROR(AP30*Budsjett!$D$47,0) -> 0 | BB30: =IFERROR(IF($D$48=$M$48,AN30*AW$46,AN30*Budsjett!$D$48),0) -> 0 | BC30: =IFERROR(IF($D$48=$M$48,AO30*AX$46,AO30*Budsjett!$D$48),0) -> 0 | BD30: =IFERROR(IF($D$48=$M$48,AP30*AY$46,AP30*Budsjett!$D$48),0) -> 0 | BI30: =AW30-BB30 -> 0 | BJ30: =AX30-BC30 -> 0 | BK30: =AY30-BD30 -> 0
A31: Timebasert lønn | B31: 50 | L31: =SUM(D31:F31) -> 0 | M31: =SUM(AN31:AP31) -> 0 | N31: =IFERROR(SUM(AW31:AY31),0) -> 0 | O31: =SUM(M31:N31) -> 0 | AB31: =B31 -> 50 | AC31: =IF(Budsjett!B31>0,LOOKUP(Budsjett!B31,Tabeller!$C$4:$D$200),LOOKUP(AB31,Tabeller!$A$4:$B$200)) -> 226.66667 | AD31: =AC31*Tabeller!$I$33 -> 237.77333 | AJ31: =AI31+(Registrering!$C$29/Tabeller!$H$3) -> 285.62654 | AN31: =((D31*Budsjett!$AI31)*(Tabeller!I$35)) -> 0 | AO31: =((E31*Budsjett!$AI31)*(Tabeller!J$33)) -> 0 | AP31: =((F31*Budsjett!$AI31)*(Tabeller!K$33)) -> 0 | AW31: =IFERROR(AN31*Budsjett!$D$47,0) -> 0 | AX31: =IFERROR(AO31*Budsjett!$D$47,0) -> 0 | AY31: =IFERROR(AP31*Budsjett!$D$47,0) -> 0 | BB31: =IFERROR(IF($D$48=$M$48,AN31*AW$46,AN31*Budsjett!$D$48),0) -> 0 | BC31: =IFERROR(IF($D$48=$M$48,AO31*AX$46,AO31*Budsjett!$D$48),0) -> 0 | BD31: =IFERROR(IF($D$48=$M$48,AP31*AY$46,AP31*Budsjett!$D$48),0) -> 0 | BI31: =AW31-BB31 -> 0 | BJ31: =AX31-BC31 -> 0 | BK31: =AY31-BD31 -> 0
A32: Timebasert lønn | B32: 50 | L32: =SUM(D32:F32) -> 0 | M32: =SUM(AN32:AP32) -> 0 | N32: =IFERROR(SUM(AW32:AY32),0) -> 0 | O32: =SUM(M32:N32) -> 0 | AB32: =B32 -> 50 | AC32: =IF(Budsjett!B32>0,LOOKUP(Budsjett!B32,Tabeller!$C$4:$D$200),LOOKUP(AB32,Tabeller!$A$4:$B$200)) -> 226.66667 | AD32: =AC32*Tabeller!$I$33 -> 237.77333 | AJ32: =AI32+(Registrering!$C$29/Tabeller!$H$3) -> 285.62654 | AN32: =((D32*Budsjett!$AI32)*(Tabeller!I$35)) -> 0 | AO32: =((E32*Budsjett!$AI32)*(Tabeller!J$33)) -> 0 | AP32: =((F32*Budsjett!$AI32)*(Tabeller!K$33)) -> 0 | AW32: =IFERROR(AN32*Budsjett!$D$47,0) -> 0 | AX32: =IFERROR(AO32*Budsjett!$D$47,0) -> 0 | AY32: =IFERROR(AP32*Budsjett!$D$47,0) -> 0 | BB32: =IFERROR(IF($D$48=$M$48,AN32*AW$46,AN32*Budsjett!$D$48),0) -> 0 | BC32: =IFERROR(IF($D$48=$M$48,AO32*AX$46,AO32*Budsjett!$D$48),0) -> 0 | BD32: =IFERROR(IF($D$48=$M$48,AP32*AY$46,AP32*Budsjett!$D$48),0) -> 0 | BI32: =AW32-BB32 -> 0 | BJ32: =AX32-BC32 -> 0 | BK32: =AY32-BD32 -> 0
A33: Sum | D33: =SUM(D30:D32) -> 0 | E33: =SUM(E30:E32) -> 0 | F33: =SUM(F30:F32) -> 0 | L33: =SUM(L30:L32) -> 0 | M33: =SUM(M30:M32) -> 0 | N33: =SUM(N30:N32) -> 0 | O33: =SUM(O30:O32) -> 0 | AN33: =SUM(AN30:AN32) -> 0 | AO33: =SUM(AO30:AO32) -> 0 | AP33: =SUM(AP30:AP32) -> 0 | AV33: =SUM(AN33:AP33) -> 0 | AW33: =SUM(AW30:AW32) -> 0 | AX33: =SUM(AX30:AX32) -> 0 | AY33: =SUM(AY30:AY32) -> 0 | BB33: =SUM(BB30:BB32) -> 0 | BC33: =SUM(BC30:BC32) -> 0 | BD33: =SUM(BD30:BD32) -> 0 | BI33: =SUM(BI30:BI32) -> 0 | BJ33: =SUM(BJ30:BJ32) -> 0 | BK33: =SUM(BK30:BK32) -> 0
A34: Lønnskostnad | D34: =IFERROR(AN4,"") -> 0 | E34: =IFERROR(AO4,"") -> 0 | F34: =IFERROR(AP4,"") -> 0 | G34: =IFERROR(AQ4,"") -> 0 | H34: =IFERROR(AR4,"") -> 0 | I34: =IFERROR(AS4,"") -> 0 | J34: =IFERROR(AT4,"") -> 0 | K34: =IFERROR(AU4,"") -> 0 | M34: =SUM(D34:K34) -> 0 | N34: =IFERROR(SUM(AW4:BA4),0) -> 0 | O34: =SUM(M34:N34) -> 0 | AV34: =SUM(AN34:AP34) -> 0 | BH34: =SUM(AW34:BA34) -> 0
A36: REGISTRER DRIFTSKOSTNADER
A37: =Registrering!A26 -> Family Allowance | D37: ='Finansieringsgrunnlag MSCA'!B6 -> 0 | E37: ='Finansieringsgrunnlag MSCA'!C6 -> 0 | F37: ='Finansieringsgrunnlag MSCA'!D6 -> 0 | G37: ='Finansieringsgrunnlag MSCA'!E6 -> 0 | H37: ='Finansieringsgrunnlag MSCA'!F6 -> 0 | I37: ='Finansieringsgrunnlag MSCA'!G6 -> 0 | J37: ='Finansieringsgrunnlag MSCA'!H6 -> 0 | K37: ='Finansieringsgrunnlag MSCA'!I6 -> 0 | O37: =SUM(AN39:AU39) -> 0
A38: Research, training og networking costs (Person/Year) | D38: =IFERROR(VLOOKUP(Registrering!$B$25,'Finansieringsgrunnlag MSCA'!$A$19:$O$20,9,FALSE)*D$4,"") | E38: =IFERROR(VLOOKUP(Registrering!$B$25,'Finansieringsgrunnlag MSCA'!$A$19:$O$20,9,FALSE)*E$4,"") | F38: =IFERROR(VLOOKUP(Registrering!$B$25,'Finansieringsgrunnlag MSCA'!$A$19:$O$20,9,FALSE)*F$4,"") | G38: =IFERROR(VLOOKUP(Registrering!$B$25,'Finansieringsgrunnlag MSCA'!$A$19:$O$20,9,FALSE)*G$4,"") | H38: =IFERROR(VLOOKUP(Registrering!$B$25,'Finansieringsgrunnlag MSCA'!$A$19:$O$20,9,FALSE)*H$4,"") | I38: =IFERROR(VLOOKUP(Registrering!$B$25,'Finansieringsgrunnlag MSCA'!$A$19:$O$20,9,FALSE)*I$4,"") | J38: =IFERROR(VLOOKUP(Registrering!$B$25,'Finansieringsgrunnlag MSCA'!$A$19:$O$20,9,FALSE)*J$4,"") | K38: =IFERROR(VLOOKUP(Registrering!$B$25,'Finansieringsgrunnlag MSCA'!$A$19:$O$20,9,FALSE)*K$4,"") | O38: =SUM(AN40:AU40) -> 0
A39: Management & indirect costs (Year/Person) | D39: =IFERROR(IF(D4>0,VLOOKUP(Registrering!$B$25,'Finansieringsgrunnlag MSCA'!$A$19:$O$20,11,FALSE)*D$4-Registrering!$B$30,0),"") -> 0 | E39: =IFERROR(IF(E4>0,VLOOKUP(Registrering!$B$25,'Finansieringsgrunnlag MSCA'!$A$19:$O$20,11,FALSE)*E$4-Registrering!$B$30,0),"") -> 0 | F39: =IFERROR(IF(F4>0,VLOOKUP(Registrering!$B$25,'Finansieringsgrunnlag MSCA'!$A$19:$O$20,11,FALSE)*F$4-Registrering!$B$30,0),"") -> 0 | G39: =IFERROR(IF(G4>0,VLOOKUP(Registrering!$B$25,'Finansieringsgrunnlag MSCA'!$A$19:$O$20,11,FALSE)*G$4-Registrering!$B$30,0),"") -> 0 | H39: =IFERROR(IF(H4>0,VLOOKUP(Registrering!$B$25,'Finansieringsgrunnlag MSCA'!$A$19:$O$20,11,FALSE)*H$4-Registrering!$B$30,0),"") -> 0 | I39: =IFERROR(IF(I4>0,VLOOKUP(Registrering!$B$25,'Finansieringsgrunnlag MSCA'!$A$19:$O$20,11,FALSE)*I$4-Registrering!$B$30,0),"") -> 0 | J39: =IFERROR(IF(J4>0,VLOOKUP(Registrering!$B$25,'Finansieringsgrunnlag MSCA'!$A$19:$O$20,11,FALSE)*J$4-Registrering!$B$30,0),"") -> 0 | K39: =IFERROR(IF(K4>0,VLOOKUP(Registrering!$B$25,'Finansieringsgrunnlag MSCA'!$A$19:$O$20,11,FALSE)*K$4-Registrering!$B$30,0),"") -> 0 | O39: =SUM(AN41:AU41) -> 0 | AN39: ='Finansieringsgrunnlag MSCA'!B6 -> 0 | AO39: ='Finansieringsgrunnlag MSCA'!C6 -> 0 | AP39: ='Finansieringsgrunnlag MSCA'!D6 -> 0 | AQ39: ='Finansieringsgrunnlag MSCA'!E6 -> 0 | AR39: ='Finansieringsgrunnlag MSCA'!F6 -> 0 | AS39: ='Finansieringsgrunnlag MSCA'!G6 -> 0 | AT39: ='Finansieringsgrunnlag MSCA'!H6 -> 0 | AU39: ='Finansieringsgrunnlag MSCA'!I6 -> 0 | AV39: =SUM(AN39:AU39) -> 0
A40: Sum | D40: =SUM(D37:D39) -> 0 | E40: =SUM(E37:E39) -> 0 | F40: =SUM(F37:F39) -> 0 | G40: =SUM(G37:G39) -> 0 | H40: =SUM(H37:H39) -> 0 | I40: =SUM(I37:I39) -> 0 | J40: =SUM(J37:J39) -> 0 | K40: =SUM(K37:K39) -> 0 | O40: =SUM(O37:O39) -> 0 | AN40: =D38 | AO40: =E38 | AP40: =F38 | AQ40: =G38 | AR40: =H38 | AS40: =I38 | AT40: =J38 | AU40: =K38 | AV40: =SUM(AN40:AU40) -> 0
AN41: =D39 -> 0 | AO41: =E39 -> 0 | AP41: =F39 -> 0 | AQ41: =G39 -> 0 | AR41: =H39 -> 0 | AS41: =I39 -> 0 | AT41: =J39 -> 0 | AU41: =K39 -> 0 | AV41: =SUM(AN41:AU41) -> 0
A42: Eksterne inntekter | C42: =Registrering!B28 -> Fast beløp | D42: =-'Finansieringsgrunnlag MSCA'!B9 -> 0 | E42: =-'Finansieringsgrunnlag MSCA'!C9 -> 0 | F42: =-'Finansieringsgrunnlag MSCA'!D9 -> 0 | G42: =-'Finansieringsgrunnlag MSCA'!E9 -> 0 | H42: =-'Finansieringsgrunnlag MSCA'!F9 -> 0 | I42: =-'Finansieringsgrunnlag MSCA'!G9 -> 0 | J42: =-'Finansieringsgrunnlag MSCA'!H9 -> 0 | K42: =-'Finansieringsgrunnlag MSCA'!I9 -> 0 | O42: =SUM(D42:K42) -> 0 | AN42: =SUM(AN39:AN41) -> 0 | AO42: =SUM(AO39:AO41) -> 0 | AP42: =SUM(AP39:AP41) -> 0 | AQ42: =SUM(AQ39:AQ41) -> 0 | AR42: =SUM(AR39:AR41) -> 0 | AS42: =SUM(AS39:AS41) -> 0 | AT42: =SUM(AT39:AT41) -> 0 | AU42: =SUM(AU39:AU41) -> 0 | AV42: =SUM(AV39:AV41) -> 0
A43: Egenandel | C43: =Registrering!B27 -> Kostnadsspesifikk finansiering | D43: =-D44-D42 -> 0 | E43: =-E44-E42 -> 0 | F43: =-F44-F42 -> 0 | G43: =-G44-G42 -> 0 | H43: =-H44-H42 -> 0 | I43: =-I44-I42 -> 0 | J43: =-J44-J42 -> 0 | K43: =-K44-K42 -> 0 | O43: =SUM(D43:K43) -> 0 | AW43: =IFERROR(AW4/AN4,0) -> 0 | AX43: =IFERROR(AX4/AO4,0) -> 0 | AY43: =IFERROR(AY4/AP4,0) -> 0 | AZ43: =IFERROR(AZ4/AQ4,0) -> 0 | BA43: =IFERROR(BA4/AR4,0) -> 0 | BB43: =IFERROR(BB4/AS4,0) -> 0 | BC43: =IFERROR(BC4/AT4,0) -> 0 | BD43: =IFERROR(BD4/AU4,0) -> 0
A44: Totale kostnader | D44: =AN46 -> 0 | E44: =AO46 -> 0 | F44: =AP46 -> 0 | G44: =AQ46 -> 0 | H44: =AR46 -> 0 | I44: =AS46 -> 0 | J44: =AT46 -> 0 | K44: =AU46 -> 0 | O44: =SUM(D44:K44) -> 0
A45: Resultat | D45: =SUM(D42:D44) -> 0 | E45: =SUM(E42:E44) -> 0 | F45: =SUM(F42:F44) -> 0 | G45: =SUM(G42:G44) -> 0 | H45: =SUM(H42:H44) -> 0 | I45: =SUM(I42:I44) -> 0 | J45: =SUM(J42:J44) -> 0 | K45: =SUM(K42:K44) -> 0 | O45: =SUM(O42:O44) -> 0
C46: REGISTRER TOTAL OVERHEAD OG EKSTERNT FINANSIERT OVERHEAD | AJ46: Totale kostnader | AN46: =AN4+AN42+AW4 -> 0 | AO46: =AO4+AO42+AX4 -> 0 | AP46: =AP4+AP42+AY4 -> 0 | AQ46: =AQ4+AQ42+AZ4 -> 0 | AR46: =AR4+AR42+BA4 -> 0 | AS46: =AS4+AS42+BB4 -> 0 | AT46: =AT4+AT42+BC4 -> 0 | AU46: =AU4+AU42+BD4 -> 0 | AV46: =SUM(AN46:AU46) -> 0
A48: Påslag lik sats for overheadkostnader (TDI-modell - indirekte kostnader) | C48: =IFERROR(AVERAGE(AQ49:AS49),"")
AP49: Sats TOT OH | AQ49: =AQ57 | AR49: =AR57 | AS49: =AS57 | AT49: =AT57 | AU49: =AU57
AP50: Teknisk adm bistand | AQ50: =SUMIF($A$4:$A$26,$AP$50,D4:D26) -> 0 | AR50: =SUMIF($A$4:$A$26,$AP$50,E4:E26) -> 0 | AS50: =SUMIF($A$4:$A$26,$AP$50,F4:F26) -> 0 | AT50: =SUMIF($A$4:$A$26,$AP$50,G4:G26) -> 0 | AU50: =SUMIF($A$4:$A$26,$AP$50,H4:H26) -> 0
A51: Prosjektets nettobidrag: | D51: Totalt beløp | E51: =IFERROR('Intern oversikt'!K30,0) -> 0 | AP51: Teknisk adm bistand | AQ51: =SUMIF($A$4:$A$26,$AP$51,AN4:AN26) -> 0 | AR51: =SUMIF($A$4:$A$26,$AP$51,AO4:AO26) -> 0 | AS51: =SUMIF($A$4:$A$26,$AP$51,AP4:AP26) -> 0 | AT51: =SUMIF($A$4:$A$26,$AP$51,AQ4:AQ26) -> 0 | AU51: =SUMIF($A$4:$A$26,$AP$51,AR4:AR26) -> 0
A52: Mer inntekt/kostnad for instituttet | AP52: OH-sats T/A | AQ52: =IFERROR(((Budsjett!AQ50*Tabeller!J14)/Budsjett!AQ51),"") | AR52: =IFERROR(((Budsjett!AR50*Tabeller!K14)/Budsjett!AR51),"") | AS52: =IFERROR(((Budsjett!AS50*Tabeller!L14)/Budsjett!AS51),"") | AT52: =IFERROR(((Budsjett!AT50*Tabeller!M14)/Budsjett!AT51),"") | AU52: =IFERROR(((Budsjett!AU50*Tabeller!N14)/Budsjett!AU51),"")
A53: Prosjektets reelle nettobidrag | E53: =E51-E52 -> 0 | AP53: Øvrige | AQ53: =D4-AQ50 -> 0 | AR53: =E4-AR50 -> 0 | AS53: =F4-AS50 -> 0 | AT53: =G4-AT50 -> 0 | AU53: =H4-AU50 -> 0
AP54: øvrig lønn | AQ54: =AN4-AQ51 -> 0 | AR54: =AO4-AR51 -> 0 | AS54: =AP4-AS51 -> 0 | AT54: =AQ4-AT51 -> 0 | AU54: =AR4-AU51 -> 0
AP55: OH-sats Vit | AQ55: =IFERROR(((Budsjett!AQ53*Tabeller!J13)/Budsjett!AQ54),"") | AR55: =IFERROR(((Budsjett!AR53*Tabeller!K13)/Budsjett!AR54),"") | AS55: =IFERROR(((Budsjett!AS53*Tabeller!L13)/Budsjett!AS54),"") | AT55: =IFERROR(((Budsjett!AT53*Tabeller!M13)/Budsjett!AT54),"") | AU55: =IFERROR(((Budsjett!AU53*Tabeller!N13)/Budsjett!AU54),"")
AP56: Total OH | AQ56: =IFERROR((AQ51/(AQ51+AQ54)*AQ52),0)+IFERROR((AQ54/(AQ51+AQ54)*AQ55),0) -> 0 | AR56: =IFERROR((AR51/(AR51+AR54)*AR52),0)+IFERROR((AR54/(AR51+AR54)*AR55),0) -> 0 | AS56: =IFERROR((AS51/(AS51+AS54)*AS52),0)+IFERROR((AS54/(AS51+AS54)*AS55),0) -> 0 | AT56: =IFERROR((AT51/(AT51+AT54)*AT52),0)+IFERROR((AT54/(AT51+AT54)*AT55),0) -> 0 | AU56: =IFERROR((AU51/(AU51+AU54)*AU52),0)+IFERROR((AU54/(AU51+AU54)*AU55),0) -> 0
AQ57: =IF(AQ56>0,AQ56,"") | AR57: =IF(AR56>0,AR56,"") | AS57: =IF(AS56>0,AS56,"") | AT57: =IF(AT56>0,AT56,"") | AU57: =IF(AU56>0,AU56,"")

Sheet Leiested
A1: Prosjekttittel: | C1: =IF(Registrering!B4="","",Registrering!B4)
A2: Leiestedskalkyle versjon: | E2: REGISTRER DRIFTSKOSTNADER | I2: Alle beløp angis i hele kroner
B3: Finansiør | D3: Kommentarfelt | E3: =Budsjett!D3 -> 2024 | F3: =E3+1 -> 2025 | G3: =F3+1 -> 2026 | H3: =G3+1 -> 2027 | I3: =H3+1 -> 2028 | J3: =I3+1 -> 2029 | K3: =J3+1 -> 2030 | L3: =K3+1 -> 2031 | M3: =L3+1 -> 2032 | N3: =M3+1 -> 2033 | O3: Totalt
A4: Leiested 1 | O4: =SUM(E4:N4) -> 0
A5: Antall timer/enheter Leiested
A6: Enhetspris Leiested
A7: Leiestedskostnader | B7: NFR | E7: =E5*E6 -> 0 | F7: =F5*F6 -> 0 | G7: =G5*G6 -> 0 | H7: =H5*H6 -> 0 | I7: =I5*I6 -> 0 | J7: =J5*J6 -> 0 | K7: =K5*K6 -> 0 | L7: =L5*L6 -> 0 | ... N7: =N5*N6 -> 0 | O7: =SUM(E7:N7) -> 0
A8: Leiested 2
A9: Antall timer/enheter Leiested
A10: Enhetspris Leiested
A11: Leiestedskostnader | B11: Egenandel | E11: =E9*E10 -> 0 | F11: =F9*F10 -> 0 | G11: =G9*G10 -> 0 | H11: =H9*H10 -> 0 | I11: =I9*I10 -> 0 | J11: =J9*J10 -> 0 | K11: =K9*K10 -> 0 | L11: =L9*L10 -> 0 | ... N11: =N9*N10 -> 0 | O11: =SUM(E11:N11) -> 0
A12: Leiested 3
A13: Antall timer/enheter Leiested
A14: Enhetspris Leiested
A15: Leiestedskostnader | B15: Private | E15: =E13*E14 -> 0 | F15: =F13*F14 -> 0 | G15: =G13*G14 -> 0 | H15: =H13*H14 -> 0 | I15: =I13*I14 -> 0 | J15: =J13*J14 -> 0 | K15: =K13*K14 -> 0 | L15: =L13*L14 -> 0 | ... N15: =N13*N14 -> 0 | O15: =SUM(E15:N15) -> 0
A16: Leiested 4
A17: Antall timer/enheter Leiested
A18: Enhetspris Leiested
A19: Leiestedskostnader | B19: Internasjonale | E19: =E17*E18 -> 0 | F19: =F17*F18 -> 0 | G19: =G17*G18 -> 0 | H19: =H17*H18 -> 0 | I19: =I17*I18 -> 0 | J19: =J17*J18 -> 0 | K19: =K17*K18 -> 0 | L19: =L17*L18 -> 0 | ... N19: =N17*N18 -> 0 | O19: =SUM(E19:N19) -> 0
A20: Leiested 5
A21: Antall timer/enheter Leiested
A22: Enhetspris Leiested
A23: Leiestedskostnader | B23: Offentlige | E23: =E21*E22 -> 0 | F23: =F21*F22 -> 0 | G23: =G21*G22 -> 0 | H23: =H21*H22 -> 0 | I23: =I21*I22 -> 0 | J23: =J21*J22 -> 0 | K23: =K21*K22 -> 0 | L23: =L21*L22 -> 0 | ... N23: =N21*N22 -> 0 | O23: =SUM(E23:N23) -> 0
A24: Leiested 6
A25: Antall timer/enheter Leiested
A26: Enhetspris Leiested
A27: Leiestedskostnader | E27: =E25*E26 -> 0 | F27: =F25*F26 -> 0 | G27: =G25*G26 -> 0 | H27: =H25*H26 -> 0 | I27: =I25*I26 -> 0 | J27: =J25*J26 -> 0 | K27: =K25*K26 -> 0 | L27: =L25*L26 -> 0 | ... N27: =N25*N26 -> 0 | O27: =SUM(E27:N27) -> 0
A28: Leiested 7
A29: Antall timer/enheter Leiested
A30: Enhetspris Leiested
A31: Leiestedskostnader | E31: =E29*E30 -> 0 | F31: =F29*F30 -> 0 | G31: =G29*G30 -> 0 | H31: =H29*H30 -> 0 | I31: =I29*I30 -> 0 | J31: =J29*J30 -> 0 | K31: =K29*K30 -> 0 | L31: =L29*L30 -> 0 | ... N31: =N29*N30 -> 0 | O31: =SUM(E31:N31) -> 0
A32: Leiested 8
A33: Antall timer/enheter Leiested
A34: Enhetspris Leiested
A35: Leiestedskostnader | B35: NFR | E35: =E33*E34 -> 0 | F35: =F33*F34 -> 0 | G35: =G33*G34 -> 0 | H35: =H33*H34 -> 0 | I35: =I33*I34 -> 0 | J35: =J33*J34 -> 0 | K35: =K33*K34 -> 0 | L35: =L33*L34 -> 0 | ... N35: =N33*N34 -> 0 | O35: =SUM(E35:N35) -> 0
A36: Leiested 9
A37: Antall timer/enheter Leiested
A38: Enhetspris Leiested
A39: Leiestedskostnader | B39: NFR | E39: =E37*E38 -> 0 | F39: =F37*F38 -> 0 | G39: =G37*G38 -> 0 | H39: =H37*H38 -> 0 | I39: =I37*I38 -> 0 | J39: =J37*J38 -> 0 | K39: =K37*K38 -> 0 | L39: =L37*L38 -> 0 | ... N39: =N37*N38 -> 0 | O39: =SUM(E39:N39) -> 0
A40: Leiested 10
A41: Antall timer/enheter Leiested
A42: Enhetspris Leiested
A43: Leiestedskostnader | B43: NFR | E43: =E41*E42 -> 0 | F43: =F41*F42 -> 0 | G43: =G41*G42 -> 0 | H43: =H41*H42 -> 0 | I43: =I41*I42 -> 0 | J43: =J41*J42 -> 0 | K43: =K41*K42 -> 0 | L43: =L41*L42 -> 0 | ... N43: =N41*N42 -> 0 | O43: =SUM(E43:N43) -> 0
A44: Leiested 11
A45: Antall timer/enheter Leiested
A46: Enhetspris Leiested
A47: Leiestedskostnader | B47: NFR | E47: =E45*E46 -> 0 | F47: =F45*F46 -> 0 | G47: =G45*G46 -> 0 | H47: =H45*H46 -> 0 | I47: =I45*I46 -> 0 | J47: =J45*J46 -> 0 | K47: =K45*K46 -> 0 | L47: =L45*L46 -> 0 | ... N47: =N45*N46 -> 0 | O47: =SUM(E47:N47) -> 0
A48: Leiested 12
A49: Antall timer/enheter Leiested
A50: Enhetspris Leiested
A51: Leiestedskostnader | B51: NFR | E51: =E49*E50 -> 0 | F51: =F49*F50 -> 0 | G51: =G49*G50 -> 0 | H51: =H49*H50 -> 0 | I51: =I49*I50 -> 0 | J51: =J49*J50 -> 0 | K51: =K49*K50 -> 0 | L51: =L49*L50 -> 0 | ... N51: =N49*N50 -> 0 | O51: =SUM(E51:N51) -> 0
A52: Leiested 13
A53: Antall timer/enheter Leiested
A54: Enhetspris Leiested
A55: Leiestedskostnader | B55: NFR | E55: =E53*E54 -> 0 | F55: =F53*F54 -> 0 | G55: =G53*G54 -> 0 | H55: =H53*H54 -> 0 | I55: =I53*I54 -> 0 | J55: =J53*J54 -> 0 | K55: =K53*K54 -> 0 | L55: =L53*L54 -> 0 | ... N55: =N53*N54 -> 0 | O55: =SUM(E55:N55) -> 0
A56: Leiested 14
A57: Antall timer/enheter Leiested
A58: Enhetspris Leiested
A59: Leiestedskostnader | B59: NFR | E59: =E57*E58 -> 0 | F59: =F57*F58 -> 0 | G59: =G57*G58 -> 0 | H59: =H57*H58 -> 0 | I59: =I57*I58 -> 0 | J59: =J57*J58 -> 0 | K59: =K57*K58 -> 0 | L59: =L57*L58 -> 0 | ... N59: =N57*N58 -> 0 | O59: =SUM(E59:N59) -> 0
A60: Leiested 15
A61: Antall timer/enheter Leiested
A62: Enhetspris Leiested
A63: Leiestedskostnader | B63: NFR | E63: =E61*E62 -> 0 | F63: =F61*F62 -> 0 | G63: =G61*G62 -> 0 | H63: =H61*H62 -> 0 | I63: =I61*I62 -> 0 | J63: =J61*J62 -> 0 | K63: =K61*K62 -> 0 | L63: =L61*L62 -> 0 | ... N63: =N61*N62 -> 0 | O63: =SUM(E63:N63) -> 0

Sheet Intern oversikt
B1: Prosjekttittel: | C1: =Registrering!B4 -> 0
B2: Prosjektnr: | C2: =Registrering!B8 -> 0
B3: Saksnummer ePhorte: | C3: =Registrering!B9 -> 0
B6: Intern rapport - søknadsbudsjett | C6: =Budsjett!D3 -> 2024 | D6: =Budsjett!E3 -> 2025 | E6: =Budsjett!F3 -> 2026 | F6: =Budsjett!G3 -> 2027 | G6: =Budsjett!H3 -> 2028 | H6: =Budsjett!I3 -> 2029 | I6: =Budsjett!J3 -> 2030 | J6: =Budsjett!K3 -> 2031 | K6: Totalitet
B7: Eksterne inntekter og kostnader
B8: Eksterne inntekter | C8: =Budsjett!D42 -> 0 | D8: =Budsjett!E42 -> 0 | E8: =Budsjett!F42 -> 0 | F8: =Budsjett!G42 -> 0 | G8: =Budsjett!H42 -> 0 | H8: =Budsjett!I42 -> 0 | I8: =Budsjett!J42 -> 0 | J8: =Budsjett!K42 -> 0 | K8: =SUM(C8:J8) -> 0
B9: Viderefordelte inntekter
B10: Totale eksterne inntekter | C10: =SUM(C8:C9) -> 0 | D10: =SUM(D8:D9) -> 0 | E10: =SUM(E8:E9) -> 0 | F10: =SUM(F8:F9) -> 0 | G10: =SUM(G8:G9) -> 0 | H10: =SUM(H8:H9) -> 0 | I10: =SUM(I8:I9) -> 0 | J10: =SUM(J8:J9) -> 0 | K10: =SUM(K8:K9) -> 0
B11: Personalkostnader | C11: =Budsjett!AN4 -> 0 | D11: =Budsjett!AO4 -> 0 | E11: =Budsjett!AP4 -> 0 | F11: =Budsjett!AQ4 -> 0 | G11: =Budsjett!AR4 -> 0 | H11: =Budsjett!AS4 -> 0 | I11: =Budsjett!AT4 -> 0 | J11: =Budsjett!AU4 -> 0 | K11: =SUM(C11:J11) -> 0
B12: Eksternt fin frikjøp | C12: =Budsjett!AN19 -> 0 | D12: =Budsjett!AO19 -> 0 | E12: =Budsjett!AP19 -> 0 | F12: =Budsjett!AQ19 -> 0 | G12: =Budsjett!AR19 -> 0 | H12: =Budsjett!AS19 -> 0 | I12: =Budsjett!AT19 -> 0 | J12: =Budsjett!AU19 -> 0 | K12: =SUM(C12:J12) -> 0
B13: Eksternt fin overheadkostnader | C13: =Budsjett!BF34 -> 0 | D13: =Budsjett!BG34 -> 0 | E13: =Budsjett!BH34 -> 0 | F13: =Budsjett!BI34 -> 0 | G13: =Budsjett!BJ34 -> 0 | H13: =Budsjett!BK34 -> 0 | I13: =Budsjett!BL34 -> 0 | J13: =Budsjett!BM34 -> 0 | K13: =SUM(C13:J13) -> 0
B14: Family allowance | C14: =Budsjett!D37 -> 0 | D14: =Budsjett!E37 -> 0 | E14: =Budsjett!F37 -> 0 | F14: =Budsjett!G37 -> 0 | G14: =Budsjett!H37 -> 0 | H14: =Budsjett!I37 -> 0 | I14: =Budsjett!J37 -> 0 | J14: =Budsjett!K37 -> 0 | K14: =SUM(C14:J14) -> 0
B15: Eksternt fin leiestedskostnader | K15: =SUM(C15:J15) -> 0
B16: Research, training og networking costs per year | C16: =Budsjett!AN40 | D16: =Budsjett!AO40 | E16: =Budsjett!AP40 | F16: =Budsjett!AQ40 | G16: =Budsjett!AR40 | H16: =Budsjett!AS40 | I16: =Budsjett!AT40 | J16: =Budsjett!AU40 | K16: =SUM(C16:J16) -> 0
B17: Management & indirect costs per year | C17: =Budsjett!AN41 -> 0 | D17: =Budsjett!AO41 -> 0 | E17: =Budsjett!AP41 -> 0 | F17: =Budsjett!AQ41 -> 0 | G17: =Budsjett!AR41 -> 0 | H17: =Budsjett!AS41 -> 0 | I17: =Budsjett!AT41 -> 0 | J17: =Budsjett!AU41 -> 0 | K17: =SUM(C17:J17) -> 0
B18: Totale eksterne kostnader | C18: =SUM(C11:C17) -> 0 | D18: =SUM(D11:D17) -> 0 | E18: =SUM(E11:E17) -> 0 | F18: =SUM(F11:F17) -> 0 | G18: =SUM(G11:G17) -> 0 | H18: =SUM(H11:H17) -> 0 | I18: =SUM(I11:I17) -> 0 | J18: =SUM(J11:J17) -> 0 | K18: =SUM(K11:K17) -> 0
B19: Resultat på prosjektet | C19: =C10+C18 -> 0 | D19: =D10+D18 -> 0 | E19: =E10+E18 -> 0 | F19: =F10+F18 -> 0 | G19: =G10+G18 -> 0 | H19: =H10+H18 -> 0 | I19: =I10+I18 -> 0 | J19: =J10+J18 -> 0 | K19: =K10+K18 -> 0
B21: Intern finansiering av ressurser
B22: Egenandel | C22: =Budsjett!D43 -> 0 | D22: =Budsjett!E43 -> 0 | E22: =Budsjett!F43 -> 0 | F22: =Budsjett!G43 -> 0 | G22: =Budsjett!H43 -> 0 | H22: =Budsjett!I43 -> 0 | I22: =Budsjett!J43 -> 0 | J22: =Budsjett!K43 -> 0 | K22: =SUM(C22:J22) -> 0
B23: Kostnad internt fin frikjøp | C23: =Budsjett!AN27 -> 0 | D23: =Budsjett!AO27 -> 0 | E23: =Budsjett!AP27 -> 0 | F23: =Budsjett!AQ27 -> 0 | G23: =Budsjett!AR27 -> 0 | H23: =Budsjett!AS27 -> 0 | I23: =Budsjett!AT27 -> 0 | J23: =Budsjett!AU27 -> 0 | K23: =SUM(C23:J23) -> 0
B24: Internt fin overheadkostnader | C24: =Budsjett!BO4 -> 0 | D24: =Budsjett!BP4 -> 0 | E24: =Budsjett!BQ4 -> 0 | F24: =Budsjett!BR4 -> 0 | G24: =Budsjett!BS4 -> 0 | H24: =Budsjett!BT4 -> 0 | I24: =Budsjett!BU4 -> 0 | J24: =Budsjett!BV4 -> 0 | K24: =SUM(C24:J24) -> 0
B25: Internt fin. leiestedskostnader | K25: =SUM(C25:J25) -> 0
B26: Sum intern finansiering | C26: =SUM(C22:C25) -> 0 | D26: =SUM(D22:D25) -> 0 | E26: =SUM(E22:E25) -> 0 | F26: =SUM(F22:F25) -> 0 | G26: =SUM(G22:G25) -> 0 | H26: =SUM(H22:H25) -> 0 | I26: =SUM(I22:I25) -> 0 | J26: =SUM(J22:J25) -> 0 | K26: =SUM(C26:J26) -> 0
B27: Resultat levetidsprognose | C27: =C10+C18+C26 -> 0 | D27: =D10+D18+D26 -> 0 | E27: =E10+E18+E26 -> 0 | F27: =F10+F18+F26 -> 0 | G27: =G10+G18+G26 -> 0 | H27: =H10+H18+H26 -> 0 | I27: =I10+I18+I26 -> 0 | J27: =J10+J18+J26 -> 0 | K27: =SUM(C27:G27) -> 0
B29: Totale kostnader i prosjektet | C29: =C18+C23+C24+C25 -> 0 | D29: =D18+D23+D24+D25 -> 0 | E29: =E18+E23+E24+E25 -> 0 | F29: =F18+F23+F24+F25 -> 0 | G29: =G18+G23+G24+G25 -> 0 | H29: =H18+H23+H24+H25 -> 0 | I29: =I18+I23+I24+I25 -> 0 | J29: =J18+J23+J24+J25 -> 0 | K29: =SUM(C29:J29) -> 0
B30: Nettobidrag | C30: =-C24-C22 -> 0 | D30: =-D24-D22 -> 0 | E30: =-E24-E22 -> 0 | F30: =-F24-F22 -> 0 | G30: =-G24-G22 -> 0 | H30: =-H24-H22 -> 0 | I30: =-I24-I22 -> 0 | J30: =-J24-J22 -> 0 | K30: =SUM(C30:J30) -> 0
E31: =Budsjett!A52 -> Mer inntekt/kostnad for instituttet | H31: =Budsjett!E52 -> 0
E32: Prosjektets reelle nettobidrag | H32: =K30+H31 -> 0
B34: Kort begrunnelse for prosjektets faglige interesse: | C34: =Registrering!B10 -> 0 | G34: Total overheadkostnad | H34: =IFERROR((K24+K13)/(K11+K12+K23),0) -> 0
G35: Eksternt fin. overhead | H35: =IFERROR((K13)/(K11+K12),0) -> 0
G36: Egenandelsprosent | H36: =IFERROR(-K22/K29,0) -> 0
B37: Underskrifter (på papirutskriften - som skal arkiveres)
B39: Prosjekteier (instituttleder) | D39: Dato | E39: Prosjektleder | J39: Dato
B40: =Registrering!B7 -> 0 | E40: =Registrering!B5 -> 0

Sheet NFR-budsjett
B1: NFR - budgeting form
B3: Cost plan (in NOK 1000)*
C4: =Budsjett!D3 -> 2024 | D4: =Budsjett!E3 -> 2025 | E4: =Budsjett!F3 -> 2026 | F4: =Budsjett!#REF! -> #REF! | G4: =Budsjett!#REF! -> #REF! | H4: =Budsjett!#REF! -> #REF! | I4: =Budsjett!#REF! -> #REF! | J4: =Budsjett!#REF! -> #REF! | K4: =Budsjett!#REF! -> #REF! | L4: =Budsjett!#REF! -> #REF! | M4: Sum 3 siste år | N4: Sum
B5: Payroll and indirect expenses | C5: =SUM('Intern oversikt'!C11+'Intern oversikt'!C12+'Intern oversikt'!C13+'Intern oversikt'!C23+'Intern oversikt'!C24) -> 0 | D5: =SUM('Intern oversikt'!D11+'Intern oversikt'!D12+'Intern oversikt'!D13+'Intern oversikt'!D23+'Intern oversikt'!D24) -> 0 | E5: =SUM('Intern oversikt'!E11+'Intern oversikt'!E12+'Intern oversikt'!E13+'Intern oversikt'!E23+'Intern oversikt'!E24) -> 0 | F5: =SUM('Intern oversikt'!#REF!+'Intern oversikt'!#REF!+'Intern oversikt'!#REF!+'Intern oversikt'!#REF!+'Intern oversikt'!#REF!) -> #REF! | G5: =SUM('Intern oversikt'!#REF!+'Intern oversikt'!#REF!+'Intern oversikt'!#REF!+'Intern oversikt'!#REF!+'Intern oversikt'!#REF!) -> #REF! | H5: =SUM('Intern oversikt'!#REF!+'Intern oversikt'!#REF!+'Intern oversikt'!#REF!+'Intern oversikt'!#REF!+'Intern oversikt'!#REF!) -> #REF! | I5: =SUM('Intern oversikt'!#REF!+'Intern oversikt'!#REF!+'Intern oversikt'!#REF!+'Intern oversikt'!#REF!+'Intern oversikt'!#REF!) -> #REF! | J5: =SUM('Intern oversikt'!#REF!+'Intern oversikt'!#REF!+'Intern oversikt'!#REF!+'Intern oversikt'!#REF!+'Intern oversikt'!#REF!) -> #REF! | K5: =SUM('Intern oversikt'!#REF!+'Intern oversikt'!#REF!+'Intern oversikt'!#REF!+'Intern oversikt'!#REF!+'Intern oversikt'!#REF!) -> #REF! | L5: =SUM('Intern oversikt'!#REF!+'Intern oversikt'!#REF!+'Intern oversikt'!#REF!+'Intern oversikt'!#REF!+'Intern oversikt'!#REF!) -> #REF! | M5: =H5+I5+J5 -> #REF! | N5: =SUM(C5:L5) -> #REF!
B6: Procurement of R&D services | C6: =Budsjett!#REF!+Budsjett!#REF! -> #REF! | D6: =Budsjett!#REF!+Budsjett!#REF! -> #REF! | E6: =Budsjett!#REF!+Budsjett!#REF! -> #REF! | F6: =Budsjett!#REF!+Budsjett!#REF! -> #REF! | G6: =Budsjett!#REF!+Budsjett!#REF! -> #REF! | H6: =Budsjett!#REF!+Budsjett!#REF! -> #REF! | I6: =Budsjett!#REF!+Budsjett!#REF! -> #REF! | J6: =Budsjett!#REF!+Budsjett!#REF! -> #REF! | ... L6: =Budsjett!#REF!+Budsjett!#REF! -> #REF! | M6: =H6+I6+J6 -> #REF! | N6: =SUM(C6:L6) -> #REF!
B7: Equipment | C7: =Budsjett!#REF! -> #REF! | D7: =Budsjett!#REF! -> #REF! | E7: =Budsjett!#REF! -> #REF! | F7: =Budsjett!#REF! -> #REF! | G7: =Budsjett!#REF! -> #REF! | H7: =Budsjett!#REF! -> #REF! | I7: =Budsjett!#REF! -> #REF! | J7: =Budsjett!#REF! -> #REF! | ... L7: =Budsjett!#REF! -> #REF! | M7: =H7+I7+J7 -> #REF! | N7: =SUM(C7:L7) -> #REF!
B8: Other operating expenses | C8: =SUM(Budsjett!#REF!+Budsjett!D38+Budsjett!#REF!+Budsjett!#REF!+Budsjett!#REF!+Budsjett!#REF!) -> #REF! | D8: =SUM(Budsjett!E38+Budsjett!E39+Budsjett!#REF!+Budsjett!#REF!+Budsjett!#REF!+Budsjett!#REF!) -> #VALUE! | E8: =SUM(Budsjett!F38+Budsjett!F39+Budsjett!#REF!+Budsjett!#REF!+Budsjett!#REF!+Budsjett!#REF!) -> #VALUE! | F8: =SUM(Budsjett!#REF!+Budsjett!#REF!+Budsjett!#REF!+Budsjett!#REF!+Budsjett!#REF!+Budsjett!#REF!) -> #REF! | G8: =SUM(Budsjett!#REF!+Budsjett!#REF!+Budsjett!#REF!+Budsjett!#REF!+Budsjett!#REF!+Budsjett!#REF!) -> #REF! | H8: =SUM(Budsjett!#REF!+Budsjett!#REF!+Budsjett!#REF!+Budsjett!#REF!+Budsjett!#REF!+Budsjett!#REF!) -> #REF! | I8: =SUM(Budsjett!#REF!+Budsjett!#REF!+Budsjett!#REF!+Budsjett!#REF!+Budsjett!#REF!+Budsjett!#REF!) -> #REF! | J8: =SUM(Budsjett!#REF!+Budsjett!#REF!+Budsjett!#REF!+Budsjett!#REF!+Budsjett!#REF!+Budsjett!#REF!) -> #REF! | K8: =SUM(Budsjett!#REF!+Budsjett!#REF!+Budsjett!#REF!+Budsjett!#REF!+Budsjett!#REF!+Budsjett!#REF!) -> #REF! | L8: =SUM(Budsjett!#REF!+Budsjett!#REF!+Budsjett!#REF!+Budsjett!#REF!+Budsjett!#REF!+Budsjett!#REF!) -> #REF! | M8: =H8+I8+J8 -> #REF! | N8: =SUM(C8:L8) -> #REF!
B9: Totals | C9: =SUM(C5:C8) -> #REF! | D9: =SUM(D5:D8) -> #REF! | E9: =SUM(E5:E8) -> #REF! | F9: =SUM(F5:F8) -> #REF! | G9: =SUM(G5:G8) -> #REF! | H9: =SUM(H5:H8) -> #REF! | I9: =SUM(I5:I8) -> #REF! | J9: =SUM(J5:J8) -> #REF! | ... N9: =SUM(N5:N8) -> #REF!
B11: Cost code (in NOK 1000)*
C12: =C4 -> 2024 | D12: =D4 -> 2025 | E12: =E4 -> 2026 | F12: =F4 -> #REF! | G12: =G4 -> #REF! | H12: =H4 -> #REF! | I12: =I4 -> #REF! | J12: =J4 -> #REF! | ... L12: =L4 -> #REF! | M12: Sum 3 siste år | N12: Sum
B13: Trade and industry | M13: =H13+I13+J13 -> 0 | N13: =SUM(C13:L13) -> 0
B14: Independent research institute | M14: =H14+I14+J14 -> 0 | N14: =SUM(C14:L14) -> 0
B15: Universities and University Colleges | C15: =C9-C13-C14-C16-C17 -> #REF! | D15: =D9-D13-D14-D16-D17 -> #REF! | E15: =E9-E13-E14-E16-E17 -> #REF! | F15: =F9-F13-F14-F16-F17 -> #REF! | G15: =G9-G13-G14-G16-G17 -> #REF! | H15: =H9-H13-H14-H16-H17 -> #REF! | I15: =I9-I13-I14-I16-I17 -> #REF! | J15: =J9-J13-J14-J16-J17 -> #REF! | ... L15: =L9-L13-L14-L16-L17 -> #REF! | M15: =H15+I15+J15 -> #REF! | N15: =SUM(C15:L15) -> #REF!
B16: Other sectors | M16: =H16+I16+J16 -> 0 | N16: =SUM(C16:L16) -> 0
B17: Abroad | M17: =H17+I17+J17 -> 0 | N17: =SUM(C17:L17) -> 0
B18: Totals | C18: =SUM(C13:C17) -> #REF! | D18: =SUM(D14:D17) -> #REF! | E18: =SUM(E14:E17) -> #REF! | F18: =SUM(F14:F17) -> #REF! | G18: =SUM(G14:G17) -> #REF! | H18: =SUM(H14:H17) -> #REF! | I18: =SUM(I14:I17) -> #REF! | J18: =SUM(J14:J17) -> #REF! | K18: =SUM(K14:K17) -> #REF! | ... M18: =SUM(M14:M17) -> #REF! | N18: =SUM(N13:N17) -> #REF!
B20: Funding plan (in NOK 1000)*
C21: =C4 -> 2024 | D21: =D4 -> 2025 | E21: =E4 -> 2026 | F21: =F4 -> #REF! | G21: =G4 -> #REF! | H21: =H4 -> #REF! | I21: =I4 -> #REF! | J21: =J4 -> #REF! | ... L21: =L4 -> #REF! | M21: Sum 3 siste år | N21: Sum | O21: % Andel
B22: Own financing | C22: =-Budsjett!D43 -> 0 | D22: =-Budsjett!E43 -> 0 | E22: =-Budsjett!F43 -> 0 | F22: =-Budsjett!#REF! -> #REF! | G22: =-Budsjett!#REF! -> #REF! | H22: =-Budsjett!#REF! -> #REF! | I22: =-Budsjett!#REF! -> #REF! | J22: =-Budsjett!#REF! -> #REF! | K22: =-Budsjett!#REF! -> #REF! | L22: =-Budsjett!#REF! -> #REF! | M22: =H22+I22+J22 -> #REF! | N22: =SUM(C22:L22) -> #REF! | O22: =IFERROR(N22/$N$27*100,0) -> 0 | P22: =IFERROR(N22/($N$22+$N$25)*100,0) -> 0
B23: International funding | C23: =-IF(Registrering!$B$28="Fast beløp",Finansiering!C26,Budsjett!#REF!) -> 0 | D23: =-IF(Registrering!$B$28="Fast beløp",Finansiering!D26,Budsjett!#REF!) -> 0 | E23: =-IF(Registrering!$B$28="Fast beløp",Finansiering!E26,Budsjett!#REF!) -> 0 | F23: =-IF(Registrering!$B$28="Fast beløp",Finansiering!F26,Budsjett!#REF!) -> 0 | G23: =-IF(Registrering!$B$28="Fast beløp",Finansiering!G26,Budsjett!#REF!) -> 0 | H23: =-IF(Registrering!$B$28="Fast beløp",Finansiering!H26,Budsjett!#REF!) -> 0 | I23: =-IF(Registrering!$B$28="Fast beløp",Finansiering!I26,Budsjett!#REF!) -> 0 | J23: =-IF(Registrering!$B$28="Fast beløp",Finansiering!J26,Budsjett!#REF!) -> 0 | ... M23: =-IF(Registrering!$B$28="Fast beløp",Finansiering!M26,Budsjett!#REF!) -> 0 | N23: =SUM(C23:L23) -> 0 | O23: =IFERROR(N23/$N$27*100,0) -> 0
B24: Other public funding | C24: =-IF(Registrering!$B$28="Fast beløp",Finansiering!C27,Budsjett!#REF!) -> 0 | D24: =-IF(Registrering!$B$28="Fast beløp",Finansiering!D27,Budsjett!#REF!) -> 0 | E24: =-IF(Registrering!$B$28="Fast beløp",Finansiering!E27,Budsjett!#REF!) -> 0 | F24: =-IF(Registrering!$B$28="Fast beløp",Finansiering!F27,Budsjett!#REF!) -> 0 | G24: =-IF(Registrering!$B$28="Fast beløp",Finansiering!G27,Budsjett!#REF!) -> 0 | H24: =-IF(Registrering!$B$28="Fast beløp",Finansiering!H27,Budsjett!#REF!) -> 0 | I24: =-IF(Registrering!$B$28="Fast beløp",Finansiering!I27,Budsjett!#REF!) -> 0 | J24: =-IF(Registrering!$B$28="Fast beløp",Finansiering!J27,Budsjett!#REF!) -> 0 | ... L24: =-IF(Registrering!$B$28="Fast beløp",Finansiering!L27,Budsjett!#REF!) -> 0 | M24: =H24+I24+J24 -> 0 | N24: =SUM(C24:L24) -> 0 | O24: =IFERROR(N24/$N$27*100,0) -> 0
B25: Other private funding | C25: =-IF(Registrering!$B$28="Fast beløp",Finansiering!C28,Budsjett!#REF!) -> 0 | D25: =-IF(Registrering!$B$28="Fast beløp",Finansiering!D28,Budsjett!#REF!) -> 0 | E25: =-IF(Registrering!$B$28="Fast beløp",Finansiering!E28,Budsjett!#REF!) -> 0 | F25: =-IF(Registrering!$B$28="Fast beløp",Finansiering!F28,Budsjett!#REF!) -> 0 | G25: =-IF(Registrering!$B$28="Fast beløp",Finansiering!G28,Budsjett!#REF!) -> 0 | H25: =-IF(Registrering!$B$28="Fast beløp",Finansiering!H28,Budsjett!#REF!) -> 0 | I25: =-IF(Registrering!$B$28="Fast beløp",Finansiering!I28,Budsjett!#REF!) -> 0 | J25: =-IF(Registrering!$B$28="Fast beløp",Finansiering!J28,Budsjett!#REF!) -> 0 | ... M25: =-IF(Registrering!$B$28="Fast beløp",Finansiering!M28,Budsjett!#REF!) -> 0 | N25: =SUM(C25:L25) -> 0 | O25: =IFERROR(N25/$N$27*100,0) -> 0 | P25: =IFERROR(N25/($N$22+$N$25)*100,0) -> 0
B26: From Research Council | C26: =-IF(Registrering!$B$28="Fast beløp",Finansiering!C29,Budsjett!#REF!) -> 0 | D26: =-IF(Registrering!$B$28="Fast beløp",Finansiering!D29,Budsjett!#REF!) -> 0 | E26: =-IF(Registrering!$B$28="Fast beløp",Finansiering!E29,Budsjett!#REF!) -> 0 | F26: =-IF(Registrering!$B$28="Fast beløp",Finansiering!F29,Budsjett!#REF!) -> 0 | G26: =-IF(Registrering!$B$28="Fast beløp",Finansiering!G29,Budsjett!#REF!) -> 0 | H26: =-IF(Registrering!$B$28="Fast beløp",Finansiering!H29,Budsjett!#REF!) -> 0 | I26: =-IF(Registrering!$B$28="Fast beløp",Finansiering!I29,Budsjett!#REF!) -> 0 | J26: =-IF(Registrering!$B$28="Fast beløp",Finansiering!J29,Budsjett!#REF!) -> 0 | ... L26: =-IF(Registrering!$B$28="Fast beløp",Finansiering!L29,Budsjett!#REF!) -> 0 | M26: =H26+I26+J26 -> 0 | N26: =SUM(C26:L26) -> 0 | O26: =IFERROR(N26/$N$27*100,0) -> 0
B27: Totals | C27: =SUM(C22:C26) -> 0 | D27: =SUM(D22:D26) -> 0 | E27: =SUM(E22:E26) -> 0 | F27: =SUM(F22:F26) -> #REF! | G27: =SUM(G22:G26) -> #REF! | H27: =SUM(H22:H26) -> #REF! | I27: =SUM(I22:I26) -> #REF! | J27: =SUM(J22:J26) -> #REF! | ... N27: =SUM(N22:N26) -> #REF! | O27: =N27/N27 -> #REF!
B28: kontroll | C28: =C9-C27 -> #REF! | D28: =D9-D27 -> #REF! | E28: =E9-E27 -> #REF! | F28: =F9-F27 -> #REF! | G28: =G9-G27 -> #REF! | H28: =H9-H27 -> #REF! | I28: =I9-I27 -> #REF! | J28: =J9-J27 -> #REF! | ... L28: =L9-L27 -> #REF! | N28: =N9-N27 -> #REF!
B29: Allocations sought from the Research Council (in 1000 NOK)
C30: =C4 -> 2024 | D30: =D4 -> 2025 | E30: =E4 -> 2026 | F30: =F4 -> #REF! | G30: =G4 -> #REF! | H30: =H4 -> #REF! | I30: =I4 -> #REF! | J30: =J4 -> #REF! | ... L30: =L4 -> #REF! | M30: Sum 3 siste år | N30: Sum
B31: Student fellowships | C31: =-SUMIF(Budsjett!#REF!,Finansiering!$A$17,Budsjett!#REF!) -> #REF! | D31: =-SUMIF(Budsjett!#REF!,Finansiering!$A$17,Budsjett!#REF!) -> #REF! | E31: =-SUMIF(Budsjett!#REF!,Finansiering!$A$17,Budsjett!#REF!) -> #REF! | F31: =-SUMIF(Budsjett!#REF!,Finansiering!$A$17,Budsjett!#REF!) -> #REF! | G31: =-SUMIF(Budsjett!#REF!,Finansiering!$A$17,Budsjett!#REF!) -> #REF! | H31: =-SUMIF(Budsjett!#REF!,Finansiering!$A$17,Budsjett!#REF!) -> #REF! | I31: =-SUMIF(Budsjett!#REF!,Finansiering!$A$17,Budsjett!#REF!) -> #REF! | J31: =-SUMIF(Budsjett!#REF!,Finansiering!$A$17,Budsjett!#REF!) -> #REF! | ... L31: =-SUMIF(Budsjett!#REF!,Finansiering!$A$17,Budsjett!#REF!) -> #REF! | M31: =H31+I31+J31 -> #REF! | N31: =SUM(C31:L31) -> #REF!
B32: Doctoral fellowships | C32: =-SUMIF(Budsjett!#REF!,Finansiering!$A$13,Budsjett!#REF!) -> #REF! | D32: =-SUMIF(Budsjett!#REF!,Finansiering!$A$13,Budsjett!#REF!) -> #REF! | E32: =-SUMIF(Budsjett!#REF!,Finansiering!$A$13,Budsjett!#REF!) -> #REF! | F32: =-SUMIF(Budsjett!#REF!,Finansiering!$A$13,Budsjett!#REF!) -> #REF! | G32: =-SUMIF(Budsjett!#REF!,Finansiering!$A$13,Budsjett!#REF!) -> #REF! | H32: =-SUMIF(Budsjett!#REF!,Finansiering!$A$13,Budsjett!#REF!) -> #REF! | I32: =-SUMIF(Budsjett!#REF!,Finansiering!$A$13,Budsjett!#REF!) -> #REF! | J32: =-SUMIF(Budsjett!#REF!,Finansiering!$A$13,Budsjett!#REF!) -> #REF! | ... L32: =-SUMIF(Budsjett!#REF!,Finansiering!$A$13,Budsjett!#REF!) -> #REF! | M32: =H32+I32+J32 -> #REF! | N32: =SUM(C32:L32) -> #REF!
B33: Post-doctoral fellowships | C33: =-SUMIF(Budsjett!#REF!,Finansiering!$A$12,Budsjett!#REF!) -> #REF! | D33: =-SUMIF(Budsjett!#REF!,Finansiering!$A$12,Budsjett!#REF!) -> #REF! | E33: =-SUMIF(Budsjett!#REF!,Finansiering!$A$12,Budsjett!#REF!) -> #REF! | F33: =-SUMIF(Budsjett!#REF!,Finansiering!$A$12,Budsjett!#REF!) -> #REF! | G33: =-SUMIF(Budsjett!#REF!,Finansiering!$A$12,Budsjett!#REF!) -> #REF! | H33: =-SUMIF(Budsjett!#REF!,Finansiering!$A$12,Budsjett!#REF!) -> #REF! | I33: =-SUMIF(Budsjett!#REF!,Finansiering!$A$12,Budsjett!#REF!) -> #REF! | J33: =-SUMIF(Budsjett!#REF!,Finansiering!$A$12,Budsjett!#REF!) -> #REF! | ... L33: =-SUMIF(Budsjett!#REF!,Finansiering!$A$12,Budsjett!#REF!) -> #REF! | M33: =H33+I33+J33 -> #REF! | N33: =SUM(C33:L33) -> #REF!
B34: Grants for visiting researchers | C34: =-SUMIF(Budsjett!#REF!,Finansiering!$A$18,Budsjett!#REF!)-SUMIF(Budsjett!#REF!,Finansiering!$A$19,Budsjett!#REF!) -> #REF! | D34: =-SUMIF(Budsjett!#REF!,Finansiering!$A$18,Budsjett!#REF!)-SUMIF(Budsjett!#REF!,Finansiering!$A$19,Budsjett!#REF!) -> #REF! | E34: =-SUMIF(Budsjett!#REF!,Finansiering!$A$18,Budsjett!#REF!)-SUMIF(Budsjett!#REF!,Finansiering!$A$19,Budsjett!#REF!) -> #REF! | F34: =-SUMIF(Budsjett!#REF!,Finansiering!$A$18,Budsjett!#REF!)-SUMIF(Budsjett!#REF!,Finansiering!$A$19,Budsjett!#REF!) -> #REF! | G34: =-SUMIF(Budsjett!#REF!,Finansiering!$A$18,Budsjett!#REF!)-SUMIF(Budsjett!#REF!,Finansiering!$A$19,Budsjett!#REF!) -> #REF! | H34: =-SUMIF(Budsjett!#REF!,Finansiering!$A$18,Budsjett!#REF!)-SUMIF(Budsjett!#REF!,Finansiering!$A$19,Budsjett!#REF!) -> #REF! | I34: =-SUMIF(Budsjett!#REF!,Finansiering!$A$18,Budsjett!#REF!)-SUMIF(Budsjett!#REF!,Finansiering!$A$19,Budsjett!#REF!) -> #REF! | J34: =-SUMIF(Budsjett!#REF!,Finansiering!$A$18,Budsjett!#REF!)-SUMIF(Budsjett!#REF!,Finansiering!$A$19,Budsjett!#REF!) -> #REF! | ... L34: =-SUMIF(Budsjett!#REF!,Finansiering!$A$18,Budsjett!#REF!)-SUMIF(Budsjett!#REF!,Finansiering!$A$19,Budsjett!#REF!) -> #REF! | M34: =H34+I34+J34 -> #REF! | N34: =SUM(C34:L34) -> #REF!
B35: Grants for overseas researchers | C35: =-SUMIF(Budsjett!#REF!,Finansiering!$A$20,Budsjett!#REF!)-SUMIF(Budsjett!#REF!,Finansiering!$A$21,Budsjett!#REF!) -> #REF! | D35: =-SUMIF(Budsjett!#REF!,Finansiering!$A$20,Budsjett!#REF!)-SUMIF(Budsjett!#REF!,Finansiering!$A$21,Budsjett!#REF!) -> #REF! | E35: =-SUMIF(Budsjett!#REF!,Finansiering!$A$20,Budsjett!#REF!)-SUMIF(Budsjett!#REF!,Finansiering!$A$21,Budsjett!#REF!) -> #REF! | F35: =-SUMIF(Budsjett!#REF!,Finansiering!$A$20,Budsjett!#REF!)-SUMIF(Budsjett!#REF!,Finansiering!$A$21,Budsjett!#REF!) -> #REF! | G35: =-SUMIF(Budsjett!#REF!,Finansiering!$A$20,Budsjett!#REF!)-SUMIF(Budsjett!#REF!,Finansiering!$A$21,Budsjett!#REF!) -> #REF! | H35: =-SUMIF(Budsjett!#REF!,Finansiering!$A$20,Budsjett!#REF!)-SUMIF(Budsjett!#REF!,Finansiering!$A$21,Budsjett!#REF!) -> #REF! | I35: =-SUMIF(Budsjett!#REF!,Finansiering!$A$20,Budsjett!#REF!)-SUMIF(Budsjett!#REF!,Finansiering!$A$21,Budsjett!#REF!) -> #REF! | J35: =-SUMIF(Budsjett!#REF!,Finansiering!$A$20,Budsjett!#REF!)-SUMIF(Budsjett!#REF!,Finansiering!$A$21,Budsjett!#REF!) -> #REF! | ... L35: =-SUMIF(Budsjett!#REF!,Finansiering!$A$20,Budsjett!#REF!)-SUMIF(Budsjett!#REF!,Finansiering!$A$21,Budsjett!#REF!) -> #REF! | M35: =H35+I35+J35 -> #REF! | N35: =SUM(C35:L35) -> #REF!
B36: Researcher positions | C36: =-Budsjett!#REF!-SUM(C31:C35)-C37 -> #REF! | D36: =-Budsjett!#REF!-SUM(D31:D35)-D37 -> #REF! | E36: =-Budsjett!#REF!-SUM(E31:E35)-E37 -> #REF! | F36: =-Budsjett!#REF!-SUM(F31:F35)-F37 -> #REF! | G36: =-Budsjett!#REF!-SUM(G31:G35)-G37 -> #REF! | H36: =-Budsjett!#REF!-SUM(H31:H35)-H37 -> #REF! | I36: =-Budsjett!#REF!-SUM(I31:I35)-I37 -> #REF! | J36: =-Budsjett!#REF!-SUM(J31:J35)-J37 -> #REF! | ... L36: =-Budsjett!#REF!-SUM(L31:L35)-L37 -> #REF! | M36: =H36+I36+J36 -> #REF! | N36: =SUM(C36:L36) -> #REF!
B37: Hourly-based salary including indirect costs | C37: =-SUMIF(Budsjett!#REF!,Finansiering!$A$22,Budsjett!#REF!)-SUMIF(Budsjett!#REF!,Finansiering!$A$16,Budsjett!#REF!) -> #REF! | D37: =-SUMIF(Budsjett!#REF!,Finansiering!$A$22,Budsjett!#REF!)-SUMIF(Budsjett!#REF!,Finansiering!$A$16,Budsjett!#REF!) -> #REF! | E37: =-SUMIF(Budsjett!#REF!,Finansiering!$A$22,Budsjett!#REF!)-SUMIF(Budsjett!#REF!,Finansiering!$A$16,Budsjett!#REF!) -> #REF! | F37: =-SUMIF(Budsjett!#REF!,Finansiering!$A$22,Budsjett!#REF!)-SUMIF(Budsjett!#REF!,Finansiering!$A$16,Budsjett!#REF!) -> #REF! | G37: =-SUMIF(Budsjett!#REF!,Finansiering!$A$22,Budsjett!#REF!)-SUMIF(Budsjett!#REF!,Finansiering!$A$16,Budsjett!#REF!) -> #REF! | H37: =-SUMIF(Budsjett!#REF!,Finansiering!$A$22,Budsjett!#REF!)-SUMIF(Budsjett!#REF!,Finansiering!$A$16,Budsjett!#REF!) -> #REF! | I37: =-SUMIF(Budsjett!#REF!,Finansiering!$A$22,Budsjett!#REF!)-SUMIF(Budsjett!#REF!,Finansiering!$A$16,Budsjett!#REF!) -> #REF! | J37: =-SUMIF(Budsjett!#REF!,Finansiering!$A$22,Budsjett!#REF!)-SUMIF(Budsjett!#REF!,Finansiering!$A$16,Budsjett!#REF!) -> #REF! | ... L37: =-SUMIF(Budsjett!#REF!,Finansiering!$A$22,Budsjett!#REF!)-SUMIF(Budsjett!#REF!,Finansiering!$A$16,Budsjett!#REF!) -> #REF! | M37: =H37+I37+J37 -> #REF! | N37: =SUM(C37:L37) -> #REF!
B38: Sum payroll and indirect expenses | C38: =SUM(C31:C37) -> #REF! | D38: =SUM(D31:D37) -> #REF! | E38: =SUM(E31:E37) -> #REF! | F38: =SUM(F31:F37) -> #REF! | G38: =SUM(G31:G37) -> #REF! | H38: =SUM(H31:H37) -> #REF! | I38: =SUM(I31:I37) -> #REF! | J38: =SUM(J31:J37) -> #REF! | ... N38: =SUM(N31:N37) -> #REF!
B39: Procurement of R&D services | C39: =-Budsjett!#REF!-Budsjett!#REF! -> #REF! | D39: =-Budsjett!#REF!-Budsjett!#REF! -> #REF! | E39: =-Budsjett!#REF!-Budsjett!#REF! -> #REF! | F39: =-Budsjett!#REF!-Budsjett!#REF! -> #REF! | G39: =-Budsjett!#REF!-Budsjett!#REF! -> #REF! | H39: =-Budsjett!#REF!-Budsjett!#REF! -> #REF! | I39: =-Budsjett!#REF!-Budsjett!#REF! -> #REF! | J39: =-Budsjett!#REF!-Budsjett!#REF! -> #REF! | ... L39: =-Budsjett!#REF!-Budsjett!#REF! -> #REF! | M39: =H39+I39+J39 -> #REF! | N39: =SUM(C39:L39) -> #REF!
B40: Equipment | C40: =Budsjett!#REF! -> #REF! | D40: =Budsjett!#REF! -> #REF! | E40: =Budsjett!#REF! -> #REF! | F40: =Budsjett!#REF! -> #REF! | G40: =Budsjett!#REF! -> #REF! | H40: =Budsjett!#REF! -> #REF! | I40: =Budsjett!#REF! -> #REF! | J40: =Budsjett!#REF! -> #REF! | ... L40: =Budsjett!#REF! -> #REF! | M40: =H40+I40+J40 -> #REF! | N40: =SUM(C40:L40) -> #REF!
B41: Other operating expenses | C41: =-(Budsjett!#REF!+Budsjett!#REF!+Budsjett!#REF!+Budsjett!#REF!) -> #REF! | D41: =-(Budsjett!#REF!+Budsjett!#REF!+Budsjett!#REF!+Budsjett!#REF!) -> #REF! | E41: =-(Budsjett!#REF!+Budsjett!#REF!+Budsjett!#REF!+Budsjett!#REF!) -> #REF! | F41: =-(Budsjett!#REF!+Budsjett!#REF!+Budsjett!#REF!+Budsjett!#REF!) -> #REF! | G41: =-(Budsjett!#REF!+Budsjett!#REF!+Budsjett!#REF!+Budsjett!#REF!) -> #REF! | H41: =-(Budsjett!#REF!+Budsjett!#REF!+Budsjett!#REF!+Budsjett!#REF!) -> #REF! | I41: =-(Budsjett!#REF!+Budsjett!#REF!+Budsjett!#REF!+Budsjett!#REF!) -> #REF! | J41: =-(Budsjett!#REF!+Budsjett!#REF!+Budsjett!#REF!+Budsjett!#REF!) -> #REF! | ... L41: =-(Budsjett!#REF!+Budsjett!#REF!+Budsjett!#REF!+Budsjett!#REF!) -> #REF! | M41: =H41+I41+J41 -> #REF! | N41: =SUM(C41:L41) -> #REF!
B42: From Research Council | C42: =SUM(C38:C41) -> #REF! | D42: =SUM(D38:D41) -> #REF! | E42: =SUM(E38:E41) -> #REF! | F42: =SUM(F38:F41) -> #REF! | G42: =SUM(G38:G41) -> #REF! | H42: =SUM(H38:H41) -> #REF! | I42: =SUM(I38:I41) -> #REF! | J42: =SUM(J38:J41) -> #REF! | ... N42: =SUM(N38:N41) -> #REF!
B43: Controll | C43: =C42-C26 -> #REF! | D43: =D42-D26 -> #REF! | E43: =E42-E26 -> #REF! | F43: =F42-F26 -> #REF! | G43: =G42-G26 -> #REF! | H43: =H42-H26 -> #REF! | I43: =I42-I26 -> #REF! | J43: =J42-J26 -> #REF! | ... L43: =L42-L26 -> #REF! | N43: =N42-N26 -> #REF!

Sheet Intern oversikt andel
B1: Prosjekttittel: | C1: =IF(#REF!="","",#REF!) -> #REF! | J1: Startdato: | K1: =IF(#REF!="","na",#REF!) -> #REF! | M1: Dato:
B2: Prosjektnr: | C2: =IF(#REF!="","na",#REF!) -> #REF! | J2: Sluttdato: | K2: =IF(#REF!="","na",#REF!) -> #REF!
B3: Saksnummer ePhorte: | C3: =IF(#REF!="","na",#REF!) -> #REF! | J3: Prosjekttype (overheadkostnader): | K3: =#REF! -> #REF!
B4: Prosjektkategorisering: | C4: =#REF! -> #REF! | J4: Finansieringstype: | K4: =#REF! -> #REF!
K5: =#REF! -> #REF!
B7: Intern rapport - søknadsbudsjett | C7: =Budsjett!D3 -> 2024 | D7: =Budsjett!E3 -> 2025 | E7: =Budsjett!F3 -> 2026 | F7: =Budsjett!#REF! -> #REF! | G7: =Budsjett!#REF! -> #REF! | H7: =Budsjett!#REF! -> #REF! | I7: =Budsjett!#REF! -> #REF! | J7: =Budsjett!#REF! -> #REF! | K7: =Budsjett!#REF! -> #REF! | L7: =Budsjett!#REF! -> #REF! | M7: Levetids-prognose
B8: Eksterne inntekter | C8: =Budsjett!D42 -> 0 | D8: =Budsjett!E42 -> 0 | E8: =Budsjett!F42 -> 0 | F8: =Budsjett!#REF! -> #REF! | G8: =Budsjett!#REF! -> #REF! | H8: =Budsjett!#REF! -> #REF! | I8: =Budsjett!#REF! -> #REF! | J8: =Budsjett!#REF! -> #REF! | K8: =Budsjett!#REF! -> #REF! | L8: =Budsjett!#REF! -> #REF! | M8: =SUM(C8:L8) -> #REF!
B9: Viderefordelte inntekter | C9: =Budsjett!#REF! -> #REF! | D9: =Budsjett!#REF! -> #REF! | E9: =Budsjett!#REF! -> #REF! | F9: =Budsjett!#REF! -> #REF! | G9: =Budsjett!#REF! -> #REF! | H9: =Budsjett!#REF! -> #REF! | I9: =Budsjett!#REF! -> #REF! | J9: =Budsjett!#REF! -> #REF! | ... L9: =Budsjett!#REF! -> #REF! | M9: =SUM(C9:L9) -> #REF!
B10: Egenandel | C10: =Budsjett!D43 -> 0 | D10: =Budsjett!E43 -> 0 | E10: =Budsjett!F43 -> 0 | F10: =Budsjett!#REF! -> #REF! | G10: =Budsjett!#REF! -> #REF! | H10: =Budsjett!#REF! -> #REF! | I10: =Budsjett!#REF! -> #REF! | J10: =Budsjett!#REF! -> #REF! | K10: =Budsjett!#REF! -> #REF! | L10: =Budsjett!#REF! -> #REF! | M10: =SUM(C10:L10) -> #REF!
B11: Totale inntekter | C11: =SUM(C8:C10) -> #REF! | D11: =SUM(D8:D10) -> #REF! | E11: =SUM(E8:E10) -> #REF! | F11: =SUM(F8:F10) -> #REF! | G11: =SUM(G8:G10) -> #REF! | H11: =SUM(H8:H10) -> #REF! | I11: =SUM(I8:I10) -> #REF! | J11: =SUM(J8:J10) -> #REF! | ... L11: =SUM(L8:L10) -> #REF! | M11: =SUM(C11:L11) -> #REF!
B12: Personalkostnader | C12: =Budsjett!AN11+Budsjett!AN33+Budsjett!#REF! -> #REF! | D12: =Budsjett!AO11+Budsjett!AO33+Budsjett!#REF! -> #REF! | E12: =Budsjett!AP11+Budsjett!AP33+Budsjett!#REF! -> #REF! | F12: =Budsjett!#REF!+Budsjett!#REF!+Budsjett!#REF! -> #REF! | G12: =Budsjett!#REF!+Budsjett!#REF!+Budsjett!#REF! -> #REF! | H12: =Budsjett!#REF!+Budsjett!#REF!+Budsjett!#REF! -> #REF! | I12: =Budsjett!#REF!+Budsjett!#REF!+Budsjett!#REF! -> #REF! | J12: =Budsjett!#REF!+Budsjett!#REF!+Budsjett!#REF! -> #REF! | K12: =Budsjett!#REF!+Budsjett!#REF!+Budsjett!#REF! -> #REF! | L12: =Budsjett!#REF!+Budsjett!#REF!+Budsjett!#REF! -> #REF! | M12: =SUM(C12:L12) -> #REF!
B13: Frikjøp | C13: =Budsjett!AN19+Budsjett!AN27 -> 0 | D13: =Budsjett!AO19+Budsjett!AO27 -> 0 | E13: =Budsjett!AP19+Budsjett!AP27 -> 0 | F13: =Budsjett!#REF!+Budsjett!#REF! -> #REF! | G13: =Budsjett!#REF!+Budsjett!#REF! -> #REF! | H13: =Budsjett!#REF!+Budsjett!#REF! -> #REF! | I13: =Budsjett!#REF!+Budsjett!#REF! -> #REF! | J13: =Budsjett!#REF!+Budsjett!#REF! -> #REF! | K13: =Budsjett!#REF!+Budsjett!#REF! -> #REF! | L13: =Budsjett!#REF!+Budsjett!#REF! -> #REF! | M13: =SUM(C13:L13) -> #REF!
B14: Overhead | C14: =Budsjett!BB34+Budsjett!BI34 -> 0 | D14: =Budsjett!BC34+Budsjett!BJ34 -> 0 | E14: =Budsjett!BD34+Budsjett!BK34 -> 0 | F14: =Budsjett!#REF!+Budsjett!#REF! -> #REF! | G14: =Budsjett!#REF!+Budsjett!#REF! -> #REF! | H14: =Budsjett!#REF!+Budsjett!#REF! -> #REF! | I14: =Budsjett!#REF!+Budsjett!#REF! -> #REF! | J14: =Budsjett!#REF!+Budsjett!#REF! -> #REF! | K14: =Budsjett!#REF!+Budsjett!#REF! -> #REF! | L14: =Budsjett!#REF!+Budsjett!#REF! -> #REF! | M14: =SUM(C14:L14) -> #REF!
B15: Investeringer | C15: =Budsjett!#REF! -> #REF! | D15: =Budsjett!#REF! -> #REF! | E15: =Budsjett!#REF! -> #REF! | F15: =Budsjett!#REF! -> #REF! | G15: =Budsjett!#REF! -> #REF! | H15: =Budsjett!#REF! -> #REF! | I15: =Budsjett!#REF! -> #REF! | J15: =Budsjett!#REF! -> #REF! | ... L15: =Budsjett!#REF! -> #REF! | M15: =SUM(C15:L15) -> #REF!
B16: Leiestedskostnader | C16: =Budsjett!#REF!+Budsjett!#REF! -> #REF! | D16: =Budsjett!#REF!+Budsjett!#REF! -> #REF! | E16: =Budsjett!#REF!+Budsjett!#REF! -> #REF! | F16: =Budsjett!#REF!+Budsjett!#REF! -> #REF! | G16: =Budsjett!#REF!+Budsjett!#REF! -> #REF! | H16: =Budsjett!#REF!+Budsjett!#REF! -> #REF! | I16: =Budsjett!#REF!+Budsjett!#REF! -> #REF! | J16: =Budsjett!#REF!+Budsjett!#REF! -> #REF! | ... L16: =Budsjett!#REF!+Budsjett!#REF! -> #REF! | M16: =SUM(C16:L16) -> #REF!
B17: Direkte driftskostnader | C17: =Budsjett!#REF!+Budsjett!D38+Budsjett!#REF!+Budsjett!#REF!+Budsjett!#REF! -> #REF! | D17: =Budsjett!E38+Budsjett!E39+Budsjett!#REF!+Budsjett!#REF!+Budsjett!#REF! -> #VALUE! | E17: =Budsjett!F38+Budsjett!F39+Budsjett!#REF!+Budsjett!#REF!+Budsjett!#REF! -> #VALUE! | F17: =Budsjett!#REF!+Budsjett!#REF!+Budsjett!#REF!+Budsjett!#REF!+Budsjett!#REF! -> #REF! | G17: =Budsjett!#REF!+Budsjett!#REF!+Budsjett!#REF!+Budsjett!#REF!+Budsjett!#REF! -> #REF! | H17: =Budsjett!#REF!+Budsjett!#REF!+Budsjett!#REF!+Budsjett!#REF!+Budsjett!#REF! -> #REF! | I17: =Budsjett!#REF!+Budsjett!#REF!+Budsjett!#REF!+Budsjett!#REF!+Budsjett!#REF! -> #REF! | J17: =Budsjett!#REF!+Budsjett!#REF!+Budsjett!#REF!+Budsjett!#REF!+Budsjett!#REF! -> #REF! | K17: =Budsjett!#REF!+Budsjett!#REF!+Budsjett!#REF!+Budsjett!#REF!+Budsjett!#REF! -> #REF! | L17: =Budsjett!#REF!+Budsjett!#REF!+Budsjett!#REF!+Budsjett!#REF!+Budsjett!#REF! -> #REF! | M17: =SUM(C17:L17) -> #REF!
B18: Totale kostnader | C18: =SUM(C12:C17) -> #REF! | D18: =SUM(D12:D17) -> #REF! | E18: =SUM(E12:E17) -> #REF! | F18: =SUM(F12:F17) -> #REF! | G18: =SUM(G12:G17) -> #REF! | H18: =SUM(H12:H17) -> #REF! | I18: =SUM(I12:I17) -> #REF! | J18: =SUM(J12:J17) -> #REF! | ... L18: =SUM(L12:L17) -> #REF! | M18: =SUM(C18:L18) -> #REF!
B19: Resultat levetidsprognose | C19: =C18+C11 -> #REF! | D19: =D18+D11 -> #REF! | E19: =E18+E11 -> #REF! | F19: =F18+F11 -> #REF! | G19: =G18+G11 -> #REF! | H19: =H18+H11 -> #REF! | I19: =I18+I11 -> #REF! | J19: =J18+J11 -> #REF! | ... M19: =M18+M11 -> #REF!
B21: Nettobidrag | C21: =C13+C14+C10+C16 -> #REF! | D21: =D13+D14+D10+D16 -> #REF! | E21: =E13+E14+E10+E16 -> #REF! | F21: =F13+F14+F10+F16 -> #REF! | G21: =G13+G14+G10+G16 -> #REF! | H21: =H13+H14+H10+H16 -> #REF! | I21: =I13+I14+I10+I16 -> #REF! | J21: =J13+J14+J10+J16 -> #REF! | ... M21: =M13+M14+M10+M16 -> #REF!
B23: Kort begrunnelse for prosjektets faglige interesse: | C23: =#REF! -> #REF! | L23: Total overheadkostnad | M23: =Budsjett!D47 -> 0
L24: Eksternt fin. overhead | M24: =Budsjett!D48 -> 0
L25: Egenandelsprosent | M25: =IFERROR(-M10/SUM(M18:M18),0) -> 0
B26: Underskrifter (på papirutskriften - som skal arkiveres)
B28: Prosjekteier (instituttleder) | D28: Dato | E28: Prosjektleder | J28: Dato
B29: =#REF! -> #REF! | E29: =#REF! -> #REF!

Sheet EU-budsjett
B1: EU - budsjetteringsskjema
B3: EURO | C3: 7.5 | E3: Eurokurs Norges Bank
B5: Allocations sought from the EU Council (in EUR)
B7: Direct personnel costs (EUR) | C7: =Budsjett!D3 -> 2024 | D7: =Budsjett!E3 -> 2025 | E7: =Budsjett!F3 -> 2026 | F7: =Budsjett!#REF! -> #REF! | G7: =Budsjett!#REF! -> #REF! | H7: =Budsjett!#REF! -> #REF! | I7: =Budsjett!#REF! -> #REF! | J7: =Budsjett!#REF! -> #REF! | K7: =Budsjett!#REF! -> #REF! | L7: =Budsjett!#REF! -> #REF! | M7: Sum
B8: A Actual costs | C8: =SUM(Budsjett!#REF!+Budsjett!#REF!)/$C$3 -> #REF! | D8: =SUM(Budsjett!#REF!+Budsjett!#REF!)/$C$3 -> #REF! | E8: =SUM(Budsjett!#REF!+Budsjett!#REF!)/$C$3 -> #REF! | F8: =SUM(Budsjett!#REF!+Budsjett!#REF!)/$C$3 -> #REF! | G8: =SUM(Budsjett!#REF!+Budsjett!#REF!)/$C$3 -> #REF! | H8: =SUM(Budsjett!#REF!+Budsjett!#REF!)/$C$3 -> #REF! | I8: =SUM(Budsjett!#REF!+Budsjett!#REF!)/$C$3 -> #REF! | J8: =SUM(Budsjett!#REF!+Budsjett!#REF!)/$C$3 -> #REF! | ... L8: =SUM(Budsjett!#REF!+Budsjett!#REF!)/$C$3 -> #REF! | M8: =SUM(C8:L8) -> #REF!
B9: Other direct costs
B10: F Declared as actual costs | C10: =SUM(Budsjett!#REF!+Budsjett!#REF!+Budsjett!#REF!+Budsjett!#REF!+Budsjett!#REF!)/$C$3 -> #REF! | D10: =SUM(Budsjett!#REF!+Budsjett!#REF!+Budsjett!#REF!+Budsjett!#REF!+Budsjett!#REF!)/$C$3 -> #REF! | E10: =SUM(Budsjett!#REF!+Budsjett!#REF!+Budsjett!#REF!+Budsjett!#REF!+Budsjett!#REF!)/$C$3 -> #REF! | F10: =SUM(Budsjett!#REF!+Budsjett!#REF!+Budsjett!#REF!+Budsjett!#REF!+Budsjett!#REF!)/$C$3 -> #REF! | G10: =SUM(Budsjett!#REF!+Budsjett!#REF!+Budsjett!#REF!+Budsjett!#REF!+Budsjett!#REF!)/$C$3 -> #REF! | H10: =SUM(Budsjett!#REF!+Budsjett!#REF!+Budsjett!#REF!+Budsjett!#REF!+Budsjett!#REF!)/$C$3 -> #REF! | I10: =SUM(Budsjett!#REF!+Budsjett!#REF!+Budsjett!#REF!+Budsjett!#REF!+Budsjett!#REF!)/$C$3 -> #REF! | J10: =SUM(Budsjett!#REF!+Budsjett!#REF!+Budsjett!#REF!+Budsjett!#REF!+Budsjett!#REF!)/$C$3 -> #REF! | ... L10: =SUM(Budsjett!#REF!+Budsjett!#REF!+Budsjett!#REF!+Budsjett!#REF!+Budsjett!#REF!)/$C$3 -> #REF! | M10: =SUM(C10:L10) -> #REF!
B11: I Total Unit costs | C11: =Budsjett!#REF!/'EU-budsjett'!C3 -> #REF! | D11: =Budsjett!#REF!/$C$3 -> #REF! | E11: =Budsjett!#REF!/$C$3 -> #REF! | F11: =Budsjett!#REF!/$C$3 -> #REF! | G11: =Budsjett!#REF!/$C$3 -> #REF! | H11: =Budsjett!#REF!/$C$3 -> #REF! | I11: =Budsjett!#REF!/$C$3 -> #REF! | J11: =Budsjett!#REF!/$C$3 -> #REF! | K11: =Budsjett!#REF!/$C$3 -> #REF! | L11: =Budsjett!#REF!/$C$3 -> #REF! | M11: =SUM(C11:L11) -> #REF!
B12: Other costs
B13: K Subcontracting costs | C13: =Budsjett!#REF!/$C$3 -> #REF! | D13: =Budsjett!#REF!/$C$3 -> #REF! | E13: =Budsjett!#REF!/$C$3 -> #REF! | F13: =Budsjett!#REF!/$C$3 -> #REF! | G13: =Budsjett!#REF!/$C$3 -> #REF! | H13: =Budsjett!#REF!/$C$3 -> #REF! | I13: =Budsjett!#REF!/$C$3 -> #REF! | J13: =Budsjett!#REF!/$C$3 -> #REF! | ... L13: =Budsjett!#REF!/$C$3 -> #REF! | M13: =SUM(C13:L13) -> #REF!
B14: L Costs of providing financial support to third parties | C14: =-Budsjett!#REF!/$C$3 -> #REF! | D14: =-Budsjett!#REF!/$C$3 -> #REF! | E14: =-Budsjett!#REF!/$C$3 -> #REF! | F14: =-Budsjett!#REF!/$C$3 -> #REF! | G14: =-Budsjett!#REF!/$C$3 -> #REF! | H14: =-Budsjett!#REF!/$C$3 -> #REF! | I14: =-Budsjett!#REF!/$C$3 -> #REF! | J14: =-Budsjett!#REF!/$C$3 -> #REF! | ... L14: =-Budsjett!#REF!/$C$3 -> #REF! | M14: =SUM(C14:L14) -> #REF!
B15: Total direct costs | C15: =C8+C10+C11+C13+C14 -> #REF! | D15: =D8+D10+D11+D13+D14 -> #REF! | E15: =E8+E10+E11+E13+E14 -> #REF! | F15: =F8+F10+F11+F13+F14 -> #REF! | G15: =G8+G10+G11+G13+G14 -> #REF! | H15: =H8+H10+H11+H13+H14 -> #REF! | I15: =I8+I10+I11+I13+I14 -> #REF! | J15: =J8+J10+J11+J13+J14 -> #REF! | ... M15: =M8+M10+M11+M13+M14 -> #REF!
B17: Allocations sought from the EU Council (in EUR)
B18: Total direct costs | C18: =C15 -> #REF! | D18: =D15 -> #REF! | E18: =E15 -> #REF! | F18: =F15 -> #REF! | G18: =G15 -> #REF! | H18: =H15 -> #REF! | I18: =I15 -> #REF! | J18: =J15 -> #REF! | ... L18: =L15 -> #REF! | M18: =SUM(C18:L18) -> #REF!
B19: Indirect costs (25% flat rate) | C19: =C18*0.25 -> #REF! | D19: =D18*0.25 -> #REF! | E19: =E18*0.25 -> #REF! | F19: =F18*0.25 -> #REF! | G19: =G18*0.25 -> #REF! | H19: =H18*0.25 -> #REF! | I19: =I18*0.25 -> #REF! | J19: =J18*0.25 -> #REF! | ... L19: =L18*0.25 -> #REF! | M19: =SUM(C19:L19) -> #REF!
B20: O Total eligible costs | C20: =SUM(C18:C19) -> #REF! | D20: =SUM(D18:D19) -> #REF! | E20: =SUM(E18:E19) -> #REF! | F20: =SUM(F18:F19) -> #REF! | G20: =SUM(G18:G19) -> #REF! | H20: =SUM(H18:H19) -> #REF! | I20: =SUM(I18:I19) -> #REF! | J20: =SUM(J18:J19) -> #REF! | ... L20: =SUM(L18:L19) -> #REF! | M20: =SUM(C20:L20) -> #REF!
B21: R Requested amount of the grant | C21: =C20 -> #REF! | D21: =D20 -> #REF! | E21: =E20 -> #REF! | F21: =F20 -> #REF! | G21: =G20 -> #REF! | H21: =H20 -> #REF! | I21: =I20 -> #REF! | J21: =J20 -> #REF! | ... L21: =L20 -> #REF! | M21: =SUM(C21:L21) -> #REF!
B23: Inntekter EU i NOK (overføres til arkfanen finansiering) | C23: =-C20*$C$3 -> #REF! | D23: =-D21*$C$3 -> #REF! | E23: =-E21*$C$3 -> #REF! | F23: =-F21*$C$3 -> #REF! | G23: =-G21*$C$3 -> #REF! | H23: =-H21*$C$3 -> #REF! | I23: =-I21*$C$3 -> #REF! | J23: =-J21*$C$3 -> #REF! | K23: =-K21*$C$3 -> #REF! | L23: =-L21*$C$3 -> #REF!
B25: Allocations sought from own financing (in EUR)
C26: =C7 -> 2024 | D26: =D7 -> 2025 | E26: =E7 -> 2026 | F26: =F7 -> #REF! | G26: =G7 -> #REF! | H26: =H7 -> #REF! | I26: =I7 -> #REF! | J26: =J7 -> #REF! | ... L26: =L7 -> #REF! | M26: Sum
B27: Direct personnel costs (EUR) | C27: =SUM(Budsjett!#REF!)/$C$3 -> #REF! | D27: =SUM(Budsjett!#REF!)/$C$3 -> #REF! | E27: =SUM(Budsjett!#REF!)/$C$3 -> #REF! | F27: =SUM(Budsjett!#REF!)/$C$3 -> #REF! | G27: =SUM(Budsjett!#REF!)/$C$3 -> #REF! | H27: =SUM(Budsjett!#REF!)/$C$3 -> #REF! | I27: =SUM(Budsjett!#REF!)/$C$3 -> #REF! | J27: =SUM(Budsjett!#REF!)/$C$3 -> #REF! | ... L27: =SUM(Budsjett!#REF!)/$C$3 -> #REF! | M27: =SUM(C27:L27) -> #REF!
B28: Other direct costs | C28: =(Budsjett!#REF!+Budsjett!#REF!)/$C$3 -> #REF! | D28: =(Budsjett!#REF!+Budsjett!#REF!)/$C$3 -> #REF! | E28: =(Budsjett!#REF!+Budsjett!#REF!)/$C$3 -> #REF! | F28: =(Budsjett!#REF!+Budsjett!#REF!)/$C$3 -> #REF! | G28: =(Budsjett!#REF!+Budsjett!#REF!)/$C$3 -> #REF! | H28: =(Budsjett!#REF!+Budsjett!#REF!)/$C$3 -> #REF! | I28: =(Budsjett!#REF!+Budsjett!#REF!)/$C$3 -> #REF! | J28: =(Budsjett!#REF!+Budsjett!#REF!)/$C$3 -> #REF! | ... L28: =(Budsjett!#REF!+Budsjett!#REF!)/$C$3 -> #REF! | M28: =SUM(C28:L28) -> #REF!
B29: Total direct costs | C29: =C27+C28 -> #REF! | D29: =D27+D28 -> #REF! | E29: =E27+E28 -> #REF! | F29: =F27+F28 -> #REF! | G29: =G27+G28 -> #REF! | H29: =H27+H28 -> #REF! | I29: =I27+I28 -> #REF! | J29: =J27+J28 -> #REF! | ... M29: =M27+M28 -> #REF!
B30: Indirect costs (TDI) | C30: ='Intern oversikt andel'!C14/$C$3-C19 -> #REF! | D30: ='Intern oversikt andel'!D14/$C$3-D19 -> #REF! | E30: ='Intern oversikt andel'!E14/$C$3-E19 -> #REF! | F30: ='Intern oversikt andel'!F14/$C$3-F19 -> #REF! | G30: ='Intern oversikt andel'!G14/$C$3-G19 -> #REF! | H30: ='Intern oversikt andel'!H14/$C$3-H19 -> #REF! | I30: ='Intern oversikt andel'!I14/$C$3-I19 -> #REF! | J30: ='Intern oversikt andel'!J14/$C$3-J19 -> #REF! | ... L30: ='Intern oversikt andel'!L14/$C$3-L19 -> #REF! | M30: =SUM(C30:L30) -> #REF!
B31: Total costs | C31: =C29+C30 -> #REF! | D31: =D29+D30 -> #REF! | E31: =E29+E30 -> #REF! | F31: =F29+F30 -> #REF! | G31: =G29+G30 -> #REF! | H31: =H29+H30 -> #REF! | I31: =I29+I30 -> #REF! | J31: =J29+J30 -> #REF! | ... L31: =L29+L30 -> #REF! | M31: =SUM(C31:L31) -> #REF!
B33: Total funding | C33: =C7 -> 2024 | D33: =D7 -> 2025 | E33: =E7 -> 2026 | F33: =F7 -> #REF! | G33: =G7 -> #REF! | H33: =H7 -> #REF! | I33: =I7 -> #REF! | J33: =J7 -> #REF! | ... L33: =L7 -> #REF! | M33: Sum | N33: % Share
B34: Own financing | C34: =C31 -> #REF! | D34: =D31 -> #REF! | E34: =E31 -> #REF! | F34: =F31 -> #REF! | G34: =G31 -> #REF! | H34: =H31 -> #REF! | I34: =I31 -> #REF! | J34: =J31 -> #REF! | ... L34: =L31 -> #REF! | M34: =SUM(C34:L34) -> #REF! | N34: =M34/M36*100 -> #REF!
B35: EU funding | C35: =C21 -> #REF! | D35: =D21 -> #REF! | E35: =E21 -> #REF! | F35: =F21 -> #REF! | G35: =G21 -> #REF! | H35: =H21 -> #REF! | I35: =I21 -> #REF! | J35: =J21 -> #REF! | ... L35: =L21 -> #REF! | M35: =SUM(C35:L35) -> #REF! | N35: =M35/M36*100 -> #REF!
B36: Total budget | C36: =C21+C34 -> #REF! | D36: =D21+D34 -> #REF! | E36: =E21+E34 -> #REF! | F36: =F21+F34 -> #REF! | G36: =G21+G34 -> #REF! | H36: =H21+H34 -> #REF! | I36: =I21+I34 -> #REF! | J36: =J21+J34 -> #REF! | ... L36: =L21+L34 -> #REF! | M36: =SUM(C36:L36) -> #REF! | N36: =M36/M36*100 -> #REF! | Q36: 1

Sheet MSCA_Fellow (Euro)
B1: Salary Assessment Chart (EUR)
B2: Project reference: | C2: =Registrering!B8 -> 0
B3: Duration of the project/employment period: | C3: =Registrering!B18 -> 0 | D3: =Registrering!B19 -> 0
B4: Fellow's name: | C4: =Budsjett!C4 -> 0
B5: Salary scale: | C5: =Budsjett!B4 -> 0
B6: Exchange rate | C6: =Registrering!B23 -> 10.25
C9: =Budsjett!D3 -> 2024 | D9: =Budsjett!E3 -> 2025 | E9: =Budsjett!F3 -> 2026 | F9: =Budsjett!G3 -> 2027 | G9: =Budsjett!H3 -> 2028 | H9: =Budsjett!I3 -> 2029 | I9: =Budsjett!J3 -> 2030 | J9: =Budsjett!K3 -> 2031 | K9: Forecast
B10: EU total contribution: Researcher unit cost | C10: ='Finansieringsgrunnlag MSCA'!B5/$C$6 -> 0 | D10: ='Finansieringsgrunnlag MSCA'!C5/$C$6 -> 0 | E10: ='Finansieringsgrunnlag MSCA'!D5/$C$6 -> 0 | F10: ='Finansieringsgrunnlag MSCA'!E5/$C$6 -> 0 | G10: ='Finansieringsgrunnlag MSCA'!F5/$C$6 -> 0 | H10: ='Finansieringsgrunnlag MSCA'!G5/$C$6 -> 0 | I10: ='Finansieringsgrunnlag MSCA'!H5/$C$6 -> 0 | J10: ='Finansieringsgrunnlag MSCA'!I5/$C$6 -> 0 | K10: =SUM(C10:J10) -> 0
B11: UiO total cost: Researcher's gross salary and social costs | C11: =Budsjett!AN4/$C$6 -> 0 | D11: =Budsjett!AO4/$C$6 -> 0 | E11: =Budsjett!AP4/$C$6 -> 0 | F11: =Budsjett!AQ4/$C$6 -> 0 | G11: =Budsjett!AR4/$C$6 -> 0 | H11: =Budsjett!AS4/$C$6 -> 0 | I11: =Budsjett!AT4/$C$6 -> 0 | J11: =Budsjett!AU4/$C$6 -> 0 | K11: =SUM(C11:J11) -> 0
B12: UiO total cost: Researcher's Family allowance and social costs | C12: =Budsjett!D37/$C$6 -> 0 | D12: =Budsjett!E37/$C$6 -> 0 | E12: =Budsjett!F37/$C$6 -> 0 | F12: =Budsjett!G37/$C$6 -> 0 | G12: =Budsjett!H37/$C$6 -> 0 | H12: =Budsjett!I37/$C$6 -> 0 | I12: =Budsjett!J37/$C$6 -> 0 | J12: =Budsjett!K37/$C$6 -> 0 | K12: =SUM(C12:J12) -> 0
B13: Difference between EU Contribution and UiO Cost | C13: =C10-C11 -> 0 | D13: =D10-D11 -> 0 | E13: =E10-E11 -> 0 | F13: =F10-F11 -> 0 | G13: =G10-G11 -> 0 | H13: =H10-H11 -> 0 | I13: =I10-I11 -> 0 | J13: =J10-J11 -> 0 | K13: =SUM(C13:J13) -> 0
B15: EU total contribution: Researcher unit cost | C15: =C10 -> 0 | D15: =D10 -> 0 | E15: =E10 -> 0 | F15: =F10 -> 0 | G15: =G10 -> 0 | H15: =H10 -> 0 | I15: =I10 -> 0 | J15: =J10 -> 0 | K15: =SUM(C15:J15) -> 0
B16: EU contribution: Living allowance (* CCC 1.306) | C16: =IF(Registrering!$B$25="Individual Fellowships",'Finansieringsgrunnlag MSCA'!$C$20,'Finansieringsgrunnlag MSCA'!$C$19)*Budsjett!D4/$C$6 -> 0 | D16: =IF(Registrering!$B$25="Individual Fellowships",'Finansieringsgrunnlag MSCA'!$C$20,'Finansieringsgrunnlag MSCA'!$C$19)*Budsjett!E4/$C$6 -> 0 | E16: =IF(Registrering!$B$25="Individual Fellowships",'Finansieringsgrunnlag MSCA'!$C$20,'Finansieringsgrunnlag MSCA'!$C$19)*Budsjett!F4/$C$6 -> 0 | F16: =IF(Registrering!$B$25="Individual Fellowships",'Finansieringsgrunnlag MSCA'!$C$20,'Finansieringsgrunnlag MSCA'!$C$19)*Budsjett!G4/$C$6 -> 0 | G16: =IF(Registrering!$B$25="Individual Fellowships",'Finansieringsgrunnlag MSCA'!$C$20,'Finansieringsgrunnlag MSCA'!$C$19)*Budsjett!H4/$C$6 -> 0 | H16: =IF(Registrering!$B$25="Individual Fellowships",'Finansieringsgrunnlag MSCA'!$C$20,'Finansieringsgrunnlag MSCA'!$C$19)*Budsjett!I4/$C$6 -> 0 | I16: =IF(Registrering!$B$25="Individual Fellowships",'Finansieringsgrunnlag MSCA'!$C$20,'Finansieringsgrunnlag MSCA'!$C$19)*Budsjett!J4/$C$6 -> 0 | J16: =IF(Registrering!$B$25="Individual Fellowships",'Finansieringsgrunnlag MSCA'!$C$20,'Finansieringsgrunnlag MSCA'!$C$19)*Budsjett!K4/$C$6 -> 0 | K16: =SUM(C16:J16) -> 0
B17: EU contribution: Mobility allowance | C17: ='Finansieringsgrunnlag MSCA'!$E$19*Budsjett!D4/$C$6 -> 0 | D17: ='Finansieringsgrunnlag MSCA'!$E$19*Budsjett!E4/$C$6 -> 0 | E17: ='Finansieringsgrunnlag MSCA'!$E$19*Budsjett!F4/$C$6 -> 0 | F17: ='Finansieringsgrunnlag MSCA'!$E$19*Budsjett!G4/$C$6 -> 0 | G17: ='Finansieringsgrunnlag MSCA'!$E$19*Budsjett!H4/$C$6 -> 0 | H17: ='Finansieringsgrunnlag MSCA'!$E$19*Budsjett!I4/$C$6 -> 0 | I17: ='Finansieringsgrunnlag MSCA'!$E$19*Budsjett!J4/$C$6 -> 0 | J17: ='Finansieringsgrunnlag MSCA'!$E$19*Budsjett!K4/$C$6 -> 0 | K17: =SUM(C17:J17) -> 0
B18: EU contribution: Family allowance | C18: =C12 -> 0 | D18: =D12 -> 0 | E18: =E12 -> 0 | F18: =F12 -> 0 | G18: =G12 -> 0 | H18: =H12 -> 0 | I18: =I12 -> 0 | J18: =J12 -> 0 | K18: =SUM(C18:J18) -> 0
B20: UiO total cost: Researcher's gross salary and social costs | C20: =(C24+C22+C21) -> 0 | D20: =(D24+D22+D21) -> 0 | E20: =(E24+E22+E21) -> 0 | F20: =(F24+F22+F21) -> 0 | G20: =(G24+G22+G21) -> 0 | H20: =(H24+H22+H21) -> 0 | I20: =(I24+I22+I21) -> 0 | J20: =(J24+J22+J21) -> 0 | K20: =SUM(C20:J20) -> 0
B21: - Employer's national insurance contribution | C21: =IF(Budsjett!D4=0,0,Budsjett!$AG$4*Tabeller!I33*Budsjett!D4)/$C$6 -> 0 | D21: =IF(Budsjett!E4=0,0,Budsjett!$AG$4*Tabeller!J33*Budsjett!E4)/$C$6 -> 0 | E21: =IF(Budsjett!F4=0,0,Budsjett!$AG$4*Tabeller!K33*Budsjett!F4)/$C$6 -> 0 | F21: =IF(Budsjett!G4=0,0,Budsjett!$AG$4*Tabeller!L33*Budsjett!G4)/$C$6 -> 0 | G21: =IF(Budsjett!H4=0,0,Budsjett!$AG$4*Tabeller!M33*Budsjett!H4)/$C$6 -> 0 | H21: =IF(Budsjett!I4=0,0,Budsjett!$AG$4*Tabeller!N33*Budsjett!I4)/$C$6 -> 0 | I21: =IF(Budsjett!J4=0,0,Budsjett!$AG$4*Tabeller!O33*Budsjett!J4)/$C$6 -> 0 | J21: =IF(Budsjett!K4=0,0,Budsjett!$AG$4*Tabeller!P33*Budsjett!K4)/$C$6 -> 0 | K21: =SUM(C21:J21) -> 0
B22: - Pension | C22: =IF(Budsjett!D4=0,0,Budsjett!$AH$4*Tabeller!I33*Budsjett!D4)/$C$6 -> 0 | D22: =IF(Budsjett!E4=0,0,Budsjett!$AH$4*Tabeller!J33*Budsjett!E4)/$C$6 -> 0 | E22: =IF(Budsjett!F4=0,0,Budsjett!$AH$4*Tabeller!K33*Budsjett!F4)/$C$6 -> 0 | F22: =IF(Budsjett!G4=0,0,Budsjett!$AH$4*Tabeller!L33*Budsjett!G4)/$C$6 -> 0 | G22: =IF(Budsjett!H4=0,0,Budsjett!$AH$4*Tabeller!M33*Budsjett!H4)/$C$6 -> 0 | H22: =IF(Budsjett!I4=0,0,Budsjett!$AH$4*Tabeller!N33*Budsjett!I4)/$C$6 -> 0 | I22: =IF(Budsjett!J4=0,0,Budsjett!$AH$4*Tabeller!O33*Budsjett!J4)/$C$6 -> 0 | J22: =IF(Budsjett!K4=0,0,Budsjett!$AH$4*Tabeller!P33*Budsjett!K4)/$C$6 -> 0 | K22: =SUM(C22:J22) -> 0
B24: Researcher's gross salary (salary and holiday pay) | C24: =SUM(C25:C26) -> 0 | D24: =SUM(D25:D26) -> 0 | E24: =SUM(E25:E26) -> 0 | F24: =SUM(F25:F26) -> 0 | G24: =SUM(G25:G26) -> 0 | H24: =SUM(H25:H26) -> 0 | I24: =SUM(I25:I26) -> 0 | J24: =SUM(J25:J26) -> 0 | K24: =SUM(K25:K26) -> 0
B25: - Holiday pay | C25: =IF(Budsjett!D4=0,0,Budsjett!$AF$4*Tabeller!I33*Budsjett!D4)/$C$6 -> 0 | D25: =IF(Budsjett!E4=0,0,Budsjett!$AF$4*Tabeller!J33*Budsjett!E4)/$C$6 -> 0 | E25: =IF(Budsjett!F4=0,0,Budsjett!$AF$4*Tabeller!K33*Budsjett!F4)/$C$6 -> 0 | F25: =IF(Budsjett!G4=0,0,Budsjett!$AF$4*Tabeller!L33*Budsjett!G4)/$C$6 -> 0 | G25: =IF(Budsjett!H4=0,0,Budsjett!$AF$4*Tabeller!M33*Budsjett!H4)/$C$6 -> 0 | H25: =IF(Budsjett!I4=0,0,Budsjett!$AF$4*Tabeller!N33*Budsjett!I4)/$C$6 -> 0 | I25: =IF(Budsjett!J4=0,0,Budsjett!$AF$4*Tabeller!O33*Budsjett!J4)/$C$6 -> 0 | J25: =IF(Budsjett!K4=0,0,Budsjett!$AF$4*Tabeller!P33*Budsjett!K4)/$C$6 -> 0 | K25: =SUM(C25:J25) -> 0
B26: Salary | C26: =IF(Budsjett!D4=0,0,Budsjett!$AE$4*Tabeller!I33*Budsjett!D4)/$C$6 -> 0 | D26: =IF(Budsjett!E4=0,0,Budsjett!$AE$4*Tabeller!J33*Budsjett!E4)/$C$6 -> 0 | E26: =IF(Budsjett!F4=0,0,Budsjett!$AE$4*Tabeller!K33*Budsjett!F4)/$C$6 -> 0 | F26: =IF(Budsjett!G4=0,0,Budsjett!$AE$4*Tabeller!L33*Budsjett!G4)/$C$6 -> 0 | G26: =IF(Budsjett!H4=0,0,Budsjett!$AE$4*Tabeller!M33*Budsjett!H4)/$C$6 -> 0 | H26: =IF(Budsjett!I4=0,0,Budsjett!$AE$4*Tabeller!N33*Budsjett!I4)/$C$6 -> 0 | I26: =IF(Budsjett!J4=0,0,Budsjett!$AE$4*Tabeller!O33*Budsjett!J4)/$C$6 -> 0 | J26: =IF(Budsjett!K4=0,0,Budsjett!$AE$4*Tabeller!P33*Budsjett!K4)/$C$6 -> 0 | K26: =SUM(C26:J26) -> 0
B28: UiO total cost: Researcher's Family allowance and social costs | C28: =IF(Registrering!$B$26="Ja",'Finansieringsgrunnlag MSCA'!B6,"")/$C$6 -> #VALUE! | D28: =IF(Registrering!$B$26="Ja",'Finansieringsgrunnlag MSCA'!C6,"")/$C$6 -> #VALUE! | E28: =IF(Registrering!$B$26="Ja",'Finansieringsgrunnlag MSCA'!D6,"")/$C$6 -> #VALUE! | F28: =IF(Registrering!$B$26="Ja",'Finansieringsgrunnlag MSCA'!E6,"")/$C$6 -> #VALUE! | G28: =IF(Registrering!$B$26="Ja",'Finansieringsgrunnlag MSCA'!F6,"")/$C$6 -> #VALUE! | H28: =IF(Registrering!$B$26="Ja",'Finansieringsgrunnlag MSCA'!G6,"")/$C$6 -> #VALUE! | I28: =IF(Registrering!$B$26="Ja",'Finansieringsgrunnlag MSCA'!H6,"")/$C$6 -> #VALUE! | J28: =IF(Registrering!$B$26="Ja",'Finansieringsgrunnlag MSCA'!I6,"")/$C$6 -> #VALUE! | K28: =SUM(C28:J28) -> #VALUE!
B29: - Employer's national insurance contribution | C29: =(C28-(C28/(1+Tabeller!$H$26)))/$C$6 -> #VALUE! | D29: =(D28-(D28/(1+Tabeller!$H$26)))/$C$6 -> #VALUE! | E29: =(E28-(E28/(1+Tabeller!$H$26)))/$C$6 -> #VALUE! | F29: =(F28-(F28/(1+Tabeller!$H$26)))/$C$6 -> #VALUE! | G29: =(G28-(G28/(1+Tabeller!$H$26)))/$C$6 -> #VALUE! | H29: =(H28-(H28/(1+Tabeller!$H$26)))/$C$6 -> #VALUE! | I29: =(I28-(I28/(1+Tabeller!$H$26)))/$C$6 -> #VALUE! | J29: =(J28-(J28/(1+Tabeller!$H$26)))/$C$6 -> #VALUE! | K29: =SUM(C29:J29) -> #VALUE!
B31: Researcher's gross (Family allowance and Holiday pay) | C31: =SUM(C32:C33)/$C$6 -> #VALUE! | D31: =SUM(D32:D33)/$C$6 -> #VALUE! | E31: =SUM(E32:E33)/$C$6 -> #VALUE! | F31: =SUM(F32:F33)/$C$6 -> #VALUE! | G31: =SUM(G32:G33)/$C$6 -> #VALUE! | H31: =SUM(H32:H33)/$C$6 -> #VALUE! | I31: =SUM(I32:I33)/$C$6 -> #VALUE! | J31: =SUM(J32:J33)/$C$6 -> #VALUE! | K31: =SUM(K32:K33) -> #VALUE!
B32: - Holiday pay | C32: =((C28-C29)-((C28-C29)/(1+Tabeller!$H$24)))/$C$6 -> #VALUE! | D32: =((D28-D29)-((D28-D29)/(1+Tabeller!$H$24)))/$C$6 -> #VALUE! | E32: =((E28-E29)-((E28-E29)/(1+Tabeller!$H$24)))/$C$6 -> #VALUE! | F32: =((F28-F29)-((F28-F29)/(1+Tabeller!$H$24)))/$C$6 -> #VALUE! | G32: =((G28-G29)-((G28-G29)/(1+Tabeller!$H$24)))/$C$6 -> #VALUE! | H32: =((H28-H29)-((H28-H29)/(1+Tabeller!$H$24)))/$C$6 -> #VALUE! | I32: =((I28-I29)-((I28-I29)/(1+Tabeller!$H$24)))/$C$6 -> #VALUE! | J32: =((J28-J29)-((J28-J29)/(1+Tabeller!$H$24)))/$C$6 -> #VALUE! | K32: =SUM(C32:J32) -> #VALUE!
B33: - Family allowance | C33: =(C28-C29-C32)/$C$6 -> #VALUE! | D33: =(D28-D29-D32)/$C$6 -> #VALUE! | E33: =(E28-E29-E32)/$C$6 -> #VALUE! | F33: =(F28-F29-F32)/$C$6 -> #VALUE! | G33: =(G28-G29-G32)/$C$6 -> #VALUE! | H33: =(H28-H29-H32)/$C$6 -> #VALUE! | I33: =(I28-I29-I32)/$C$6 -> #VALUE! | J33: =(J28-J29-J32)/$C$6 -> #VALUE! | K33: =SUM(C33:J33) -> #VALUE!
B35: Explanation of terms above:
B37: According to the Horizon 2020 Work Programme, MSCA fellows are entitled to the living allowance, mobility allowance and, if applicable, family allowance.
B38: However, keep in mind that the amounts referred in the Work Programme is only reference rates, meaning it is subject to:
B39: 1) The Country Correction Coefficient (CCC) – a multiplier which is applied to the Living allowance reference rate in order to account for relative prices in the country where
B40: you are going to conduct your research.
B41: 2) Compulsory deductions as defined by national legislation of your employer's country. These may include social security contributions (of both employer and employee), taxes, etc.
B43: Please note that all allowances are gross amounts, subject to applicable deductions and taxation
B45: Employer's national insurance contributions are taxes which employers must pay for their employees as part of the financing of the National Insurance scheme.
B46: Employer's national insurance contributions are regionally differentiated.
B48: Holiday pay is calculated as 12% of the accrual basis. The accrual basis includes all the amounts that have been disbursed to you as work remuneration (e.g. salary,
B49: sickness benefits) in the earning year.
B51: The pension scheme for UiO employees is administered by the Norwegian Public Pension Fund (SPK) and the Norwegian Labour and Welfare Administration (NAV).
B52: Employees pay 2 % of their gross salary to SPK and 7,8 % to NAV. UiO contributes about 12 % of the gross salary to SPK and employer fee to NAV.

Sheet MSCA_Fellow
B1: Salary Assessment Chart (NOK)
B2: Project reference: | C2: =Registrering!B8 -> 0
B3: Duration of the project/employment period: | C3: =Registrering!B18 -> 0 | D3: =Registrering!B19 -> 0
B4: Fellow's name: | C4: =Budsjett!C4 -> 0
B5: Salary scale: | C5: =Budsjett!B4 -> 0
B6: Exchange rate | C6: =Registrering!B23 -> 10.25
C9: =Budsjett!D3 -> 2024 | D9: =Budsjett!E3 -> 2025 | E9: =Budsjett!F3 -> 2026 | F9: =Budsjett!G3 -> 2027 | G9: =Budsjett!H3 -> 2028 | H9: =Budsjett!I3 -> 2029 | I9: =Budsjett!J3 -> 2030 | J9: =Budsjett!K3 -> 2031 | K9: Forecast
B10: EU total contribution: Researcher unit cost | C10: ='Finansieringsgrunnlag MSCA'!B5 -> 0 | D10: ='Finansieringsgrunnlag MSCA'!C5 -> 0 | E10: ='Finansieringsgrunnlag MSCA'!D5 -> 0 | F10: ='Finansieringsgrunnlag MSCA'!E5 -> 0 | G10: ='Finansieringsgrunnlag MSCA'!F5 -> 0 | H10: ='Finansieringsgrunnlag MSCA'!G5 -> 0 | I10: ='Finansieringsgrunnlag MSCA'!H5 -> 0 | J10: ='Finansieringsgrunnlag MSCA'!I5 -> 0 | K10: =SUM(C10:J10) -> 0
B11: UiO total cost: Researcher's gross salary and social costs | C11: =Budsjett!AN4 -> 0 | D11: =Budsjett!AO4 -> 0 | E11: =Budsjett!AP4 -> 0 | F11: =Budsjett!AQ4 -> 0 | G11: =Budsjett!AR4 -> 0 | H11: =Budsjett!AS4 -> 0 | I11: =Budsjett!AT4 -> 0 | J11: =Budsjett!AU4 -> 0 | K11: =SUM(C11:J11) -> 0
B12: UiO total cost: Researcher's Family allowance and social costs | C12: =Budsjett!D37 -> 0 | D12: =Budsjett!E37 -> 0 | E12: =Budsjett!F37 -> 0 | F12: =Budsjett!G37 -> 0 | G12: =Budsjett!H37 -> 0 | H12: =Budsjett!I37 -> 0 | I12: =Budsjett!J37 -> 0 | J12: =Budsjett!K37 -> 0 | K12: =SUM(C12:J12) -> 0
B13: Difference between EU Contribution and UiO Cost | C13: =C10-C11 -> 0 | D13: =D10-D11 -> 0 | E13: =E10-E11 -> 0 | F13: =F10-F11 -> 0 | G13: =G10-G11 -> 0 | H13: =H10-H11 -> 0 | I13: =I10-I11 -> 0 | J13: =J10-J11 -> 0 | K13: =SUM(C13:J13) -> 0
B15: EU total contribution: Researcher unit cost | C15: =C10 -> 0 | D15: =D10 -> 0 | E15: =E10 -> 0 | F15: =F10 -> 0 | G15: =G10 -> 0 | H15: =H10 -> 0 | I15: =I10 -> 0 | J15: =J10 -> 0 | K15: =SUM(C15:J15) -> 0
B16: EU contribution: Living allowance (* CCC 1.306) | C16: =IF(Registrering!$B$25="Individual Fellowships",'Finansieringsgrunnlag MSCA'!$C$20,'Finansieringsgrunnlag MSCA'!$C$19)*Budsjett!D4 -> 0 | D16: =IF(Registrering!$B$25="Individual Fellowships",'Finansieringsgrunnlag MSCA'!$C$20,'Finansieringsgrunnlag MSCA'!$C$19)*Budsjett!E4 -> 0 | E16: =IF(Registrering!$B$25="Individual Fellowships",'Finansieringsgrunnlag MSCA'!$C$20,'Finansieringsgrunnlag MSCA'!$C$19)*Budsjett!F4 -> 0 | F16: =IF(Registrering!$B$25="Individual Fellowships",'Finansieringsgrunnlag MSCA'!$C$20,'Finansieringsgrunnlag MSCA'!$C$19)*Budsjett!G4 -> 0 | G16: =IF(Registrering!$B$25="Individual Fellowships",'Finansieringsgrunnlag MSCA'!$C$20,'Finansieringsgrunnlag MSCA'!$C$19)*Budsjett!H4 -> 0 | H16: =IF(Registrering!$B$25="Individual Fellowships",'Finansieringsgrunnlag MSCA'!$C$20,'Finansieringsgrunnlag MSCA'!$C$19)*Budsjett!I4 -> 0 | I16: =IF(Registrering!$B$25="Individual Fellowships",'Finansieringsgrunnlag MSCA'!$C$20,'Finansieringsgrunnlag MSCA'!$C$19)*Budsjett!J4 -> 0 | J16: =IF(Registrering!$B$25="Individual Fellowships",'Finansieringsgrunnlag MSCA'!$C$20,'Finansieringsgrunnlag MSCA'!$C$19)*Budsjett!K4 -> 0 | K16: =SUM(C16:J16) -> 0
B17: EU contribution: Mobility allowance | C17: ='Finansieringsgrunnlag MSCA'!$E$19*Budsjett!D4 -> 0 | D17: ='Finansieringsgrunnlag MSCA'!$E$19*Budsjett!E4 -> 0 | E17: ='Finansieringsgrunnlag MSCA'!$E$19*Budsjett!F4 -> 0 | F17: ='Finansieringsgrunnlag MSCA'!$E$19*Budsjett!G4 -> 0 | G17: ='Finansieringsgrunnlag MSCA'!$E$19*Budsjett!H4 -> 0 | H17: ='Finansieringsgrunnlag MSCA'!$E$19*Budsjett!I4 -> 0 | I17: ='Finansieringsgrunnlag MSCA'!$E$19*Budsjett!J4 -> 0 | J17: ='Finansieringsgrunnlag MSCA'!$E$19*Budsjett!K4 -> 0 | K17: =SUM(C17:J17) -> 0
B18: EU contribution: Family allowance | C18: =C12 -> 0 | D18: =D12 -> 0 | E18: =E12 -> 0 | F18: =F12 -> 0 | G18: =G12 -> 0 | H18: =H12 -> 0 | I18: =I12 -> 0 | J18: =J12 -> 0 | K18: =SUM(C18:J18) -> 0
B20: UiO total cost: Researcher's gross salary and social costs | C20: =C24+C22+C21 -> 0 | D20: =D24+D22+D21 -> 0 | E20: =E24+E22+E21 -> 0 | F20: =F24+F22+F21 -> 0 | G20: =G24+G22+G21 -> 0 | H20: =H24+H22+H21 -> 0 | I20: =I24+I22+I21 -> 0 | J20: =J24+J22+J21 -> 0 | K20: =SUM(C20:J20) -> 0
B21: - Employer's national insurance contribution | C21: =IF(Budsjett!D4=0,0,Budsjett!$AG$4*Tabeller!I33*Budsjett!D4) -> 0 | D21: =IF(Budsjett!E4=0,0,Budsjett!$AG$4*Tabeller!J33*Budsjett!E4) -> 0 | E21: =IF(Budsjett!F4=0,0,Budsjett!$AG$4*Tabeller!K33*Budsjett!F4) -> 0 | F21: =IF(Budsjett!G4=0,0,Budsjett!$AG$4*Tabeller!L33*Budsjett!G4) -> 0 | G21: =IF(Budsjett!H4=0,0,Budsjett!$AG$4*Tabeller!M33*Budsjett!H4) -> 0 | H21: =IF(Budsjett!I4=0,0,Budsjett!$AG$4*Tabeller!N33*Budsjett!I4) -> 0 | I21: =IF(Budsjett!J4=0,0,Budsjett!$AG$4*Tabeller!O33*Budsjett!J4) -> 0 | J21: =IF(Budsjett!K4=0,0,Budsjett!$AG$4*Tabeller!P33*Budsjett!K4) -> 0 | K21: =SUM(C21:J21) -> 0
B22: - Pension | C22: =IF(Budsjett!D4=0,0,Budsjett!$AH$4*Tabeller!I33*Budsjett!D4) -> 0 | D22: =IF(Budsjett!E4=0,0,Budsjett!$AH$4*Tabeller!J33*Budsjett!E4) -> 0 | E22: =IF(Budsjett!F4=0,0,Budsjett!$AH$4*Tabeller!K33*Budsjett!F4) -> 0 | F22: =IF(Budsjett!G4=0,0,Budsjett!$AH$4*Tabeller!L33*Budsjett!G4) -> 0 | G22: =IF(Budsjett!H4=0,0,Budsjett!$AH$4*Tabeller!M33*Budsjett!H4) -> 0 | H22: =IF(Budsjett!I4=0,0,Budsjett!$AH$4*Tabeller!N33*Budsjett!I4) -> 0 | I22: =IF(Budsjett!J4=0,0,Budsjett!$AH$4*Tabeller!O33*Budsjett!J4) -> 0 | J22: =IF(Budsjett!K4=0,0,Budsjett!$AH$4*Tabeller!P33*Budsjett!K4) -> 0 | K22: =SUM(C22:J22) -> 0
B24: Researcher's gross salary (salary and holiday pay) | C24: =SUM(C25:C26) -> 0 | D24: =SUM(D25:D26) -> 0 | E24: =SUM(E25:E26) -> 0 | F24: =SUM(F25:F26) -> 0 | G24: =SUM(G25:G26) -> 0 | H24: =SUM(H25:H26) -> 0 | I24: =SUM(I25:I26) -> 0 | J24: =SUM(J25:J26) -> 0 | K24: =SUM(K25:K26) -> 0
B25: - Holiday pay | C25: =IF(Budsjett!D4=0,0,Budsjett!$AF$4*Tabeller!I33*Budsjett!D4) -> 0 | D25: =IF(Budsjett!E4=0,0,Budsjett!$AF$4*Tabeller!J33*Budsjett!E4) -> 0 | E25: =IF(Budsjett!F4=0,0,Budsjett!$AF$4*Tabeller!K33*Budsjett!F4) -> 0 | F25: =IF(Budsjett!G4=0,0,Budsjett!$AF$4*Tabeller!L33*Budsjett!G4) -> 0 | G25: =IF(Budsjett!H4=0,0,Budsjett!$AF$4*Tabeller!M33*Budsjett!H4) -> 0 | H25: =IF(Budsjett!I4=0,0,Budsjett!$AF$4*Tabeller!N33*Budsjett!I4) -> 0 | I25: =IF(Budsjett!J4=0,0,Budsjett!$AF$4*Tabeller!O33*Budsjett!J4) -> 0 | J25: =IF(Budsjett!K4=0,0,Budsjett!$AF$4*Tabeller!P33*Budsjett!K4) -> 0 | K25: =SUM(C25:J25) -> 0
B26: Salary | C26: =IF(Budsjett!D4=0,0,Budsjett!$AE$4*Tabeller!I33*Budsjett!D4) -> 0 | D26: =IF(Budsjett!E4=0,0,Budsjett!$AE$4*Tabeller!J33*Budsjett!E4) -> 0 | E26: =IF(Budsjett!F4=0,0,Budsjett!$AE$4*Tabeller!K33*Budsjett!F4) -> 0 | F26: =IF(Budsjett!G4=0,0,Budsjett!$AE$4*Tabeller!L33*Budsjett!G4) -> 0 | G26: =IF(Budsjett!H4=0,0,Budsjett!$AE$4*Tabeller!M33*Budsjett!H4) -> 0 | H26: =IF(Budsjett!I4=0,0,Budsjett!$AE$4*Tabeller!N33*Budsjett!I4) -> 0 | I26: =IF(Budsjett!J4=0,0,Budsjett!$AE$4*Tabeller!O33*Budsjett!J4) -> 0 | J26: =IF(Budsjett!K4=0,0,Budsjett!$AE$4*Tabeller!P33*Budsjett!K4) -> 0 | K26: =SUM(C26:J26) -> 0
B28: UiO total cost: Researcher's Family allowance and social costs | C28: =IF(Registrering!$B$26="Ja",'Finansieringsgrunnlag MSCA'!B6,"") | D28: =IF(Registrering!$B$26="Ja",'Finansieringsgrunnlag MSCA'!C6,"") | E28: =IF(Registrering!$B$26="Ja",'Finansieringsgrunnlag MSCA'!D6,"") | F28: =IF(Registrering!$B$26="Ja",'Finansieringsgrunnlag MSCA'!E6,"") | G28: =IF(Registrering!$B$26="Ja",'Finansieringsgrunnlag MSCA'!F6,"") | H28: =IF(Registrering!$B$26="Ja",'Finansieringsgrunnlag MSCA'!G6,"") | I28: =IF(Registrering!$B$26="Ja",'Finansieringsgrunnlag MSCA'!H6,"") | J28: =IF(Registrering!$B$26="Ja",'Finansieringsgrunnlag MSCA'!I6,"") | K28: =SUM(C28:J28) -> 0
B29: - Employer's national insurance contribution | C29: =C28-(C28/(1+Tabeller!$H$26)) -> #VALUE! | D29: =D28-(D28/(1+Tabeller!$H$26)) -> #VALUE! | E29: =E28-(E28/(1+Tabeller!$H$26)) -> #VALUE! | F29: =F28-(F28/(1+Tabeller!$H$26)) -> #VALUE! | G29: =G28-(G28/(1+Tabeller!$H$26)) -> #VALUE! | H29: =H28-(H28/(1+Tabeller!$H$26)) -> #VALUE! | I29: =I28-(I28/(1+Tabeller!$H$26)) -> #VALUE! | J29: =J28-(J28/(1+Tabeller!$H$26)) -> #VALUE! | K29: =SUM(C29:J29) -> #VALUE!
B31: Researcher's gross (Family allowance and Holiday pay) | C31: =SUM(C32:C33) -> #VALUE! | D31: =SUM(D32:D33) -> #VALUE! | E31: =SUM(E32:E33) -> #VALUE! | F31: =SUM(F32:F33) -> #VALUE! | G31: =SUM(G32:G33) -> #VALUE! | H31: =SUM(H32:H33) -> #VALUE! | I31: =SUM(I32:I33) -> #VALUE! | J31: =SUM(J32:J33) -> #VALUE! | K31: =SUM(K32:K33) -> #VALUE!
B32: - Holiday pay | C32: =(C28-C29)-((C28-C29)/(1+Tabeller!$H$24)) -> #VALUE! | D32: =(D28-D29)-((D28-D29)/(1+Tabeller!$H$24)) -> #VALUE! | E32: =(E28-E29)-((E28-E29)/(1+Tabeller!$H$24)) -> #VALUE! | F32: =(F28-F29)-((F28-F29)/(1+Tabeller!$H$24)) -> #VALUE! | G32: =(G28-G29)-((G28-G29)/(1+Tabeller!$H$24)) -> #VALUE! | H32: =(H28-H29)-((H28-H29)/(1+Tabeller!$H$24)) -> #VALUE! | I32: =(I28-I29)-((I28-I29)/(1+Tabeller!$H$24)) -> #VALUE! | J32: =(J28-J29)-((J28-J29)/(1+Tabeller!$H$24)) -> #VALUE! | K32: =SUM(C32:J32) -> #VALUE!
B33: - Family allowance | C33: =C28-C29-C32 -> #VALUE! | D33: =D28-D29-D32 -> #VALUE! | E33: =E28-E29-E32 -> #VALUE! | F33: =F28-F29-F32 -> #VALUE! | G33: =G28-G29-G32 -> #VALUE! | H33: =H28-H29-H32 -> #VALUE! | I33: =I28-I29-I32 -> #VALUE! | J33: =J28-J29-J32 -> #VALUE! | K33: =SUM(C33:J33) -> #VALUE!
B35: Explanation of terms above:
B37: According to the Horizon 2020 Work Programme, MSCA fellows are entitled to the living allowance, mobility allowance and, if applicable, family allowance.
B38: However, keep in mind that the amounts referred in the Work Programme is only reference rates, meaning it is subject to:
B39: 1) The Country Correction Coefficient (CCC) – a multiplier which is applied to the Living allowance reference rate in order to account for relative prices in the country where
B40: you are going to conduct your research.
B41: 2) Compulsory deductions as defined by national legislation of your employer's country. These may include social security contributions (of both employer and employee), taxes, etc.
B43: Please note that all allowances are gross amounts, subject to applicable deductions and taxation
B45: Employer's national insurance contributions are taxes which employers must pay for their employees as part of the financing of the National Insurance scheme.
B46: Employer's national insurance contributions are regionally differentiated.
B48: Holiday pay is calculated as 12% of the accrual basis. The accrual basis includes all the amounts that have been disbursed to you as work remuneration (e.g. salary,
B49: sickness benefits) in the earning year.
B51: The pension scheme for UiO employees is administered by the Norwegian Public Pension Fund (SPK) and the Norwegian Labour and Welfare Administration (NAV).
B52: Employees pay 2 % of their gross salary to SPK and 7,8 % to NAV. UiO contributes about 12 % of the gross salary to SPK and employer fee to NAV.

Sheet Finansieringsgrunnlag MSCA
A1: HORIZON 2020 - MSCA WORK PROGRAMME 2018-2020
A2: Marie Sklodowska-Curie Actions
B3: =Budsjett!D3 -> 2024 | C3: =Budsjett!E3 -> 2025 | D3: =Budsjett!F3 -> 2026 | E3: =Budsjett!G3 -> 2027 | F3: =Budsjett!H3 -> 2028 | G3: 2023 | H3: 2024 | I3: 2025 | Q3: % andel
B4: =Budsjett!D4 -> 0 | C4: =Budsjett!E4 -> 0 | D4: =Budsjett!F4 -> 0 | E4: =Budsjett!G4 -> 0 | F4: =Budsjett!H4 -> 0 | G4: =Budsjett!I4 -> 0 | H4: =Budsjett!J4 -> 0 | I4: =Budsjett!K4 -> 0 | J4: Total kroner
A5: MSCA - Researcher unit cost - Living and mobility allowance (person/year) (nok) | B5: =IFERROR(IF(Registrering!$B$25='Finansieringsgrunnlag MSCA'!$A$19,'Finansieringsgrunnlag MSCA'!$M$19,0)+IF(Registrering!$B$25='Finansieringsgrunnlag MSCA'!$A$20,'Finansieringsgrunnlag MSCA'!$M$20,0),"")*B4 -> 0 | C5: =IFERROR(IF(Registrering!$B$25='Finansieringsgrunnlag MSCA'!$A$19,'Finansieringsgrunnlag MSCA'!$M$19,0)+IF(Registrering!$B$25='Finansieringsgrunnlag MSCA'!$A$20,'Finansieringsgrunnlag MSCA'!$M$20,0),"")*C4 -> 0 | D5: =IFERROR(IF(Registrering!$B$25='Finansieringsgrunnlag MSCA'!$A$19,'Finansieringsgrunnlag MSCA'!$M$19,0)+IF(Registrering!$B$25='Finansieringsgrunnlag MSCA'!$A$20,'Finansieringsgrunnlag MSCA'!$M$20,0),"")*D4 -> 0 | E5: =IFERROR(IF(Registrering!$B$25='Finansieringsgrunnlag MSCA'!$A$19,'Finansieringsgrunnlag MSCA'!$M$19,0)+IF(Registrering!$B$25='Finansieringsgrunnlag MSCA'!$A$20,'Finansieringsgrunnlag MSCA'!$M$20,0),"")*E4 -> 0 | F5: =IFERROR(IF(Registrering!$B$25='Finansieringsgrunnlag MSCA'!$A$19,'Finansieringsgrunnlag MSCA'!$M$19,0)+IF(Registrering!$B$25='Finansieringsgrunnlag MSCA'!$A$20,'Finansieringsgrunnlag MSCA'!$M$20,0),"")*F4 -> 0 | G5: =IFERROR(IF(Registrering!$B$25='Finansieringsgrunnlag MSCA'!$A$19,'Finansieringsgrunnlag MSCA'!$M$19,0)+IF(Registrering!$B$25='Finansieringsgrunnlag MSCA'!$A$20,'Finansieringsgrunnlag MSCA'!$M$20,0),"")*G4 -> 0 | H5: =IFERROR(IF(Registrering!$B$25='Finansieringsgrunnlag MSCA'!$A$19,'Finansieringsgrunnlag MSCA'!$M$19,0)+IF(Registrering!$B$25='Finansieringsgrunnlag MSCA'!$A$20,'Finansieringsgrunnlag MSCA'!$M$20,0),"")*H4 -> 0 | I5: =IFERROR(IF(Registrering!$B$25='Finansieringsgrunnlag MSCA'!$A$19,'Finansieringsgrunnlag MSCA'!$M$19,0)+IF(Registrering!$B$25='Finansieringsgrunnlag MSCA'!$A$20,'Finansieringsgrunnlag MSCA'!$M$20,0),"")*I4 -> 0 | J5: =SUM(B5:I5) -> 0
A6: MSCA - Family Allowance (Person/year) (nok) | B6: =IF(Registrering!$B$26="Ja",$G$19*B$4,0) -> 0 | C6: =IF(Registrering!$B$26="Ja",$G$19*C$4,0) -> 0 | D6: =IF(Registrering!$B$26="Ja",$G$19*D$4,0) -> 0 | E6: =IF(Registrering!$B$26="Ja",$G$19*E$4,0) -> 0 | F6: =IF(Registrering!$B$26="Ja",$G$19*F$4,0) -> 0 | G6: =IF(Registrering!$B$26="Ja",$G$19*G$4,0) -> 0 | H6: =IF(Registrering!$B$26="Ja",$G$19*H$4,0) -> 0 | I6: =IF(Registrering!$B$26="Ja",$G$19*I$4,0) -> 0 | J6: =SUM(B6:I6) -> 0
A7: MSCA - Institutional unit cost - Research, training and networking cost (person/year) (nok) | B7: =IFERROR(IF(Registrering!$B$25='Finansieringsgrunnlag MSCA'!$A$19,'Finansieringsgrunnlag MSCA'!$I$19,0)+IF(Registrering!$B$25='Finansieringsgrunnlag MSCA'!$A$20,'Finansieringsgrunnlag MSCA'!$I$20,0),"")*B4 -> 0 | C7: =IFERROR(IF(Registrering!$B$25='Finansieringsgrunnlag MSCA'!$A$19,'Finansieringsgrunnlag MSCA'!$I$19,0)+IF(Registrering!$B$25='Finansieringsgrunnlag MSCA'!$A$20,'Finansieringsgrunnlag MSCA'!$I$20,0),"")*C4 -> 0 | D7: =IFERROR(IF(Registrering!$B$25='Finansieringsgrunnlag MSCA'!$A$19,'Finansieringsgrunnlag MSCA'!$I$19,0)+IF(Registrering!$B$25='Finansieringsgrunnlag MSCA'!$A$20,'Finansieringsgrunnlag MSCA'!$I$20,0),"")*D4 -> 0 | E7: =IFERROR(IF(Registrering!$B$25='Finansieringsgrunnlag MSCA'!$A$19,'Finansieringsgrunnlag MSCA'!$I$19,0)+IF(Registrering!$B$25='Finansieringsgrunnlag MSCA'!$A$20,'Finansieringsgrunnlag MSCA'!$I$20,0),"")*E4 -> 0 | F7: =IFERROR(IF(Registrering!$B$25='Finansieringsgrunnlag MSCA'!$A$19,'Finansieringsgrunnlag MSCA'!$I$19,0)+IF(Registrering!$B$25='Finansieringsgrunnlag MSCA'!$A$20,'Finansieringsgrunnlag MSCA'!$I$20,0),"")*F4 -> 0 | G7: =IFERROR(IF(Registrering!$B$25='Finansieringsgrunnlag MSCA'!$A$19,'Finansieringsgrunnlag MSCA'!$I$19,0)+IF(Registrering!$B$25='Finansieringsgrunnlag MSCA'!$A$20,'Finansieringsgrunnlag MSCA'!$I$20,0),"")*G4 -> 0 | H7: =IFERROR(IF(Registrering!$B$25='Finansieringsgrunnlag MSCA'!$A$19,'Finansieringsgrunnlag MSCA'!$I$19,0)+IF(Registrering!$B$25='Finansieringsgrunnlag MSCA'!$A$20,'Finansieringsgrunnlag MSCA'!$I$20,0),"")*H4 -> 0 | I7: =IFERROR(IF(Registrering!$B$25='Finansieringsgrunnlag MSCA'!$A$19,'Finansieringsgrunnlag MSCA'!$I$19,0)+IF(Registrering!$B$25='Finansieringsgrunnlag MSCA'!$A$20,'Finansieringsgrunnlag MSCA'!$I$20,0),"")*I4 -> 0 | J7: =SUM(B7:I7) -> 0
A8: MSCA - Institutional unit cost - Management and indirect cost (person/year) (nok) | B8: =IFERROR(IF(Registrering!$B$25='Finansieringsgrunnlag MSCA'!$A$19,'Finansieringsgrunnlag MSCA'!$K$19,0)+IF(Registrering!$B$25='Finansieringsgrunnlag MSCA'!$A$20,'Finansieringsgrunnlag MSCA'!$K$20,0),"")*B4 -> 0 | C8: =IFERROR(IF(Registrering!$B$25='Finansieringsgrunnlag MSCA'!$A$19,'Finansieringsgrunnlag MSCA'!$K$19,0)+IF(Registrering!$B$25='Finansieringsgrunnlag MSCA'!$A$20,'Finansieringsgrunnlag MSCA'!$K$20,0),"")*C4 -> 0 | D8: =IFERROR(IF(Registrering!$B$25='Finansieringsgrunnlag MSCA'!$A$19,'Finansieringsgrunnlag MSCA'!$K$19,0)+IF(Registrering!$B$25='Finansieringsgrunnlag MSCA'!$A$20,'Finansieringsgrunnlag MSCA'!$K$20,0),"")*D4 -> 0 | E8: =IFERROR(IF(Registrering!$B$25='Finansieringsgrunnlag MSCA'!$A$19,'Finansieringsgrunnlag MSCA'!$K$19,0)+IF(Registrering!$B$25='Finansieringsgrunnlag MSCA'!$A$20,'Finansieringsgrunnlag MSCA'!$K$20,0),"")*E4 -> 0 | F8: =IFERROR(IF(Registrering!$B$25='Finansieringsgrunnlag MSCA'!$A$19,'Finansieringsgrunnlag MSCA'!$K$19,0)+IF(Registrering!$B$25='Finansieringsgrunnlag MSCA'!$A$20,'Finansieringsgrunnlag MSCA'!$K$20,0),"")*F4 -> 0 | G8: =IFERROR(IF(Registrering!$B$25='Finansieringsgrunnlag MSCA'!$A$19,'Finansieringsgrunnlag MSCA'!$K$19,0)+IF(Registrering!$B$25='Finansieringsgrunnlag MSCA'!$A$20,'Finansieringsgrunnlag MSCA'!$K$20,0),"")*G4 -> 0 | H8: =IFERROR(IF(Registrering!$B$25='Finansieringsgrunnlag MSCA'!$A$19,'Finansieringsgrunnlag MSCA'!$K$19,0)+IF(Registrering!$B$25='Finansieringsgrunnlag MSCA'!$A$20,'Finansieringsgrunnlag MSCA'!$K$20,0),"")*H4 -> 0 | I8: =IFERROR(IF(Registrering!$B$25='Finansieringsgrunnlag MSCA'!$A$19,'Finansieringsgrunnlag MSCA'!$K$19,0)+IF(Registrering!$B$25='Finansieringsgrunnlag MSCA'!$A$20,'Finansieringsgrunnlag MSCA'!$K$20,0),"")*I4 -> 0 | J8: =SUM(B8:I8) -> 0
A9: MSCA - Total EU Contribution based on Unit Cost (Person/Year) | B9: =SUM(B5:B8) -> 0 | C9: =SUM(C5:C8) -> 0 | D9: =SUM(D5:D8) -> 0 | E9: =SUM(E5:E8) -> 0 | F9: =SUM(F5:F8) -> 0 | G9: =SUM(G5:G8) -> 0 | H9: =SUM(H5:H8) -> 0 | I9: =SUM(I5:I8) -> 0 | J9: =SUM(J5:J8) -> 0
A13: Valutakurs dato (hentes fra Registreringarkfanen, celle B23) | B13: € 1 = NOK | C13: =Registrering!B23 -> 10.25 | F13: http://www.ecb.int/stats/exchange/eurofxref/html/index.en.html
A16: Marie Sklodowska-Curie Actions | B16: Researcher unit cost** Person/Year | H16: Institutional unit cost** Person/Year | L16: MSCA - Total unit cost** Person/Year
B17: Living allowance * | D17: Mobility allowance | F17: Family allowance | H17: Research, training and networking costs | J17: Management and indirect costs | L17: Researcher unit cost** Person/Year
B18: EUR | C18: NOK | D18: EUR | E18: NOK | F18: EUR | G18: NOK | H18: EUR | I18: NOK | J18: EUR | K18: NOK | L18: EUR | M18: NOK | N18: EUR | O18: NOK
A19: Innovative Training Networks | B19: =B34*12 -> 51247.44 | C19: =C34*12 -> 525286.26 | D19: =D34*12 -> 7200 | E19: =E34*12 -> 73800 | F19: =F34*12 -> 6000 | G19: =G34*12 -> 61500 | H19: =H34*12 -> 21600 | I19: =I34*12 -> 221400 | ... K19: =K34*12 -> 147600 | L19: =B19+D19 -> 58447.44 | M19: =C19+E19 -> 599086.26
A20: Individual Fellowships | B20: =B35*12 -> 76479.36 | C20: =C35*12 -> 783913.44 | D20: =D35*12 -> 7200 | E20: =E35*12 -> 73800 | F20: =F35*12 -> 6000 | G20: =G35*12 -> 61500 | H20: =H35*12 -> 9600 | I20: =I35*12 -> 98400 | ... K20: =K35*12 -> 79950 | L20: =B20+D20 -> 83679.36 | M20: =C20+E20 -> 857713.44
A22: * A country correction coefficient applies to the Living Allowance. (Table 4 of WP 2014-15)
A23: Country Correction Coefficient for Norway | B23: 1.306
A24: ** These unit costs will be subject to a funding rate of 100 %.
A27: Structure of the European Union contribution (For COFUND, CIG and IRSES, financial details are given in the original table 3 from WP 2014-15)
A29: The EU contribution under the Marie Sklodowska-Curie actions is based on unit costs expressed in person-months. They have been established in line with the methodology set up by the Commission Decision no C(2013) 8194 and are indicated in EUR as well as NOK in the table below.
A31: Marie Sklodowska-Curie Actions | B31: Researcher unit cost** Person/Month | H31: Institutional unit cost** Person/Month
B32: Living allowance * | D32: Mobility allowance | F32: Family allowance | H32: Research, training and networking costs | J32: Management and indirect costs
B33: EUR | C33: NOK | D33: EUR | E33: NOK | F33: EUR | G33: NOK | H33: EUR | I33: NOK | J33: EUR | K33: NOK
A34: Innovative Training Networks | B34: =3270*B23 -> 4270.62 | C34: =B34*C13 -> 43773.855 | D34: 600 | E34: =D34*C13 -> 6150 | F34: 500 | G34: =F34*C13 -> 5125 | H34: 1800 | I34: =H34*C13 -> 18450 | J34: 1200 | K34: =J34*C13 -> 12300
A35: Individual Fellowships | B35: =4880*B23 -> 6373.28 | C35: =B35*C13 -> 65326.12 | D35: 600 | E35: =D35*C13 -> 6150 | F35: 500 | G35: =F35*C13 -> 5125 | H35: 800 | I35: =H35*C13 -> 8200 | J35: 650 | K35: =J35*C13 -> 6662.5

Sheet Tabeller
A1: Lønnstrinn | G1: TDI | AG1: Grunnlagstabell for registrering av prosjektkategori
A2: Tabell mai 2023 | C2: C-tabellen | D2: 37,5 t.
A3: LTR | B3: Brutto | G3: Arbeidstimer pr. år | H3: 1628 | I3: Produktive timer
A4: Ltr. | B4: Årslønn | C4: Ltr. | D4: Timelønn
A5: 1 | B5: 0 | C5: 1 | D5: 0 | H5: Vit.ansatt | I5: Adm. Ansatt | J5: =Budsjett!D3 -> 2024 | K5: =Budsjett!E3 -> 2025 | L5: =Budsjett!F3 -> 2026 | M5: =Budsjett!G3 -> 2027 | N5: =Budsjett!H3 -> 2028 | O5: =Budsjett!I3 -> 2029 | P5: =Budsjett!J3 -> 2030 | Q5: =Budsjett!K3 -> 2031
A6: 2 | B6: 0 | C6: 2 | D6: 0 | G6: Prosjekter som foregår i UiOs lokaler | H6: 465000 | I6: 142000 | AG6: Bevilgning | AH6: 000000 - 000000 Basis
A7: 3 | B7: 0 | C7: 3 | D7: 0 | G7: Prosjekter som ikke foregår i UiOs lokaler | H7: 465000 | I7: 142000 | AH7: 000001 - 099998 Interne prosjekter
A8: 4 | B8: 0 | C8: 4 | D8: 0 | G8: Vitenskapelig ansatt UiO lokale | J8: 465000 | K8: =$J8*J$33 -> 481275 | L8: =$J8*K$33 -> 498119.62 | M8: =$J8*L$33 -> 515553.81 | N8: =$J8*M$33 -> 533598.2 | O8: =$J8*N$33 -> 552274.13 | P8: =$J8*O$33 -> 571603.73 | Q8: =$J8*P$33 -> 591609.86 | AH8: 900000 - 999998 Interne prosjekter
A9: 5 | B9: 0 | C9: 5 | D9: 0 | G9: Teknisk/adm. Ansatt i Uio lokale | J9: 142000 | K9: =$J9*J$33 -> 146970 | L9: =$J9*K$33 -> 152113.95 | M9: =$J9*L$33 -> 157437.94 | N9: =$J9*M$33 -> 162948.27 | O9: =$J9*N$33 -> 168651.46 | P9: =$J9*O$33 -> 174554.26 | Q9: =$J9*P$33 -> 180663.66 | AG9: Bidrag | AH9: 120000 - 139998 NFR- individuelle stipendiater
A10: 6 | B10: 0 | C10: 6 | D10: 0 | G10: Vitenskapelig ansatt ikke i UiO lokale | J10: 465000 | K10: =$J10*J$33 -> 481275 | L10: =$J10*K$33 -> 498119.62 | M10: =$J10*L$33 -> 515553.81 | N10: =$J10*M$33 -> 533598.2 | O10: =$J10*N$33 -> 552274.13 | P10: =$J10*O$33 -> 571603.73 | Q10: =$J10*P$33 -> 591609.86 | AH10: 140000 - 169998 NFR- program (kontrakter og bevilgningsbrev)
A11: 7 | B11: 0 | C11: 7 | D11: 0 | G11: Teknisk/adm. Ansatt ikke i Uio lokale | J11: 142000 | K11: =$J11*J$33 -> 146970 | L11: =$J11*K$33 -> 152113.95 | M11: =$J11*L$33 -> 157437.94 | N11: =$J11*M$33 -> 162948.27 | O11: =$J11*N$33 -> 168651.46 | P11: =$J11*O$33 -> 174554.26 | Q11: =$J11*P$33 -> 180663.66 | AH11: 180000 - 189998 NFR- Forny
A12: 8 | B12: 0 | C12: 8 | D12: 0 | AH12: 190000 - 190098 NFR- stimuleringsmidler
A13: 9 | B13: 0 | C13: 9 | D13: 0 | G13: Valgt TDI | I13: Vit.ansatte | J13: =IF(Registrering!$B$29="",0,IF(Registrering!$B$29=Tabeller!$G$6,Tabeller!J8,Tabeller!J10)) -> 465000 | K13: =IF(Registrering!$B$29="",0,IF(Registrering!$B$29=Tabeller!$G$6,Tabeller!K8,Tabeller!K10)) -> 481275 | L13: =IF(Registrering!$B$29="",0,IF(Registrering!$B$29=Tabeller!$G$6,Tabeller!L8,Tabeller!L10)) -> 498119.62 | M13: =IF(Registrering!$B$29="",0,IF(Registrering!$B$29=Tabeller!$G$6,Tabeller!M8,Tabeller!M10)) -> 515553.81 | N13: =IF(Registrering!$B$29="",0,IF(Registrering!$B$29=Tabeller!$G$6,Tabeller!N8,Tabeller!N10)) -> 533598.2 | AH13: 190500 - 190698 NFR midler mottatt via statlige aktører
A14: 10 | B14: 0 | C14: 10 | D14: 0 | I14: Adm/teknisk | J14: =IF(Registrering!$B$29="",0,IF(Registrering!$B$29=Tabeller!$G$6,Tabeller!J9,Tabeller!J11)) -> 142000 | K14: =IF(Registrering!$B$29="",0,IF(Registrering!$B$29=Tabeller!$G$6,Tabeller!K9,Tabeller!K11)) -> 146970 | L14: =IF(Registrering!$B$29="",0,IF(Registrering!$B$29=Tabeller!$G$6,Tabeller!L9,Tabeller!L11)) -> 152113.95 | M14: =IF(Registrering!$B$29="",0,IF(Registrering!$B$29=Tabeller!$G$6,Tabeller!M9,Tabeller!M11)) -> 157437.94 | N14: =IF(Registrering!$B$29="",0,IF(Registrering!$B$29=Tabeller!$G$6,Tabeller!N9,Tabeller!N11)) -> 162948.27 | AH14: 191000 - 191199 RFF-Regionale forskningsfond
A15: 11 | B15: 0 | C15: 11 | D15: 0 | AH15: 200000 - 204698 Bidrag fra andre departementer, direktorater og tilsyn
A16: 12 | B16: 0 | C16: 12 | D16: 0 | G16: Lønnsberegninger | AH16: 205000 - 209698 Bidrag fra Kunnskapsdepartementet
A17: 13 | B17: 0 | C17: 13 | D17: 0 | AH17: 210000 - 219998 Bidrag fra øvrige statlige virksomheter/forvaltningsorganer /stiftelser/aksjeselskap
A18: 14 | B18: 0 | C18: 14 | D18: 0 | L18: Fra Buddy | AH18: 250000 - 274999 Bidrag fra kommuner og fylkeskommuner
A19: 15 | B19: 0 | C19: 15 | D19: 0 | L19: Fra første budsjettår | M19: Inneværende år | AH19: 275000 - 279998 Bidrag fra regionale forskningsfond
A20: 16 | B20: 0 | C20: 16 | D20: 0 | G20: ansatte under 60 år | H20: Ltr | I20: ART | J20: Multiplikator | K20: TOTALT | L20: Multiplikator | AH20: 420000 - 429998 Bidrag fra nærlingsliv og privatpersoner
A21: 17 | B21: 0 | C21: 17 | D21: 0 | G21: NN | H21: 45 | K21: 409100 | AH21: 460000 - 479998 Bidrag fra norske fond, legater, organisasjoner og stiftelser
A22: 18 | B22: 0 | C22: 18 | D22: 0 | AH22: 610000 - 629998 Bidrag fra utland- Nordisk ministerråd
A23: 19 | B23: 350800 | C23: 19 | D23: 151.74359 | G23: Fast lønn | H23: 0 | I23: faktor | J23: 0 | K23: 369401.92 | L23: 0.90296241 | M23: 0.89896678 | AH23: 640000 - 649998 EU forskning/ rammeprogrammer (6. rammeprogram) - Utland
A24: 20 | B24: 354300 | C24: 20 | D24: 153.53846 | G24: Feriepenge avsetning | H24: 0.12 | I24: 0.88 | J24: 0.12 | K24: 44328.231 | L24: 0.10835549 | M24: 0.10787601 | AH24: 650000 - 656998 EU forskning/ rammeprogrammer (7. rammeprogram) - Utland
A25: 21 | B25: 358300 | C25: 21 | D25: 155.4359 | G25: Pensjon | H25: 0.132 | I25: 0.85395745 | J25: 0.14604255 | K25: 53948.4 | L25: 0.13187094 | M25: 0.12286605 | AH25: 657000 - 657998 EU andre tilskudd - Utland
A26: 22 | B26: 361900 | C26: 22 | D26: 157.28205 | G26: AGA ( av Lønn/ Fp og Pensjon ) | H26: 0.141 | I26: 0.821488 | J26: 0.178512 | K26: 65942.676 | L26: 0.16118963 | M26: 0.15928895 | AH26: 690000 - 694998 Bidrag fra utlandet - andre
A27: 23 | B27: 365800 | C27: 23 | D27: 159.23077 | I27: Sum | J27: 0.44455455 | K27: 533621.23 | AH27: 710000 - 710999 Gaver som kan gir rett til gaveforsterkning
A28: 24 | B28: 369800 | C28: 24 | D28: 161.23077 | AH28: 711000 - 719999 Gaver fra kreftforeningen som gir gaveforsterkning
A29: 25 | B29: 374000 | C29: 25 | D29: 163.33333 | AH29: 720000 - 729999 Andre gaver
A30: 26 | B30: 378300 | C30: 26 | D30: 165.4359 | H30: Antatt lønnsjustering: | I30: 2013 | J30: 0.049 | K30: 2014 | L30: 0.035 | M30: Fremover | N30: 1.035 | O30: 2015-2018 | P30: 0 | AG30: Oppdrag | AH30: 179700 - 179998 Oppdrag fra NFR
A31: 27 | B31: 382300 | C31: 27 | D31: 167.4359 | AH31: 204700 - 204998 Oppdrag fra andre departementer, direktorater og tilsyn
A32: 28 | B32: 386300 | C32: 28 | D32: 169.4359 | I32: =J5 -> 2024 | J32: =K5 -> 2025 | K32: =L5 -> 2026 | L32: =M5 -> 2027 | M32: =N5 -> 2028 | N32: =O5 -> 2029 | O32: =P5 -> 2030 | P32: =Q5 -> 2031 | AH32: 209700 - 209998 Oppdrag fra Kunnskapsdepartementet
A33: 29 | B33: 390100 | C33: 29 | D33: 171.33333 | G33: Lønnsjustering | I33: =IF(Registrering!$B$32="Ja",Tabeller!I35*Tabeller!I34,Tabeller!I35) -> 1.049 | J33: =IF(Registrering!$B$32="Ja",J34,I35) -> 1.035 | K33: =IF(Registrering!$B$32="Ja",J33*$N30,J33) -> 1.071225 | L33: =IF(Registrering!$B$32="Ja",K33*$N30,K33) -> 1.1087179 | M33: =IF(Registrering!$B$32="Ja",L33*$N30,L33) -> 1.147523 | N33: =IF(Registrering!$B$32="Ja",M33*$N30,M33) -> 1.1876863 | O33: =IF(Registrering!$B$32="Ja",N33*$N30,N33) -> 1.2292553 | P33: =IF(Registrering!$B$32="Ja",O33*$N30,O33) -> 1.2722793 | AH33: 220000 - 229998 Oppdrag fra øvrige statlige virksomheter/forvaltningsorganer /stiftelser/aksjeselskap
A34: 30 | B34: 394100 | C34: 30 | D34: 173.33333 | I34: =1*Registrering!$C$32+1 -> 1.049 | J34: =1*Registrering!$D$32+1 -> 1.035 | AH34: 280000 - 294999 Oppdrag fra kommuner og fylkeskommuner
A35: 31 | B35: 397700 | C35: 31 | D35: 175.17949 | I35: 1 | AH35: 295000 - 299998 Oppdrag fra regionale forskningsfond
A36: 32 | B36: 401900 | C36: 32 | D36: 177.23077 | AH36: 430000 - 449998 Oppdrag fra nærlingsliv og privatpersoner
A37: 33 | B37: 405800 | C37: 33 | D37: 179.17949 | AH37: 480000 - 499998 Oppdrag fra norske fond, legater, organisasjoner og stiftelser
A38: 34 | B38: 410000 | C38: 34 | D38: 181.28205 | AH38: 695000 - 699998 Oppdrag fra utlandet - andre
A39: 35 | B39: 414200 | C39: 35 | D39: 183.38462
A40: 36 | B40: 418500 | C40: 36 | D40: 185.53846
A41: 37 | B41: 423300 | C41: 37 | D41: 187.89744
A42: 38 | B42: 428100 | C42: 38 | D42: 190.30769 | G42: Egenandel
A43: 39 | B43: 432800 | C43: 39 | D43: 192.66667 | G43: NFR | I43: International fellowships, with family
A44: 40 | B44: 437900 | C44: 40 | D44: 195.23077 | G44: Private | I44: Innovative training networks, with family
A45: 41 | B45: 443000 | C45: 41 | D45: 197.79487 | G45: Internasjonale | I45: International fellowships | M45: ='Finansieringsgrunnlag MSCA'!A19 -> Innovative Training Networks
A46: 42 | B46: 448900 | C46: 42 | D46: 200.71795 | G46: Offentlige | I46: Innovative training networks | M46: ='Finansieringsgrunnlag MSCA'!A20 -> Individual Fellowships
A47: 43 | B47: 454500 | C47: 43 | D47: 203.48718 | M47: Ja
A48: 44 | B48: 460600 | C48: 44 | D48: 206.5641 | M48: Nei
A49: 45 | B49: 466600 | C49: 45 | D49: 209.58974
A50: 46 | B50: 472900 | C50: 46 | D50: 212.66667
A51: 47 | B51: 480900 | C51: 47 | D51: 216.05128
A52: 48 | B52: 487800 | C52: 48 | D52: 219.53846
A53: 49 | B53: 495200 | C53: 49 | D53: 223.12821
A54: 50 | B54: 502300 | C54: 50 | D54: 226.66667
A55: 51 | B55: 509300 | C55: 51 | D55: 230.25641
A56: 52 | B56: 516800 | C56: 52 | D56: 234.10256
A57: 53 | B57: 524700 | C57: 53 | D57: 238.15385
A58: 54 | B58: 532200 | C58: 54 | D58: 242
A59: 55 | B59: 540500 | C59: 55 | D59: 246.25641
A60: 56 | B60: 548600 | C60: 56 | D60: 250.30769
... A105: 101 | B105: 1380100 | C105: 101 | D105: 661.33333
A106: 102 | B106: 0

Sheet Endringslogg
A2: Oversikt over endringer som er foretatt i budsjetteringsmalen (gjeldende fra 20/10/2014):
A4: Dato | B4: Beskrivelse av endring | C4: Utført av
A5: 41932 | B5: Kommentarfeltene under drift på budsjettarkfanen er Wrap'et slik at lengre tekst legges seg på flere linjer. | C5: Terje
A6: 41968 | B6: Arkfanen "intern oversikt" er endret slik at den er i tråd med ny prosjektlederrapport, dvs skille på eksterne inntekter og tilhørende eksternt finansierte kostnader og intern finansiering av ressurser | C6: terje
A7: 41989 | B7: Lagt inn ekstra rad med årlige totale kostnader, og prosjektets totale ramme. | C7: terje
A8: 42026 | B8: Sats per årsverk på finansieringsarkfanen (NFR) er tilrettelagt for rundsummer på samtlige vitenskapelige stillingskategorier, dette i tråd med NFR sine endrede finansieringsregler knyttet til arbeidsinnsats. I tillegg er satsene for ulike typer utenlandsstipend oppdatert med nye satser, samt at malen er tilrettelagt for 2015 som første år i budsjetteringsperioden. | C8: terje
A9: 42044 | B9: NFR- arfanen - oversikten over ressurser finansiert av NFR viste total eksterne inntekter - denne er nå korrigert til kun å gjelde bevilgningen fra NFR. | C9: terje
A10: 42044 | B10: Malen er tilrettelagt med 2015 som første år | C10: terje
A11: 42053 | B11: Lønnsmultiplikatoren er oppdatert med lønnsvekst for 2015, samt pensjonssatser | C11: terje
A12: 42080 | B12: Arkfane "Finansiering", "sats per årsverk (NFR-satser)" er tilrettelagt med mulighet for å søke finansiering for direkte lønnskostnader med et visst påslag for overhead på vitenskapelige stillinger, feks 25 % som NFR opererte med frem til utgangen av 2014. Stillingskategorien "diverse vitenskapelig ansatte" må benyttes til dette formål. | C12: terje
A13: 42080 | B13: Fordeling av leiestedskostnadene på ulike finansiører skjer med bakgrunn i de valgene som gjøres arkfanen "Leiested", feks vil KUN leiestedskostnader finansiert av NFR vises under ressursallokering på NFR-budsjettet. | C13: terje
A14: 42101 | B14: Korrigering av overheadberegning: Ved å velge stillingskategori "Teknisk adm bistand" så ble satsen for vitenskapelige stillinger valgt (379 for 2014). Formlene er nå korrigert slik at riktige satses hentes. | C14: terje
A15: 42111 | B15: Malen er oppdatert med nye TDI-satser som et glidende gjennomsnitt av regnskapstall for hhv 2012, 2013 og 2014. | C15: Terje
A16: 42135 | B16: Malen er oppdatert med nye lønnstabeller som er gjeldende fra 1. mai. 2015. | C16: Terje
... A20: 42195 | B20: tabeller er oppdatert med ny lønnmultiplikator pga nye pensjonssatser for 2016 | C20: terje

Sheet Finansiering
A1: Satser for finansiering
A2: Prosjekt: | B2: =IF(#REF!="","",#REF!) -> #REF!
A3: Valgt metode: | B3: =#REF! -> #REF!
A5: Sats pr årsverk
A6: Inntekt fra bidragsyter | B6: Type | C6: 2015 | D6: =C6+1 -> 2016 | E6: =D6+1 -> 2017 | F6: =E6+1 -> 2018 | G6: =F6+1 -> 2019 | H6: =G6+1 -> 2020 | I6: =H6+1 -> 2021 | J6: =I6+1 -> 2022 | K6: =J6+1 -> 2023 | L6: =K6+1 -> 2024
A7: Prosjektleder/adm.leder | B7: Rundsum | C7: 970000 | D7: 1004000 | E7: 1039000 | F7: 1070000 | G7: 1102000 | H7: =G7*1.03 -> 1135060 | I7: =H7*1.03 -> 1169111.8 | J7: =I7*1.03 -> 1204185.2 | K7: =J7*1.03 -> 1240310.7 | L7: =K7*1.03 -> 1277520
A8: Forsker - professor | B8: Rundsum | C8: 970000 | D8: 1004000 | E8: 1039000 | F8: 1070000 | G8: 1102000 | H8: =G8*1.03 -> 1135060 | I8: =H8*1.03 -> 1169111.8 | J8: =I8*1.03 -> 1204185.2 | K8: =J8*1.03 -> 1240310.7 | L8: =K8*1.03 -> 1277520
A9: Forsker - 1.aman. | B9: Rundsum | C9: 970000 | D9: 1004000 | E9: 1039000 | F9: 1070000 | G9: 1102000 | H9: =G9*1.03 -> 1135060 | I9: =H9*1.03 -> 1169111.8 | J9: =I9*1.03 -> 1204185.2 | K9: =J9*1.03 -> 1240310.7 | L9: =K9*1.03 -> 1277520
A10: Forsker (rundsum) | B10: Rundsum | C10: 970000 | D10: 1004000 | E10: 1039000 | F10: 1070000 | G10: 1102000 | H10: =G10*1.03 -> 1135060 | I10: =H10*1.03 -> 1169111.8 | J10: =I10*1.03 -> 1204185.2 | K10: =J10*1.03 -> 1240310.7 | L10: =K10*1.03 -> 1277520
A11: Gjesteforsker | B11: Rundsum | C11: 970000 | D11: 1004000 | E11: 1039000 | F11: 1070000 | G11: 1102000 | H11: =G11*1.03 -> 1135060 | I11: =H11*1.03 -> 1169111.8 | J11: =I11*1.03 -> 1204185.2 | K11: =J11*1.03 -> 1240310.7 | L11: =K11*1.03 -> 1277520
A12: Postdoktor / Forsker | B12: Rundsum | C12: 970000 | D12: =D10 -> 1004000 | E12: =E10 -> 1039000 | F12: =F10 -> 1070000 | G12: =G10 -> 1102000 | H12: =H10 -> 1135060 | I12: =I10 -> 1169111.8 | J12: =J10 -> 1204185.2 | K12: =K10 -> 1240310.7 | L12: =L10 -> 1277520
A13: Stipendiat | B13: Rundsum | C13: 970000 | D13: =D12 -> 1004000 | E13: =E12 -> 1039000 | F13: =F12 -> 1070000 | G13: =G12 -> 1102000 | H13: =H12 -> 1135060 | I13: =I12 -> 1169111.8 | J13: =J12 -> 1204185.2 | K13: =K12 -> 1240310.7 | L13: =L12 -> 1277520
A14: Feltassistent | B14: Rundsum | C14: 970000 | D14: 1004000 | E14: 1039000 | F14: 1070000 | G14: 1102000 | H14: =G14*1.03 -> 1135060 | I14: =H14*1.03 -> 1169111.8 | J14: =I14*1.03 -> 1204185.2 | K14: =J14*1.03 -> 1240310.7 | L14: =K14*1.03 -> 1277520
A15: Diverse vitenskapelig ansatte | B15: Faktisk lønn | C15: 0.25
A16: Teknisk adm bistand | B16: Faktisk lønn | C16: 0.25
A17: Studentstipend | B17: Rundsum | C17: 100000
A18: Gjesteforskerstipend 1 | B18: Rundsum | C18: 52000
A19: Gjesteforskerstipend 2-12 | B19: Rundsum | C19: 29000
A20: Utenlandsstipend enslig | B20: Rundsum | C20: 15000
A21: Utenlandsstipend familie | B21: Rundsum | C21: 29000
A22: Timebasert lønn | B22: Kostnadsdekning pluss påslag | C22: 0.25
A23: Om NFRs satser - se nettsiden: | B23: http://www.forskningsradet.no/servlet/Satellite?c=Page&pagename=ForskningsradetNorsk%2FHovedsidemal&cid=1183468209187
A24: Fast eksternt beløp | C24: Legg inntekter inn med minus-fortegn
B25: Navn | C25: =Budsjett!D3 -> 2024 | D25: =Budsjett!E3 -> 2025 | E25: =Budsjett!F3 -> 2026 | F25: =Budsjett!#REF! -> #REF! | G25: =Budsjett!#REF! -> #REF! | H25: =Budsjett!#REF! -> #REF! | I25: =Budsjett!#REF! -> #REF! | J25: =Budsjett!#REF! -> #REF! | K25: =Budsjett!#REF! -> #REF! | L25: =Budsjett!#REF! -> #REF! | M25: Sum | N25: % andel
A26: Internasjonal finansiering | M26: =SUM(C26:L26) -> 0 | N26: =IFERROR(M26/$M$30*100,0) -> 0
A27: Anne offentlig finansiering | M27: =SUM(C27:L27) -> 0 | N27: =IFERROR(M27/$M$30*100,0) -> 0
A28: Annen privat finansiering | M28: =SUM(C28:L28) -> 0 | N28: =IFERROR(M28/$M$30*100,0) -> 0
A29: Fra Norges Forskningsråd | M29: =SUM(C29:L29) -> 0 | N29: =IFERROR(M29/$M$30*100,0) -> 0
A30: SUM eksternt inntekt | C30: =SUM(C26:C29) -> 0 | D30: =SUM(D26:D29) -> 0 | E30: =SUM(E26:E29) -> 0 | F30: =SUM(F26:F29) -> 0 | G30: =SUM(G26:G29) -> 0 | H30: =SUM(H26:H29) -> 0 | I30: =SUM(I26:I29) -> 0 | J30: =SUM(J26:J29) -> 0 | ... L30: =SUM(L26:L29) -> 0 | M30: =SUM(C30:L30) -> 0 | N30: =IFERROR(M30/$M$30*100,0) -> 0

Sheet Sheet1
A1: Valutakurs Euro: | B1: 9
B2: Lønn | C2: Mobilitetsstipend | D2: familietillegg
A3: Beløp pr mnd for lønn: | B3: 6133.35 | C3: 600 | D3: 500 | E3: 7233.35
A4: Koeffisient | B4: 1.319
B6: Forskning/trening og nettverkskostnad | C6: Management and indirecte costs
A7: Beløp pr mnd for andre kostnader: | B7: 800 | C7: 650 | E7: 1450
A8: I norske kroner (tilgjengelig til andre kostnader) | E8: 13050

Sheet Sheet3

Sheet Endringslogg1
A2: Oversikt over endringer som er foretatt i budsjetteringsmalen (gjeldende fra 5/9/2016):
A4: Dato | B4: Beskrivelse av endring | C4: Utført av
A5: 42618 | B5: Alle arkfanene er tilpasset slik at innholdet passer til en utskriftsside. | C5: terje
A6: 42744 | B6: Budsjettarkfanen er oppdatert slik at nettobidrag og reellt nettobidrag fremkommer i celle E51 og E53. | C6: terje
A7: 42744 | B7: Intern oversikt -arkfanen er oppdatert med formler slik at nøkkeltallene Total overheadkostnad, Eksternt finansiert overhead og Egenandelsprosent fremkommer i cellene H36-36. | C7: terje
A8: 43006 | B8: MSCA - Fellow - endret "specification researcher salary and social cost" slik at andelen årsverk tas høyde for. Ikke fulle årsverk uansett input. | C8: terje
A9: 43293 | B9: Malen er oppdatert med nye arkfaner for kandidatene (både norsk og engelsk), lønnstabeller for 2018 og tilhørende lønnsmultiplikatorer, samt Tdi satser for 2018 | C9: terje
